Workbook

Sheet Смета по ТСН-2001
A1: =Source!B1 -> Smeta.RU (495) 974-1589
K2: Форма № 1б
B3: "СОГЛАСОВАНО" | G3: "УТВЕРЖДАЮ"
B6: =CONCATENATE("______________________ ", IF(Source!AL12<>"", Source!AL12, "")) -> ______________________ | G6: =CONCATENATE("______________________ ", IF(Source!AH12<>"", Source!AH12, "")) -> ______________________
B7: "_____"________________ 2018 г. | G7: "_____"________________ 2018 г.
A11: (наименование стройки)
A13: =CONCATENATE( "ЛОКАЛЬНАЯ СМЕТА № ",IF(Source!F20<>"Новая локальная смета", Source!F20, "")) -> ЛОКАЛЬНАЯ СМЕТА № Локальная смета №1
A14: (локальный сметный расчет)
A16: =IF(Source!G20<>"Новая локальная смета", Source!G20, "") -> Смета на общестроительные работы
A18: =IF(Source!G12<>"Новый объект", Source!G12, "") -> Общестроительные работы ДГП №150 ф2
A19: (наименование работ и затрат, наименование объекта)
A21: =CONCATENATE( "Основание: чертежи № ", Source!J20) -> Основание: чертежи №
I22: базовая цена | J22: текущая цена
F23: Сметная стоимость | I23: =SUM(O32:O597)/1000 -> 154.72742 | J23: =(Source!P651/1000) -> 608.22555 | K23: тыс.руб
F24: Строительные работы | I24: =SUM(X32:X597)/1000 -> 83.99537 | J24: =(Source!P641)/1000 -> 303.91164 | K24: тыс.руб
F25: Монтажные работы | I25: =SUM(Y32:Y597)/1000 -> 11.12131 | J25: =(Source!P642)/1000 -> 54.7592 | K25: тыс.руб
F26: Оборудование | I26: =SUM(Z32:Z597)/1000 -> 59.40061 | J26: =(Source!P633)/1000 -> 247.70055 | K26: тыс.руб
F27: Прочие работы | I27: =SUM(AA32:AA597)/1000 -> 0.21013 | J27: =(Source!P643+Source!P644)/1000 -> 1.85416 | K27: тыс.руб
F28: Средства на оплату труда | I28: =SUM(W32:W597)/1000 -> 2.00811 | J28: =((Source!P639 + Source!P638)/1000) -> 40.96531 | K28: тыс.руб
A29: Составлен(а) в уровне текущих (прогнозных) цен ТСН-2001 ремонт №139 апрель 2018 года
A30: №№ п/п | B30: Шифр расценки и коды ресурсов | C30: Наименование работ и затрат | D30: Единица измерения | E30: Кол-во единиц | F30: Цена на ед. изм. руб. | G30: Попра-вочные коэфф. | H30: Коэфф. зимних удоро-жаний | I30: ВСЕГО в базисном уровне цен, руб. | J30: Коэфф. пересчета и нормы НР и СП | K30: Всего в текущем уровне цен, руб.
A31: 1 | B31: 2 | C31: 3 | D31: 4 | E31: 5 | F31: 6 | G31: 7 | H31: 8 | I31: 9 | J31: 10 | K31: 11
A33: =CONCATENATE("Раздел: ",IF(Source!G24<>"Новый раздел", Source!G24, "")) -> Раздел: Наружные работы
A34: =Source!E29 -> 1 | B34: =Source!F29 -> 6.68-51-4 | C34: =Source!G29 -> Разборка покрытий и оснований асфальтобетонных | D34: =Source!H29 -> 100 м3 конструкций | E34: =Source!I29 -> 0.00971 | Q34: =ROUND((Source!DN29/100)*ROUND((Source!AF29*Source!AV29)*Source!I29, 2), 2) -> 13.11 | R34: =Source!X29 -> 227.36 | S34: =ROUND((Source!DO29/100)*ROUND((Source!AF29*Source!AV29)*Source!I29, 2), 2) -> 9.01 | T34: =Source!Y29 -> 137.09 | U34: =ROUND((175/100)*ROUND((Source!AE29*Source!AV29)*Source!I29, 2), 2) -> 12.5 | V34: =ROUND((168/100)*ROUND(Source!CS29*Source!I29, 2), 2) -> 244.68
C35: ="Объем: "&Source!I29&"=0,971/"&"100" -> Объем: 0,00971=0,971/100
C36: ЗП | F36: =Source!AO29 -> 1687.95 | G36: =Source!DG29 | H36: =Source!AV29 -> 1 | I36: =ROUND((Source!AF29*Source!AV29)*Source!I29, 2) -> 16.39 | J36: =IF(Source!BA29<> 0, Source!BA29, 1) -> 20.4 | K36: =Source!S29 -> 334.36 | W36: =I36 -> 16.39
C37: ЭМ | F37: =Source!AM29 -> 2713.55 | G37: =Source!DE29 | H37: =Source!AV29 -> 1 | I37: =ROUND((Source!AD29*Source!AV29)*Source!I29, 2) -> 26.35 | J37: =IF(Source!BB29<> 0, Source!BB29, 1) -> 9.45 | K37: =Source!Q29 -> 248.99
C38: в т.ч. ЗПМ | F38: =Source!AN29 -> 735.23 | G38: =Source!DF29 | H38: =Source!AV29 -> 1 | I38: =ROUND((Source!AE29*Source!AV29)*Source!I29, 2) -> 7.14 | J38: =IF(Source!BS29<> 0, Source!BS29, 1) -> 20.4 | K38: =Source!R29 -> 145.64 | W38: =I38 -> 7.14
A39: =Source!E31 -> 1,1 | B39: =Source!F31 -> 9999990001 | C39: =Source!G31 -> Масса мусора 2,4кг/1м3 | D39: =Source!H31 -> т | E39: =Source!I31 -> 0.003 | F39: =Source!AK31 -> 0 | H39: =Source!AW31 -> 1 | I39: =ROUND((Source!AC31*Source!AW31)*Source!I31, 2)+ROUND((Source!AD31*Source!AV31)*Source!I31, 2)+ROUND((Source!AF31*Source!AV31)*Source!I31, 2) -> 0 | J39: =IF(Source!BC31<> 0, Source!BC31, 1) -> 1 | K39: =Source!O31 -> 0 | Q39: =ROUND((Source!DN31/100)*ROUND((Source!AF31*Source!AV31)*Source!I31, 2), 2) -> 0 | R39: =Source!X31 -> 0 | S39: =ROUND((Source!DO31/100)*ROUND((Source!AF31*Source!AV31)*Source!I31, 2), 2) -> 0 | T39: =Source!Y31 -> 0 | U39: =ROUND((175/100)*ROUND((Source!AE31*Source!AV31)*Source!I31, 2), 2) -> 0 | V39: =ROUND((168/100)*ROUND(Source!CS31*Source!I31, 2), 2) -> 0 | X39: =IF(Source!BI31<=1,I39, 0) -> 0 | Y39: =IF(Source!BI31=2,I39, 0) -> 0 | Z39: =IF(Source!BI31=3,I39, 0) -> 0 | AA39: =IF(Source!BI31=4,I39, 0) -> 0
C40: НР от ЗП | D40: % | E40: =Source!DN29 -> 80 | I40: =SUM(Q34:Q39) -> 13.11 | J40: =Source!BZ29 -> 68 | K40: =SUM(R34:R39) -> 227.36
C41: СП от ЗП | D41: % | E41: =Source!DO29 -> 55 | I41: =SUM(S34:S40) -> 9.01 | J41: =Source!CA29 -> 41 | K41: =SUM(T34:T40) -> 137.09
C42: НР и СП от ЗПМ | D42: % | E42: =175 -> 175 | I42: =SUM(U34:U41) -> 12.5 | J42: =168 -> 168 | K42: =SUM(V34:V41) -> 244.68
C43: ЗТР | D43: чел-ч | E43: =Source!AQ29 -> 155 | G43: =Source!DI29 | H43: =Source!AV29 -> 1 | I43: =Source!U29 -> 1.50505
H44: =I36+I37+I40+I41+I42+SUM(I39:I39) -> 77.36 | J44: =K36+K37+K40+K41+K42+SUM(K39:K39) -> 1192.48 | O44: =I36+I37+I40+I41+I42+SUM(I39:I39) -> 77.36 | P44: =K36+K37+K40+K41+K42+SUM(K39:K39) -> 1192.48 | X44: =IF(Source!BI29<=1,I36+I37+I40+I41+I42-0, 0) -> 77.36 | Y44: =IF(Source!BI29=2,I36+I37+I40+I41+I42-0, 0) -> 0 | Z44: =IF(Source!BI29=3,I36+I37+I40+I41+I42-0, 0) -> 0 | AA44: =IF(Source!BI29=4,I36+I37+I40+I41+I42,0) -> 0
A45: =Source!E33 -> 2 | B45: =Source!F33 -> 3.1-52-1 | C45: =Source!G33 -> Копание ям вручную без креплений для стоек и столбов без откосов глубиной до 0,7 м группа грунтов 1-3(газон.,плодородный слой 13,16м2*0,25) | D45: =Source!H33 -> 100 м3 грунта | E45: =Source!I33 -> 0.0329 | Q45: =ROUND((Source!DN33/100)*ROUND((Source!AF33*Source!AV33)*Source!I33, 2), 2) -> 121.22 | R45: =Source!X33 -> 1983.78 | S45: =ROUND((Source!DO33/100)*ROUND((Source!AF33*Source!AV33)*Source!I33, 2), 2) -> 89.25 | T45: =Source!Y33 -> 1114.18 | U45: =ROUND((175/100)*ROUND((Source!AE33*Source!AV33)*Source!I33, 2), 2) -> 0 | V45: =ROUND((168/100)*ROUND(Source!CS33*Source!I33, 2), 2) -> 0
C46: ="Объем: "&Source!I33&"=3,29/"&"100" -> Объем: 0,0329=3,29/100
C47: ЗП | F47: =Source!AO33 -> 3520.83 | G47: =Source!DG33 -> )*1,15 | H47: =Source!AV33 -> 1 | I47: =ROUND((Source!AF33*Source!AV33)*Source!I33, 2) -> 133.21 | J47: =IF(Source!BA33<> 0, Source!BA33, 1) -> 20.4 | K47: =Source!S33 -> 2717.5 | W47: =I47 -> 133.21
C48: НР от ЗП | D48: % | E48: =Source!DN33 -> 91 | I48: =SUM(Q45:Q47) -> 121.22 | J48: =Source!BZ33 -> 73 | K48: =SUM(R45:R47) -> 1983.78
C49: СП от ЗП | D49: % | E49: =Source!DO33 -> 67 | I49: =SUM(S45:S48) -> 89.25 | J49: =Source!CA33 -> 41 | K49: =SUM(T45:T48) -> 1114.18
C50: ЗТР | D50: чел-ч | E50: =Source!AQ33 -> 329.05 | G50: =Source!DI33 -> )*1,15 | H50: =Source!AV33 -> 1 | I50: =Source!U33 -> 12.449607
H51: =I47+I48+I49 -> 343.68 | J51: =K47+K48+K49 -> 5815.46 | O51: =I47+I48+I49 -> 343.68 | P51: =K47+K48+K49 -> 5815.46 | X51: =IF(Source!BI33<=1,I47+I48+I49-0, 0) -> 343.68 | Y51: =IF(Source!BI33=2,I47+I48+I49-0, 0) -> 0 | Z51: =IF(Source!BI33=3,I47+I48+I49-0, 0) -> 0 | AA51: =IF(Source!BI33=4,I47+I48+I49,0) -> 0
A52: =Source!E35 -> 3 | B52: =Source!F35 -> 6.59-4-1 | C52: =Source!G35 -> Разборка металлических лестничных решеток, массой 1 м решетки до 60 кг (ограждение газона) | D52: =Source!H35 -> 100 м решетки | E52: =Source!I35 -> 0.0869 | Q52: =ROUND((Source!DN35/100)*ROUND((Source!AF35*Source!AV35)*Source!I35, 2), 2) -> 34.23 | R52: =Source!X35 -> 593.57 | S52: =ROUND((Source!DO35/100)*ROUND((Source!AF35*Source!AV35)*Source!I35, 2), 2) -> 23.53 | T52: =Source!Y35 -> 357.88 | U52: =ROUND((175/100)*ROUND((Source!AE35*Source!AV35)*Source!I35, 2), 2) -> 1.91 | V52: =ROUND((168/100)*ROUND(Source!CS35*Source!I35, 2), 2) -> 37.53
C53: ="Объем: "&Source!I35&"=8,69/"&"100" -> Объем: 0,0869=8,69/100
C54: ЗП | F54: =Source!AO35 -> 492.39 | G54: =Source!DG35 | H54: =Source!AV35 -> 1 | I54: =ROUND((Source!AF35*Source!AV35)*Source!I35, 2) -> 42.79 | J54: =IF(Source!BA35<> 0, Source!BA35, 1) -> 20.4 | K54: =Source!S35 -> 872.89 | W54: =I54 -> 42.79
C55: ЭМ | F55: =Source!AM35 -> 203.98 | G55: =Source!DE35 | H55: =Source!AV35 -> 1 | I55: =ROUND((Source!AD35*Source!AV35)*Source!I35, 2) -> 17.73 | J55: =IF(Source!BB35<> 0, Source!BB35, 1) -> 6.34 | K55: =Source!Q35 -> 112.38
C56: в т.ч. ЗПМ | F56: =Source!AN35 -> 12.6 | G56: =Source!DF35 | H56: =Source!AV35 -> 1 | I56: =ROUND((Source!AE35*Source!AV35)*Source!I35, 2) -> 1.09 | J56: =IF(Source!BS35<> 0, Source!BS35, 1) -> 20.4 | K56: =Source!R35 -> 22.34 | W56: =I56 -> 1.09
A57: =Source!E37 -> 3,1 | B57: =Source!F37 -> 9999990001 | C57: =Source!G37 -> Масса мусора | D57: =Source!H37 -> т | E57: =Source!I37 -> -0.21725 | F57: =Source!AK37 -> 0 | H57: =Source!AW37 -> 1 | I57: =ROUND((Source!AC37*Source!AW37)*Source!I37, 2)+ROUND((Source!AD37*Source!AV37)*Source!I37, 2)+ROUND((Source!AF37*Source!AV37)*Source!I37, 2) -> 0 | J57: =IF(Source!BC37<> 0, Source!BC37, 1) -> 1 | K57: =Source!O37 -> 0 | Q57: =ROUND((Source!DN37/100)*ROUND((Source!AF37*Source!AV37)*Source!I37, 2), 2) -> 0 | R57: =Source!X37 -> 0 | S57: =ROUND((Source!DO37/100)*ROUND((Source!AF37*Source!AV37)*Source!I37, 2), 2) -> 0 | T57: =Source!Y37 -> 0 | U57: =ROUND((175/100)*ROUND((Source!AE37*Source!AV37)*Source!I37, 2), 2) -> 0 | V57: =ROUND((168/100)*ROUND(Source!CS37*Source!I37, 2), 2) -> 0 | X57: =IF(Source!BI37<=1,I57, 0) -> 0 | Y57: =IF(Source!BI37=2,I57, 0) -> 0 | Z57: =IF(Source!BI37=3,I57, 0) -> 0 | AA57: =IF(Source!BI37=4,I57, 0) -> 0
C58: НР от ЗП | D58: % | E58: =Source!DN35 -> 80 | I58: =SUM(Q52:Q57) -> 34.23 | J58: =Source!BZ35 -> 68 | K58: =SUM(R52:R57) -> 593.57
C59: СП от ЗП | D59: % | E59: =Source!DO35 -> 55 | I59: =SUM(S52:S58) -> 23.53 | J59: =Source!CA35 -> 41 | K59: =SUM(T52:T58) -> 357.88
C60: НР и СП от ЗПМ | D60: % | E60: =175 -> 175 | I60: =SUM(U52:U59) -> 1.91 | J60: =168 -> 168 | K60: =SUM(V52:V59) -> 37.53
C61: ЗТР | D61: чел-ч | E61: =Source!AQ35 -> 47.3 | G61: =Source!DI35 | H61: =Source!AV35 -> 1 | I61: =Source!U35 -> 4.11037
H62: =I54+I55+I58+I59+I60+SUM(I57:I57) -> 120.19 | J62: =K54+K55+K58+K59+K60+SUM(K57:K57) -> 1974.25 | O62: =I54+I55+I58+I59+I60+SUM(I57:I57) -> 120.19 | P62: =K54+K55+K58+K59+K60+SUM(K57:K57) -> 1974.25 | X62: =IF(Source!BI35<=1,I54+I55+I58+I59+I60-0, 0) -> 120.19 | Y62: =IF(Source!BI35=2,I54+I55+I58+I59+I60-0, 0) -> 0 | Z62: =IF(Source!BI35=3,I54+I55+I58+I59+I60-0, 0) -> 0 | AA62: =IF(Source!BI35=4,I54+I55+I58+I59+I60,0) -> 0
A63: =Source!E39 -> 4 | B63: =Source!F39 -> 3.27-42-1 | C63: =Source!G39 -> Устройство покрытий из горячих асфальтобетонных смесей толщиной 4 см комплектом машин | D63: =Source!H39 -> 100 м2 покрытия | E63: =Source!I39 -> 0.1941 | Q63: =ROUND((Source!DN39/100)*ROUND((Source!AF39*Source!AV39)*Source!I39, 2), 2) -> 16.31 | R63: =Source!X39 -> 266.07 | S63: =ROUND((Source!DO39/100)*ROUND((Source!AF39*Source!AV39)*Source!I39, 2), 2) -> 9.2 | T63: =Source!Y39 -> 97.4 | U63: =ROUND((175/100)*ROUND((Source!AE39*Source!AV39)*Source!I39, 2), 2) -> 32.36 | V63: =ROUND((168/100)*ROUND(Source!CS39*Source!I39, 2), 2) -> 633.78
C64: ="Объем: "&Source!I39&"=19,41/"&"100" -> Объем: 0,1941=19,41/100
C65: ЗП | F65: =Source!AO39 -> 52.17 | G65: =Source!DG39 -> )*1,15 | H65: =Source!AV39 -> 1 | I65: =ROUND((Source!AF39*Source!AV39)*Source!I39, 2) -> 11.65 | J65: =IF(Source!BA39<> 0, Source!BA39, 1) -> 20.4 | K65: =Source!S39 -> 237.56 | W65: =I65 -> 11.65
C66: ЭМ | F66: =Source!AM39 -> 419.23 | G66: =Source!DE39 -> )*1,25 | H66: =Source!AV39 -> 1 | I66: =ROUND((Source!AD39*Source!AV39)*Source!I39, 2) -> 101.72 | J66: =IF(Source!BB39<> 0, Source!BB39, 1) -> 9.54 | K66: =Source!Q39 -> 970.37
C67: в т.ч. ЗПМ | F67: =Source!AN39 -> 76.22 | G67: =Source!DF39 -> )*1,25 | H67: =Source!AV39 -> 1 | I67: =ROUND((Source!AE39*Source!AV39)*Source!I39, 2) -> 18.49 | J67: =IF(Source!BS39<> 0, Source!BS39, 1) -> 20.4 | K67: =Source!R39 -> 377.25 | W67: =I67 -> 18.49
C68: МР | F68: =Source!AL39 -> 57.83 | G68: =Source!DD39 | H68: =Source!AW39 -> 1 | I68: =ROUND((Source!AC39*Source!AW39)*Source!I39, 2) -> 11.22 | J68: =IF(Source!BC39<> 0, Source!BC39, 1) -> 8.96 | K68: =Source!P39 -> 100.57
A69: =Source!E41 -> 4,1 | B69: =Source!F41 -> 1.3-3-4 | C69: =Source!G41 -> Смеси асфальтобетонные дорожные горячие крупнозернистые, тип II | D69: =Source!H41 -> т | E69: =Source!I41 -> 1.859478 | F69: =Source!AK41 -> 305.75 | H69: =Source!AW41 -> 1 | I69: =ROUND((Source!AC41*Source!AW41)*Source!I41, 2)+ROUND((Source!AD41*Source!AV41)*Source!I41, 2)+ROUND((Source!AF41*Source!AV41)*Source!I41, 2) -> 568.54 | J69: =IF(Source!BC41<> 0, Source!BC41, 1) -> 8.44 | K69: =Source!O41 -> 4798.44 | Q69: =ROUND((Source!DN41/100)*ROUND((Source!AF41*Source!AV41)*Source!I41, 2), 2) -> 0 | R69: =Source!X41 -> 0 | S69: =ROUND((Source!DO41/100)*ROUND((Source!AF41*Source!AV41)*Source!I41, 2), 2) -> 0 | T69: =Source!Y41 -> 0 | U69: =ROUND((175/100)*ROUND((Source!AE41*Source!AV41)*Source!I41, 2), 2) -> 0 | V69: =ROUND((168/100)*ROUND(Source!CS41*Source!I41, 2), 2) -> 0 | X69: =IF(Source!BI41<=1,I69, 0) -> 568.54 | Y69: =IF(Source!BI41=2,I69, 0) -> 0 | Z69: =IF(Source!BI41=3,I69, 0) -> 0 | AA69: =IF(Source!BI41=4,I69, 0) -> 0
C70: НР от ЗП | D70: % | E70: =Source!DN39 -> 140 | I70: =SUM(Q63:Q69) -> 16.31 | J70: =Source!BZ39 -> 112 | K70: =SUM(R63:R69) -> 266.07
C71: СП от ЗП | D71: % | E71: =Source!DO39 -> 79 | I71: =SUM(S63:S70) -> 9.2 | J71: =Source!CA39 -> 41 | K71: =SUM(T63:T70) -> 97.4
C72: НР и СП от ЗПМ | D72: % | E72: =175 -> 175 | I72: =SUM(U63:U71) -> 32.36 | J72: =168 -> 168 | K72: =SUM(V63:V71) -> 633.78
C73: ЗТР | D73: чел-ч | E73: =Source!AQ39 -> 4.29 | G73: =Source!DI39 -> )*1,15 | H73: =Source!AV39 -> 1 | I73: =Source!U39 -> 0.95759235
H74: =I65+I66+I68+I70+I71+I72+SUM(I69:I69) -> 751 | J74: =K65+K66+K68+K70+K71+K72+SUM(K69:K69) -> 7104.19 | O74: =I65+I66+I68+I70+I71+I72+SUM(I69:I69) -> 751 | P74: =K65+K66+K68+K70+K71+K72+SUM(K69:K69) -> 7104.19 | X74: =IF(Source!BI39<=1,I65+I66+I68+I70+I71+I72-0, 0) -> 182.46 | Y74: =IF(Source!BI39=2,I65+I66+I68+I70+I71+I72-0, 0) -> 0 | Z74: =IF(Source!BI39=3,I65+I66+I68+I70+I71+I72-0, 0) -> 0 | AA74: =IF(Source!BI39=4,I65+I66+I68+I70+I71+I72,0) -> 0
A75: =Source!E43 -> 5 | B75: =Source!F43 -> 3.27-43-1 | C75: =Source!G43 -> Добавляется на каждый 1 см изменения толщины слоя сверх 4 см к позиции 3.27-42-1 9см | D75: =Source!H43 -> 100 м2 покрытия | E75: =Source!I43 -> 0.1941 | Q75: =ROUND((Source!DN43/100)*ROUND((Source!AF43*Source!AV43)*Source!I43, 2), 2) -> 19.49 | R75: =Source!X43 -> 318.09 | S75: =ROUND((Source!DO43/100)*ROUND((Source!AF43*Source!AV43)*Source!I43, 2), 2) -> 11 | T75: =Source!Y43 -> 116.44 | U75: =ROUND((175/100)*ROUND((Source!AE43*Source!AV43)*Source!I43, 2), 2) -> 13.65 | V75: =ROUND((168/100)*ROUND(Source!CS43*Source!I43, 2), 2) -> 267.17
C76: ="Объем: "&Source!I43&"=19,41/"&"100" -> Объем: 0,1941=19,41/100
C77: ЗП | F77: =Source!AO43 -> 6.93 | G77: =Source!DG43 -> )*9*1,15 | H77: =Source!AV43 -> 1 | I77: =ROUND((Source!AF43*Source!AV43)*Source!I43, 2) -> 13.92 | J77: =IF(Source!BA43<> 0, Source!BA43, 1) -> 20.4 | K77: =Source!S43 -> 284.01 | W77: =I77 -> 13.92
C78: ЭМ | F78: =Source!AM43 -> 17.35 | G78: =Source!DE43 -> )*9*1,25 | H78: =Source!AV43 -> 1 | I78: =ROUND((Source!AD43*Source!AV43)*Source!I43, 2) -> 37.89 | J78: =IF(Source!BB43<> 0, Source!BB43, 1) -> 8.55 | K78: =Source!Q43 -> 323.92
C79: в т.ч. ЗПМ | F79: =Source!AN43 -> 3.57 | G79: =Source!DF43 -> )*9*1,25 | H79: =Source!AV43 -> 1 | I79: =ROUND((Source!AE43*Source!AV43)*Source!I43, 2) -> 7.8 | J79: =IF(Source!BS43<> 0, Source!BS43, 1) -> 20.4 | K79: =Source!R43 -> 159.03 | W79: =I79 -> 7.8
A80: =Source!E45 -> 5,1 | B80: =Source!F45 -> 1.3-3-4 | C80: =Source!G45 -> Смеси асфальтобетонные дорожные горячие крупнозернистые, тип II | D80: =Source!H45 -> т | E80: =Source!I45 -> 1.859478 | F80: =Source!AK45 -> 305.75 | H80: =Source!AW45 -> 1 | I80: =ROUND((Source!AC45*Source!AW45)*Source!I45, 2)+ROUND((Source!AD45*Source!AV45)*Source!I45, 2)+ROUND((Source!AF45*Source!AV45)*Source!I45, 2) -> 568.54 | J80: =IF(Source!BC45<> 0, Source!BC45, 1) -> 8.44 | K80: =Source!O45 -> 4798.44 | Q80: =ROUND((Source!DN45/100)*ROUND((Source!AF45*Source!AV45)*Source!I45, 2), 2) -> 0 | R80: =Source!X45 -> 0 | S80: =ROUND((Source!DO45/100)*ROUND((Source!AF45*Source!AV45)*Source!I45, 2), 2) -> 0 | T80: =Source!Y45 -> 0 | U80: =ROUND((175/100)*ROUND((Source!AE45*Source!AV45)*Source!I45, 2), 2) -> 0 | V80: =ROUND((168/100)*ROUND(Source!CS45*Source!I45, 2), 2) -> 0 | X80: =IF(Source!BI45<=1,I80, 0) -> 568.54 | Y80: =IF(Source!BI45=2,I80, 0) -> 0 | Z80: =IF(Source!BI45=3,I80, 0) -> 0 | AA80: =IF(Source!BI45=4,I80, 0) -> 0
C81: НР от ЗП | D81: % | E81: =Source!DN43 -> 140 | I81: =SUM(Q75:Q80) -> 19.49 | J81: =Source!BZ43 -> 112 | K81: =SUM(R75:R80) -> 318.09
C82: СП от ЗП | D82: % | E82: =Source!DO43 -> 79 | I82: =SUM(S75:S81) -> 11 | J82: =Source!CA43 -> 41 | K82: =SUM(T75:T81) -> 116.44
C83: НР и СП от ЗПМ | D83: % | E83: =175 -> 175 | I83: =SUM(U75:U82) -> 13.65 | J83: =168 -> 168 | K83: =SUM(V75:V82) -> 267.17
C84: ЗТР | D84: чел-ч | E84: =Source!AQ43 -> 0.53 | G84: =Source!DI43 -> )*9*1,15 | H84: =Source!AV43 -> 1 | I84: =Source!U43 -> 1.0647355
H85: =I77+I78+I81+I82+I83+SUM(I80:I80) -> 664.49 | J85: =K77+K78+K81+K82+K83+SUM(K80:K80) -> 6108.07 | O85: =I77+I78+I81+I82+I83+SUM(I80:I80) -> 664.49 | P85: =K77+K78+K81+K82+K83+SUM(K80:K80) -> 6108.07 | X85: =IF(Source!BI43<=1,I77+I78+I81+I82+I83-0, 0) -> 95.95 | Y85: =IF(Source!BI43=2,I77+I78+I81+I82+I83-0, 0) -> 0 | Z85: =IF(Source!BI43=3,I77+I78+I81+I82+I83-0, 0) -> 0 | AA85: =IF(Source!BI43=4,I77+I78+I81+I82+I83,0) -> 0
A86: =Source!E47 -> 6 | B86: =Source!F47 -> 3.47-26-4 | C86: =Source!G47 -> Подготовка почвы для устройства партерного и обыкновенного газонов с внесением растительной земли слоем 15 см вручную | D86: =Source!H47 -> 100 м2 | E86: =Source!I47 -> 0.1316 | Q86: =ROUND((Source!DN47/100)*ROUND((Source!AF47*Source!AV47)*Source!I47, 2), 2) -> 98.31 | R86: =Source!X47 -> 1157.01 | S86: =ROUND((Source!DO47/100)*ROUND((Source!AF47*Source!AV47)*Source!I47, 2), 2) -> 52.94 | T86: =Source!Y47 -> 527.08 | U86: =ROUND((175/100)*ROUND((Source!AE47*Source!AV47)*Source!I47, 2), 2) -> 0 | V86: =ROUND((168/100)*ROUND(Source!CS47*Source!I47, 2), 2) -> 0
C87: ="Объем: "&Source!I47&"=13,16/"&"100" -> Объем: 0,1316=13,16/100
C88: ЗП | F88: =Source!AO47 -> 416.4 | G88: =Source!DG47 -> )*1,15 | H88: =Source!AV47 -> 1 | I88: =ROUND((Source!AF47*Source!AV47)*Source!I47, 2) -> 63.02 | J88: =IF(Source!BA47<> 0, Source!BA47, 1) -> 20.4 | K88: =Source!S47 -> 1285.57 | W88: =I88 -> 63.02
A89: =Source!E49 -> 6,1 | B89: =Source!F49 -> 1.4-6-1 | C89: =Source!G49 -> Земля растительная | D89: =Source!H49 -> м3 | E89: =Source!I49 -> 1.974 | F89: =Source!AK49 -> 146.84 | H89: =Source!AW49 -> 1 | I89: =ROUND((Source!AC49*Source!AW49)*Source!I49, 2)+ROUND((Source!AD49*Source!AV49)*Source!I49, 2)+ROUND((Source!AF49*Source!AV49)*Source!I49, 2) -> 289.86 | J89: =IF(Source!BC49<> 0, Source!BC49, 1) -> 4.65 | K89: =Source!O49 -> 1347.86 | Q89: =ROUND((Source!DN49/100)*ROUND((Source!AF49*Source!AV49)*Source!I49, 2), 2) -> 0 | R89: =Source!X49 -> 0 | S89: =ROUND((Source!DO49/100)*ROUND((Source!AF49*Source!AV49)*Source!I49, 2), 2) -> 0 | T89: =Source!Y49 -> 0 | U89: =ROUND((175/100)*ROUND((Source!AE49*Source!AV49)*Source!I49, 2), 2) -> 0 | V89: =ROUND((168/100)*ROUND(Source!CS49*Source!I49, 2), 2) -> 0 | X89: =IF(Source!BI49<=1,I89, 0) -> 289.86 | Y89: =IF(Source!BI49=2,I89, 0) -> 0 | Z89: =IF(Source!BI49=3,I89, 0) -> 0 | AA89: =IF(Source!BI49=4,I89, 0) -> 0
C90: НР от ЗП | D90: % | E90: =Source!DN47 -> 156 | I90: =SUM(Q86:Q89) -> 98.31 | J90: =Source!BZ47 -> 90 | K90: =SUM(R86:R89) -> 1157.01
C91: СП от ЗП | D91: % | E91: =Source!DO47 -> 84 | I91: =SUM(S86:S90) -> 52.94 | J91: =Source!CA47 -> 41 | K91: =SUM(T86:T90) -> 527.08
C92: ЗТР | D92: чел-ч | E92: =Source!AQ47 -> 40 | G92: =Source!DI47 -> )*1,15 | H92: =Source!AV47 -> 1 | I92: =Source!U47 -> 6.0536
H93: =I88+I90+I91+SUM(I89:I89) -> 504.13 | J93: =K88+K90+K91+SUM(K89:K89) -> 4317.52 | O93: =I88+I90+I91+SUM(I89:I89) -> 504.13 | P93: =K88+K90+K91+SUM(K89:K89) -> 4317.52 | X93: =IF(Source!BI47<=1,I88+I90+I91-0, 0) -> 214.27 | Y93: =IF(Source!BI47=2,I88+I90+I91-0, 0) -> 0 | Z93: =IF(Source!BI47=3,I88+I90+I91-0, 0) -> 0 | AA93: =IF(Source!BI47=4,I88+I90+I91,0) -> 0
A94: =Source!E51 -> 7 | B94: =Source!F51 -> 3.47-26-6 | C94: =Source!G51 -> Посев газонов партерных, мавританских, и обыкновенных вручную | D94: =Source!H51 -> 100 м2 | E94: =Source!I51 -> 0.1316 | Q94: =ROUND((Source!DN51/100)*ROUND((Source!AF51*Source!AV51)*Source!I51, 2), 2) -> 13.85 | R94: =Source!X51 -> 163.11 | S94: =ROUND((Source!DO51/100)*ROUND((Source!AF51*Source!AV51)*Source!I51, 2), 2) -> 7.46 | T94: =Source!Y51 -> 74.3 | U94: =ROUND((175/100)*ROUND((Source!AE51*Source!AV51)*Source!I51, 2), 2) -> 0 | V94: =ROUND((168/100)*ROUND(Source!CS51*Source!I51, 2), 2) -> 0
C95: ="Объем: "&Source!I51&"=13,16/"&"100" -> Объем: 0,1316=13,16/100
C96: ЗП | F96: =Source!AO51 -> 58.7 | G96: =Source!DG51 -> )*1,15 | H96: =Source!AV51 -> 1 | I96: =ROUND((Source!AF51*Source!AV51)*Source!I51, 2) -> 8.88 | J96: =IF(Source!BA51<> 0, Source!BA51, 1) -> 20.4 | K96: =Source!S51 -> 181.23 | W96: =I96 -> 8.88
C97: МР | F97: =Source!AL51 -> 70.7 | G97: =Source!DD51 | H97: =Source!AW51 -> 1 | I97: =ROUND((Source!AC51*Source!AW51)*Source!I51, 2) -> 9.3 | J97: =IF(Source!BC51<> 0, Source!BC51, 1) -> 4.24 | K97: =Source!P51 -> 39.45
A98: =Source!E53 -> 7,1 | B98: =Source!F53 -> 1.4-6-6 | C98: =Source!G53 -> Семена (смесь универсальная) газонных трав | D98: =Source!H53 -> кг | E98: =Source!I53 -> 0.5264 | F98: =Source!AK53 -> 57.93 | H98: =Source!AW53 -> 1 | I98: =ROUND((Source!AC53*Source!AW53)*Source!I53, 2)+ROUND((Source!AD53*Source!AV53)*Source!I53, 2)+ROUND((Source!AF53*Source!AV53)*Source!I53, 2) -> 30.49 | J98: =IF(Source!BC53<> 0, Source!BC53, 1) -> 2.4 | K98: =Source!O53 -> 73.19 | Q98: =ROUND((Source!DN53/100)*ROUND((Source!AF53*Source!AV53)*Source!I53, 2), 2) -> 0 | R98: =Source!X53 -> 0 | S98: =ROUND((Source!DO53/100)*ROUND((Source!AF53*Source!AV53)*Source!I53, 2), 2) -> 0 | T98: =Source!Y53 -> 0 | U98: =ROUND((175/100)*ROUND((Source!AE53*Source!AV53)*Source!I53, 2), 2) -> 0 | V98: =ROUND((168/100)*ROUND(Source!CS53*Source!I53, 2), 2) -> 0 | X98: =IF(Source!BI53<=1,I98, 0) -> 30.49 | Y98: =IF(Source!BI53=2,I98, 0) -> 0 | Z98: =IF(Source!BI53=3,I98, 0) -> 0 | AA98: =IF(Source!BI53=4,I98, 0) -> 0
C99: НР от ЗП | D99: % | E99: =Source!DN51 -> 156 | I99: =SUM(Q94:Q98) -> 13.85 | J99: =Source!BZ51 -> 90 | K99: =SUM(R94:R98) -> 163.11
C100: СП от ЗП | D100: % | E100: =Source!DO51 -> 84 | I100: =SUM(S94:S99) -> 7.46 | J100: =Source!CA51 -> 41 | K100: =SUM(T94:T99) -> 74.3
C101: ЗТР | D101: чел-ч | E101: =Source!AQ51 -> 5.25 | G101: =Source!DI51 -> )*1,15 | H101: =Source!AV51 -> 1 | I101: =Source!U51 -> 0.794535
H102: =I96+I97+I99+I100+SUM(I98:I98) -> 69.98 | J102: =K96+K97+K99+K100+SUM(K98:K98) -> 531.28 | O102: =I96+I97+I99+I100+SUM(I98:I98) -> 69.98 | P102: =K96+K97+K99+K100+SUM(K98:K98) -> 531.28 | X102: =IF(Source!BI51<=1,I96+I97+I99+I100-0, 0) -> 39.49 | Y102: =IF(Source!BI51=2,I96+I97+I99+I100-0, 0) -> 0 | Z102: =IF(Source!BI51=3,I96+I97+I99+I100-0, 0) -> 0 | AA102: =IF(Source!BI51=4,I96+I97+I99+I100,0) -> 0
A103: =Source!E55 -> 8 | B103: =Source!F55 -> 6.68-73-2 | C103: =Source!G55 -> Установка секций металлического ограждения газонов из профилированной трубы, масса секции до 10 кг | D103: =Source!H55 -> 1 м2 | E103: =Source!I55 -> 5.21 | Q103: =ROUND((Source!DN55/100)*ROUND((Source!AF55*Source!AV55)*Source!I55, 2), 2) -> 12.11 | R103: =Source!X55 -> 142.52 | S103: =ROUND((Source!DO55/100)*ROUND((Source!AF55*Source!AV55)*Source!I55, 2), 2) -> 6.52 | T103: =Source!Y55 -> 64.93 | U103: =ROUND((175/100)*ROUND((Source!AE55*Source!AV55)*Source!I55, 2), 2) -> 1.73 | V103: =ROUND((168/100)*ROUND(Source!CS55*Source!I55, 2), 2) -> 33.92
C104: ЗП | F104: =Source!AO55 -> 1.49 | G104: =Source!DG55 | H104: =Source!AV55 -> 1 | I104: =ROUND((Source!AF55*Source!AV55)*Source!I55, 2) -> 7.76 | J104: =IF(Source!BA55<> 0, Source!BA55, 1) -> 20.4 | K104: =Source!S55 -> 158.36 | W104: =I104 -> 7.76
C105: ЭМ | F105: =Source!AM55 -> 1.65 | G105: =Source!DE55 | H105: =Source!AV55 -> 1 | I105: =ROUND((Source!AD55*Source!AV55)*Source!I55, 2) -> 8.6 | J105: =IF(Source!BB55<> 0, Source!BB55, 1) -> 6.91 | K105: =Source!Q55 -> 59.4
C106: в т.ч. ЗПМ | F106: =Source!AN55 -> 0.19 | G106: =Source!DF55 | H106: =Source!AV55 -> 1 | I106: =ROUND((Source!AE55*Source!AV55)*Source!I55, 2) -> 0.99 | J106: =IF(Source!BS55<> 0, Source!BS55, 1) -> 20.4 | K106: =Source!R55 -> 20.19 | W106: =I106 -> 0.99
C107: МР | F107: =Source!AL55 -> 0.22 | G107: =Source!DD55 | H107: =Source!AW55 -> 1 | I107: =ROUND((Source!AC55*Source!AW55)*Source!I55, 2) -> 1.15 | J107: =IF(Source!BC55<> 0, Source!BC55, 1) -> 11.77 | K107: =Source!P55 -> 13.49
A108: =Source!E57 -> 8,1 | B108: =Source!F57 -> 1.7-9-8 | C108: =Source!G57 -> Ограждение газонное из металлической профильной трубы 20х20х1,5 мм | D108: =Source!H57 -> м2 | E108: =Source!I57 -> 5.21 | F108: =Source!AK57 -> 358.54 | H108: =Source!AW57 -> 1 | I108: =ROUND((Source!AC57*Source!AW57)*Source!I57, 2)+ROUND((Source!AD57*Source!AV57)*Source!I57, 2)+ROUND((Source!AF57*Source!AV57)*Source!I57, 2) -> 1867.99 | J108: =IF(Source!BC57<> 0, Source!BC57, 1) -> 1.77 | K108: =Source!O57 -> 3306.35 | Q108: =ROUND((Source!DN57/100)*ROUND((Source!AF57*Source!AV57)*Source!I57, 2), 2) -> 0 | R108: =Source!X57 -> 0 | S108: =ROUND((Source!DO57/100)*ROUND((Source!AF57*Source!AV57)*Source!I57, 2), 2) -> 0 | T108: =Source!Y57 -> 0 | U108: =ROUND((175/100)*ROUND((Source!AE57*Source!AV57)*Source!I57, 2), 2) -> 0 | V108: =ROUND((168/100)*ROUND(Source!CS57*Source!I57, 2), 2) -> 0 | X108: =IF(Source!BI57<=1,I108, 0) -> 1867.99 | Y108: =IF(Source!BI57=2,I108, 0) -> 0 | Z108: =IF(Source!BI57=3,I108, 0) -> 0 | AA108: =IF(Source!BI57=4,I108, 0) -> 0
C109: НР от ЗП | D109: % | E109: =Source!DN55 -> 156 | I109: =SUM(Q103:Q108) -> 12.11 | J109: =Source!BZ55 -> 90 | K109: =SUM(R103:R108) -> 142.52
C110: СП от ЗП | D110: % | E110: =Source!DO55 -> 84 | I110: =SUM(S103:S109) -> 6.52 | J110: =Source!CA55 -> 41 | K110: =SUM(T103:T109) -> 64.93
...

Sheet Дефектная ведомость
A1: =Source!B1 -> Smeta.RU (495) 974-1589
D3: "УТВЕРЖДАЮ"
C5: ___________________________
C7: ___________________________
C9: " ___ " ___________ 20 ___ г.
A11: =CONCATENATE("Дефектный акт ", IF(Source!AN15<>"", Source!AN15," ")) -> Дефектный акт
A12: =CONCATENATE("На капитальный ремонт ", Source!F12) -> На капитальный ремонт Общестроительные работы ДГП №150 ф2 (ТСН-2001 (Мосгосэкспертиза)) | AD12: =CONCATENATE("На капитальный ремонт ", Source!F12) -> На капитальный ремонт Общестроительные работы ДГП №150 ф2 (ТСН-2001 (Мосгосэкспертиза))
B14: Мы, нижеподписавшиеся, произвели осмотр объекта
B15: и постановили произвести ремонт объекта в
B16: следующем объеме:
A17: № п/п | B17: Наименование работ и затрат | C17: Единица измерения | D17: Количество | E17: Примечание
A18: 1 | B18: 2 | C18: 3 | D18: 4 | E18: 5
A19: =CONCATENATE("Локальная смета: ", Source!G20) -> Локальная смета: Смета на общестроительные работы
A20: =CONCATENATE("Раздел: ", Source!G24) -> Раздел: Наружные работы
A21: =Source!E28 -> 1 | B21: =Source!G28 -> Разборка покрытий и оснований асфальтобетонных | C21: =Source!H28 -> 100 м3 конструкций | D21: =Source!I28 -> 0.00971
A22: =Source!E30 -> 1,1 | B22: =Source!G30 -> Масса мусора 2,4кг/1м3 | C22: =Source!H30 -> т | D22: =Source!I30 -> 0.003
A23: =Source!E32 -> 2 | B23: =Source!G32 -> Копание ям вручную без креплений для стоек и столбов без откосов глубиной до 0,7 м группа грунтов 1-3(газон.,плодородный слой 13,16м2*0,25) | C23: =Source!H32 -> 100 м3 грунта | D23: =Source!I32 -> 0.0329
A24: =Source!E34 -> 3 | B24: =Source!G34 -> Разборка металлических лестничных решеток, массой 1 м решетки до 60 кг (ограждение газона) | C24: =Source!H34 -> 100 м решетки | D24: =Source!I34 -> 0.0869
A25: =Source!E36 -> 3,1 | B25: =Source!G36 -> Масса мусора | C25: =Source!H36 -> т | D25: =Source!I36 -> -0.21725
A26: =Source!E38 -> 4 | B26: =Source!G38 -> Устройство покрытий из горячих асфальтобетонных смесей толщиной 4 см комплектом машин | C26: =Source!H38 -> 100 м2 покрытия | D26: =Source!I38 -> 0.1941
A27: =Source!E40 -> 4,1 | B27: =Source!G40 -> Смеси асфальтобетонные дорожные горячие крупнозернистые, тип II | C27: =Source!H40 -> т | D27: =Source!I40 -> 1.859478
A28: =Source!E42 -> 5 | B28: =Source!G42 -> Добавляется на каждый 1 см изменения толщины слоя сверх 4 см к позиции 3.27-42-1 9см | C28: =Source!H42 -> 100 м2 покрытия | D28: =Source!I42 -> 0.1941
A29: =Source!E44 -> 5,1 | B29: =Source!G44 -> Смеси асфальтобетонные дорожные горячие крупнозернистые, тип II | C29: =Source!H44 -> т | D29: =Source!I44 -> 1.859478
A30: =Source!E46 -> 6 | B30: =Source!G46 -> Подготовка почвы для устройства партерного и обыкновенного газонов с внесением растительной земли слоем 15 см вручную | C30: =Source!H46 -> 100 м2 | D30: =Source!I46 -> 0.1316
A31: =Source!E48 -> 6,1 | B31: =Source!G48 -> Земля растительная | C31: =Source!H48 -> м3 | D31: =Source!I48 -> 1.974
A32: =Source!E50 -> 7 | B32: =Source!G50 -> Посев газонов партерных, мавританских, и обыкновенных вручную | C32: =Source!H50 -> 100 м2 | D32: =Source!I50 -> 0.1316
A33: =Source!E52 -> 7,1 | B33: =Source!G52 -> Семена (смесь универсальная) газонных трав | C33: =Source!H52 -> кг | D33: =Source!I52 -> 0.5264
A34: =Source!E54 -> 8 | B34: =Source!G54 -> Установка секций металлического ограждения газонов из профилированной трубы, масса секции до 10 кг | C34: =Source!H54 -> 1 м2 | D34: =Source!I54 -> 5.21
A35: =Source!E56 -> 8,1 | B35: =Source!G56 -> Ограждение газонное из металлической профильной трубы 20х20х1,5 мм | C35: =Source!H56 -> м2 | D35: =Source!I56 -> 5.21
A36: =Source!E58 -> 9 | B36: =Source!G58 -> Погрузка грунта вручную в автомобили-самосвалы с выгрузкой | C36: =Source!H58 -> 100 м3 грунта | D36: =Source!I58 -> 0.0329
A37: =Source!E60 -> 10 | B37: =Source!G60 -> Перевозка грунта с I по V группы на расстояние 29 км автосамосвалами грузоподъемностью до 10 т (ЮВАО) | C37: =Source!H60 -> 1 м3 | D37: =Source!I60 -> 3.29
A38: =CONCATENATE("Раздел: ", Source!G92) -> Раздел: Демонтажные работы
A39: =CONCATENATE("Подраздел: ", Source!G96) -> Подраздел: Входная группа
A40: =Source!E100 -> 11 | B40: =Source!G100 -> Монтаж конструкций дверей и люков (Демонтаж) | C40: =Source!H100 -> 1 т конструкций | D40: =Source!I100 -> 0.1
A41: =Source!E102 -> 11,1 | B41: =Source!G102 -> Масса мусора | C41: =Source!H102 -> т | D41: =Source!I102 -> 0.1
A42: =Source!E104 -> 12 | B42: =Source!G104 -> Разборка деревянных заполнений проемов дверных, воротных 1,02*2,2*1шт=2,24м2 | C42: =Source!H104 -> 100 м2 | D42: =Source!I104 -> 0.0224
A43: =Source!E106 -> 12,1 | B43: =Source!G106 -> Масса мусора | C43: =Source!H106 -> т | D43: =Source!I106 -> 0.03
A44: =Source!E108 -> 13 | B44: =Source!G108 -> Разборка фундаментов железобетонных (ограждение крыльца) | C44: =Source!H108 -> 1 м3 | D44: =Source!I108 -> 0.09
A45: =Source!E110 -> 13,1 | B45: =Source!G110 -> Масса мусора | C45: =Source!H110 -> т | D45: =Source!I110 -> -0.225
A46: =Source!E112 -> 14 | B46: =Source!G112 -> Установка металлических решеток приямков (грязезащитная) | C46: =Source!H112 -> 1 т металлических изделий | D46: =Source!I112 -> 0.03
A47: =Source!E114 -> 14,1 | B47: =Source!G114 -> Масса мусора | C47: =Source!H114 -> т | D47: =Source!I114 -> 0.03
A48: =CONCATENATE("Раздел: ", Source!G175) -> Раздел: Монтажные работы
A49: =CONCATENATE("Подраздел: ", Source!G179) -> Подраздел: Входная группа
A50: =Source!E183 -> 15 | B50: =Source!G183 -> Устройство стяжек цементных толщиной 20 мм | C50: =Source!H183 -> 100 м2 стяжки | D50: =Source!I183 -> 0.051
A51: =Source!E185 -> 15,1 | B51: =Source!G185 -> Растворы цементные, марка 150 | C51: =Source!H185 -> м3 | D51: =Source!I185 -> 0.10404
A52: =Source!E187 -> 16 | B52: =Source!G187 -> Устройство покрытий на цементном растворе из плиток бетонных, цементных или мозаичных | C52: =Source!H187 -> 100 м2 покрытия | D52: =Source!I187 -> 0.051
A53: =Source!E189 -> 16,1 | B53: =Source!G189 -> Плиты бетонные тротуарные, толщина 70 мм, цвет серый | C53: =Source!H189 -> м2 | D53: =Source!I189 -> 5.202
A54: =Source!E191 -> 17 | B54: =Source!G191 -> Устройство полов из керамических крупноразмерных плиток типа керамогранит на клее из сухих смесей толщиной слоя 4 мм с затиркой швов | C54: =Source!H191 -> 100 м2 пола | D54: =Source!I191 -> 0.018
A55: =Source!E193 -> 17,1 | B55: =Source!G193 -> Смеси сухие для заполнения швов между плитками, цветные | C55: =Source!H193 -> т | D55: =Source!I193 -> 0.002
A56: =Source!E195 -> 17,2 | B56: =Source!G195 -> Смеси сухие клеевые, высокоадгезионные, высокоэластичные, для внутренних и наружных работ, для укладки напольной, настенной и потолочной плитки из керамики, мозаики, натурального камня и керамогранита | C56: =Source!H195 -> т | D56: =Source!I195 -> 0.00846
A57: =Source!E197 -> 17,3 | B57: =Source!G197 -> Плитки керамические, типа керамогранит, неполированные, размер 30х30 см, толщина 8 мм, цвет: светло-серый, серый, светло-зеленый, бежевый | C57: =Source!H197 -> м2 | D57: =Source!I197 -> 1.836
A58: =Source!E199 -> 18 | B58: =Source!G199 -> Установка металлических ограждений без поручня | C58: =Source!H199 -> 100 м ограждений | D58: =Source!I199 -> 0.15
A59: =Source!E201 -> 18,1 | B59: =Source!G201 -> Цемент общестроительный, портландцемент общего назначения, марка 300 | C59: =Source!H201 -> т | D59: =Source!I201 -> 0.0225
A60: =Source!E203 -> 18,2 | B60: =Source!G203 -> Ограждение пандуса из нержавеющей | C60: =Source!H203 -> ПМ | D60: =Source!I203 -> 11.1
A61: =Source!E205 -> 18,3 | B61: =Source!G205 -> Ограждения из нержавеющей стали лестниц | C61: =Source!H205 -> ПМ | D61: =Source!I205 -> 3.9
A62: =Source!E207 -> 19 | B62: =Source!G207 -> Штукатурка поверхностей оконных и дверных откосов по бетону и камню плоских 5,4*0,15=0,81м2+1,24*0,4=5,3м2 | C62: =Source!H207 -> 100 м2 оштукатуриваемой поверхности | D62: =Source!I207 -> 0.061
A63: =Source!E209 -> 19,1 | B63: =Source!G209 -> Вода | C63: =Source!H209 -> м3 | D63: =Source!I209 -> 0.01503
A64: =Source!E211 -> 19,2 | B64: =Source!G211 -> Смеси сухие штукатурные цементно-песчаные для внутренних и наружных работ, улучшенные с импортными добавками, В12,5 (М150), F50, крупность заполнителя не более 0,5 мм | C64: =Source!H211 -> т | D64: =Source!I211 -> 0.085888
A65: =Source!E213 -> 19,3 | B65: =Source!G213 -> Растворы цементно-известковые, марка 25 | C65: =Source!H213 -> м3 | D65: =Source!I213 -> 0.20984
A66: =Source!E215 -> 20 | B66: =Source!G215 -> Улучшенная окраска поливинилацетатными водоэмульсионными составами по штукатурке стен | C66: =Source!H215 -> 100 м2 окрашиваемой поверхности | D66: =Source!I215 -> 0.061
A67: =Source!E217 -> 20,1 | B67: =Source!G217 -> Шпатлевка масляно-клеевая универсальная | C67: =Source!H217 -> т | D67: =Source!I217 -> 0.003111
A68: =Source!E219 -> 20,2 | B68: =Source!G219 -> Краски водно-дисперсионные поливинилацетатные, белые, марка ВД-ВА-17 | C68: =Source!H219 -> т | D68: =Source!I219 -> 0.003843
A69: =Source!E221 -> 21 | B69: =Source!G221 -> Монтаж конструкций дверей и люков | C69: =Source!H221 -> 1 т конструкций | D69: =Source!I221 -> 0.1
A70: =Source!E223 -> 21,1 | B70: =Source!G223 -> Блоки дверные металлические противопожарные, шлюзовые, остекленные антивандальным стекл., с заполнением минеральной ватой, окрашенные порошковыми красками, ДПМ-01/30 тип ДШМ 21-10, однопольные, размеры 984х2060 мм, с замком, без доводчика | C70: =Source!H223 -> шт. | D70: =Source!I223 -> 3
A71: =Source!E225 -> 21,2 | B71: =Source!G225 -> Фрамуги наддверные металлические противопожарные, с заполнением минеральной ватой, окрашенные порошковыми красками, ФПМ 04-10, размеры 984х371 мм (0,6*0,9) | C71: =Source!H225 -> шт. | D71: =Source!I225 -> 4
A72: =Source!E227 -> 22 | B72: =Source!G227 -> Установка противопожарных металлических однопольных дверных блоков | C72: =Source!H227 -> 10 шт. | D72: =Source!I227 -> 0.3
A73: =Source!E229 -> 22,1 | B73: =Source!G229 -> Блоки дверные металлические противопожарные, шлюзовые, остекленные антивандальным стекл., с заполнением минеральной ватой, окрашенные порошковыми красками, ДПМ-01/30 тип ДШМ 21-10, однопольные, размеры 984х2060 мм, с замком, без доводчика | C73: =Source!H229 -> шт. | D73: =Source!I229 -> 3
A74: =Source!E231 -> 22,2 | B74: =Source!G231 -> Фрамуги наддверные металлические противопожарные, с заполнением минеральной ватой, окрашенные порошковыми красками, ФПМ 04-10, размеры 984х371 мм (0,6*0,9) | C74: =Source!H231 -> шт. | D74: =Source!I231 -> 6
A75: =Source!E233 -> 23 | B75: =Source!G233 -> Установка дверного доводчика к металлическим дверям | C75: =Source!H233 -> 1 ШТ. | D75: =Source!I233 -> 3
A76: =Source!E235 -> 23,1 | B76: =Source!G235 -> Доводчик дверной типа «ДОРМА» TS/83, масса двери до 150 кг | C76: =Source!H235 -> КОМПЛЕКТ | D76: =Source!I235 -> 3
A77: =CONCATENATE("Подраздел: ", Source!G267) -> Подраздел: Обеспечение доступа МГН
A78: =Source!E271 -> 24 | B78: =Source!G271 -> Укладка тактильных плиток (указателей) поливинилхлоридных размером 300х300х4 мм на клее | C78: =Source!H271 -> 10 шт. | D78: =Source!I271 -> 3.5
A79: =Source!E273 -> 24,1 | B79: =Source!G273 -> Плитка тактильная поливинилхлоридная, размеры 300х300х4 мм | C79: =Source!H273 -> м2 | D79: =Source!I273 -> 3.15
A80: =Source!E275 -> 25 | B80: =Source!G275 -> Укладка наземных тактильных плит (указателей) на слой сухой цементно-песчаной смеси вручную, плитка размером 500х500х100 (80) мм | C80: =Source!H275 -> 10 шт. | D80: =Source!I275 -> 0.8
A81: =Source!E277 -> 25,1 | B81: =Source!G277 -> Смеси сухие цементно-песчаные, универсальные для общестроительных и штукатурных работ, марка М-150 | C81: =Source!H277 -> т | D81: =Source!I277 -> 0.1148
A82: =Source!E279 -> 25,2 | B82: =Source!G279 -> Плиты бетонные тротуарные тактильные, толщина 80 мм, цвет серый | C82: =Source!H279 -> м2 | D82: =Source!I279 -> 2.88
A83: =Source!E281 -> 26 | B83: =Source!G281 -> Покрытие полов мягкими коврами по готовому основанию без галтелей или плинтусов на клей "Бустилат" (лента противоскользящаям 0,025*3,4м) | C83: =Source!H281 -> 100 м2 покрытия | D83: =Source!I281 -> 0.00085
A84: =Source!E283 -> 26,1 | B84: =Source!G283 -> Цветная нескользящая лента Л-25, светонакопительная. 25мм | C84: =Source!H283 -> м | D84: =Source!I283 -> 3.4
A85: =Source!E285 -> 26,2 | B85: =Source!G285 -> Клей дисперсный, "АДМ-К" | C85: =Source!H285 -> т | D85: =Source!I285 -> 6e-05
A86: =Source!E287 -> 27 | B86: =Source!G287 -> Установка номерных табличек для квартир | C86: =Source!H287 -> шт. | D86: =Source!I287 -> 10
A87: =Source!E289 -> 27,1 | B87: =Source!G289 -> Таблички с шрифтом Брайля 270х50 | C87: =Source!H289 -> шт. | D87: =Source!I289 -> 2
A88: =Source!E291 -> 27,2 | B88: =Source!G291 -> Пиктограмма СП-11 Направление движения, поворот. 200 x 200мм | C88: =Source!H291 -> шт. | D88: =Source!I291 -> 7
A89: =Source!E293 -> 27,3 | B89: =Source!G293 -> Маяк световой для дверных проемов (пара). 150 x 290 x 40мм | C89: =Source!H293 -> пара | D89: =Source!I293 -> 1
A90: =CONCATENATE("Подраздел: ", Source!G325) -> Подраздел: Конструктивные решения
A91: =Source!E329 -> 28 | B91: =Source!G329 -> Устройство подстилающих и выравнивающих слоев оснований из песка | C91: =Source!H329 -> 100 м3 материала основания (в плотном теле) | D91: =Source!I329 -> 0.003
A92: =Source!E331 -> 28,1 | B92: =Source!G331 -> Песок для строительных работ, рядовой | C92: =Source!H331 -> м3 | D92: =Source!I331 -> 0.3
A93: =Source!E333 -> 29 | B93: =Source!G333 -> Устройство бетонной подготовки | C93: =Source!H333 -> 100 м3 в деле | D93: =Source!I333 -> 0.0008
A94: =Source!E335 -> 29,1 | B94: =Source!G335 -> Смеси бетонные, БСГ, песчаного бетона, класс прочности В7,5 (М100); П1, F50, W2 | C94: =Source!H335 -> м3 | D94: =Source!I335 -> 0.0816
A95: =Source!E337 -> 30 | B95: =Source!G337 -> Устройство фундаментных плит железобетонных плоских | C95: =Source!H337 -> 100 м3 в деле | D95: =Source!I337 -> 0.0012
A96: =Source!E339 -> 30,1 | B96: =Source!G339 -> Арматурные заготовки (стержни, хомуты и т.п.), не собранные в каркасы или сетки, арматурная сталь периодического профиля, класс А-III, диаметр 8 мм | C96: =Source!H339 -> т | D96: =Source!I339 -> 0.002
A97: =Source!E341 -> 30,2 | B97: =Source!G341 -> Арматурные заготовки (стержни, хомуты и т.п.), не собранные в каркасы или сетки, арматурная сталь периодического профиля, класс А-III, диаметр 12-14 мм | C97: =Source!H341 -> т | D97: =Source!I341 -> 0.004
A98: =Source!E343 -> 30,3 | B98: =Source!G343 -> Смеси бетонные, БСГ, тяжелого бетона на гранитном щебне, класс прочности В20 (М250); П3, фракция 5-20, F100, W2 | C98: =Source!H343 -> м3 | D98: =Source!I343 -> 0.1218
A99: =Source!E345 -> 31 | B99: =Source!G345 -> Монтаж площадок с настилом и ограждением из листовой, рифленой, просечной и круглой стали | C99: =Source!H345 -> 1 т конструкций | D99: =Source!I345 -> 0.27
A100: =Source!E347 -> 31,1 | B100: =Source!G347 -> Болты строительные с гайками с шестигранной головкой, диаметр резьбы 6 мм | C100: =Source!H347 -> т | D100: =Source!I347 -> 0.022742
A101: =Source!E349 -> 31,2 | B101: =Source!G349 -> Профили стальные электросварные квадратного сечения трубчатые, размер стороны 60 мм, толщина стенки 3 мм | C101: =Source!H349 -> т | D101: =Source!I349 -> 0.09
A102: =Source!E351 -> 31,3 | B102: =Source!G351 -> Сталь угловая равнополочная общего назначения, марка Ст0, ширина полки более 70 мм | C102: =Source!H351 -> т | D102: =Source!I351 -> 0.08
A103: =Source!E353 -> 31,4 | B103: =Source!G353 -> Сталь толстолистовая, толщина более 4 мм, общего назначения, марка Ст1сп-Ст6сп | C103: =Source!H353 -> т | D103: =Source!I353 -> 0.02
A104: =Source!E355 -> 31,5 | B104: =Source!G355 -> Площадки с настилом из листовой, рифленой, просечной или круглой стали, каркасами и элементами жесткости из прокатных и гнутых профилей, прямоугольные и трапециевидные | C104: =Source!H355 -> т | D104: =Source!I355 -> 0.08
A105: =CONCATENATE("Подраздел: ", Source!G387) -> Подраздел: Сети связи
A106: =Source!E391 -> 32 | B106: =Source!G391 -> Аппаратура настенного типа, звонок ( МР-413W8) | C106: =Source!H391 -> 1 ШТ. | D106: =Source!I391 -> 2
...

Sheet RV_DATA
A1: BuildingFinished | B1: Trud | C1: Mash | D1: Mat | E1: MatZak | F1: Oborud | G1: OborudZak | H1: ZeroStoim | I1: NegativeKoll | J1: ReUnionKollResurcy
A2: 1 | B2: 0 | C2: 0 | D2: 1 | E2: 1 | F2: 1 | G2: 1 | H2: 1 | I2: 0 | J2: 0
A4: TYPE | B4: LINK | C4: RABMAT_EX | D4: TIP_RAB | E4: TYPE_TRUD | F4: TAB | G4: NAME | H4: EDIZM | I4: KOLL | J4: UCH | K4: PRICE_B | L4: STOIM_B | M4: PRICE_C | N4: STOIM_C | O4: CRC_GR_RES | P4: CRC_B | Q4: CRC_C
A6: =Source!A20 -> 3 | B6: 20 | G6: =Source!G20 -> Смета на общестроительные работы
A7: =Source!A24 -> 4 | B7: 24 | G7: =Source!G24 -> Наружные работы
A8: =Source!A31 -> 18 | C8: 3 | D8: =Source!BI31 -> 1 | E8: =Source!FS31 -> 0 | F8: =Source!F31 -> 9999990001 | G8: =Source!G31 -> Масса мусора 2,4кг/1м3 | H8: =Source!H31 -> т | I8: =Source!I31 -> 0.003 | J8: 1 | K8: =ROUND(Source!AC31, 6) -> 0 | L8: =ROUND(K8*I8, 2) -> 0 | M8: =ROUND(Source!AC31*IF(Source!BC31<> 0, Source!BC31, 1), 6) -> 0 | N8: =ROUND(M8*I8, 2) -> 0 | O8: =Source!GF31 -> -269224915 | P8: -1963567268 | Q8: -1963567268
A9: =Source!A39 -> 17 | C9: 3 | D9: 0 | E9: =SmtRes!AV41 -> 0 | F9: =SmtRes!I41 -> 1.3-3-19 | G9: =SmtRes!K41 -> Эмульсии дорожные, битумные | H9: =SmtRes!O41 -> т | I9: =SmtRes!Y41*Source!I39 -> 0.007764 | J9: =SmtRes!AO41 -> 1 | K9: =ROUND(SmtRes!AE41, 6) -> 1445.87 | L9: =ROUND(I9*K9, 2) -> 11.23 | M9: =ROUND(SmtRes!AA41, 6) -> 12955 | N9: =ROUND(I9*M9, 2) -> 100.58 | O9: =SmtRes!X41 -> 253159774 | P9: -1685791731 | Q9: -412094702
A10: =Source!A41 -> 18 | C10: 3 | D10: =Source!BI41 -> 1 | E10: =Source!FS41 -> 0 | F10: =Source!F41 -> 1.3-3-4 | G10: =Source!G41 -> Смеси асфальтобетонные дорожные горячие крупнозернистые, тип II | H10: =Source!H41 -> т | I10: =Source!I41 -> 1.859478 | J10: 1 | K10: =ROUND(Source!AC41, 6) -> 305.75 | L10: =ROUND(K10*I10, 2) -> 568.54 | M10: =ROUND(Source!AC41*IF(Source!BC41<> 0, Source!BC41, 1), 6) -> 2580.53 | N10: =ROUND(M10*I10, 2) -> 4798.44 | O10: =Source!GF41 -> -2137020924 | P10: 641113410 | Q10: -240098630
A11: =Source!A45 -> 18 | C11: 3 | D11: =Source!BI45 -> 1 | E11: =Source!FS45 -> 0 | F11: =Source!F45 -> 1.3-3-4 | G11: =Source!G45 -> Смеси асфальтобетонные дорожные горячие крупнозернистые, тип II | H11: =Source!H45 -> т | I11: =Source!I45 -> 1.859478 | J11: 1 | K11: =ROUND(Source!AC45, 6) -> 305.75 | L11: =ROUND(K11*I11, 2) -> 568.54 | M11: =ROUND(Source!AC45*IF(Source!BC45<> 0, Source!BC45, 1), 6) -> 2580.53 | N11: =ROUND(M11*I11, 2) -> 4798.44 | O11: =Source!GF45 -> -2137020924 | P11: 641113410 | Q11: -240098630
A12: =Source!A49 -> 18 | C12: 3 | D12: =Source!BI49 -> 1 | E12: =Source!FS49 -> 0 | F12: =Source!F49 -> 1.4-6-1 | G12: =Source!G49 -> Земля растительная | H12: =Source!H49 -> м3 | I12: =Source!I49 -> 1.974 | J12: 1 | K12: =ROUND(Source!AC49, 6) -> 146.84 | L12: =ROUND(K12*I12, 2) -> 289.86 | M12: =ROUND(Source!AC49*IF(Source!BC49<> 0, Source!BC49, 1), 6) -> 682.806 | N12: =ROUND(M12*I12, 2) -> 1347.86 | O12: =Source!GF49 -> 92320855 | P12: -326285843 | Q12: -530123611
A13: =Source!A51 -> 17 | C13: 3 | D13: 0 | E13: =SmtRes!AV59 -> 0 | F13: =SmtRes!I59 -> 1.1-1-118 | G13: =SmtRes!K59 -> Вода | H13: =SmtRes!O59 -> м3 | I13: =SmtRes!Y59*Source!I51 -> 1.316 | J13: =SmtRes!AO59 -> 1 | K13: =ROUND(SmtRes!AE59, 6) -> 7.07 | L13: =ROUND(I13*K13, 2) -> 9.3 | M13: =ROUND(SmtRes!AA59, 6) -> 29.98 | N13: =ROUND(I13*M13, 2) -> 39.45 | O13: =SmtRes!X59 -> -862991314 | P13: 209219300 | Q13: 2045990491
A14: =Source!A53 -> 18 | C14: 3 | D14: =Source!BI53 -> 1 | E14: =Source!FS53 -> 0 | F14: =Source!F53 -> 1.4-6-6 | G14: =Source!G53 -> Семена (смесь универсальная) газонных трав | H14: =Source!H53 -> кг | I14: =Source!I53 -> 0.5264 | J14: 1 | K14: =ROUND(Source!AC53, 6) -> 57.93 | L14: =ROUND(K14*I14, 2) -> 30.49 | M14: =ROUND(Source!AC53*IF(Source!BC53<> 0, Source!BC53, 1), 6) -> 139.032 | N14: =ROUND(M14*I14, 2) -> 73.19 | O14: =Source!GF53 -> 735025367 | P14: 797975201 | Q14: -1119444336
A15: =Source!A55 -> 17 | C15: 3 | D15: 0 | E15: =SmtRes!AV71 -> 0 | F15: =SmtRes!I71 -> 1.1-1-1566 | G15: =SmtRes!K71 -> Электроды, тип Э-42, 46, 50, диаметр 4 - 6 мм | H15: =SmtRes!O71 -> т | I15: =SmtRes!Y71*Source!I55 -> 0.0001563 | J15: =SmtRes!AO71 -> 1 | K15: =ROUND(SmtRes!AE71, 6) -> 7191.81 | L15: =ROUND(I15*K15, 2) -> 1.12 | M15: =ROUND(SmtRes!AA71, 6) -> 86373.64 | N15: =ROUND(I15*M15, 2) -> 13.5 | O15: =SmtRes!X71 -> 1310716689 | P15: -143943088 | Q15: -161349360
A16: =Source!A57 -> 18 | C16: 3 | D16: =Source!BI57 -> 1 | E16: =Source!FS57 -> 0 | F16: =Source!F57 -> 1.7-9-8 | G16: =Source!G57 -> Ограждение газонное из металлической профильной трубы 20х20х1,5 мм | H16: =Source!H57 -> м2 | I16: =Source!I57 -> 5.21 | J16: 1 | K16: =ROUND(Source!AC57, 6) -> 358.54 | L16: =ROUND(K16*I16, 2) -> 1867.99 | M16: =ROUND(Source!AC57*IF(Source!BC57<> 0, Source!BC57, 1), 6) -> 634.6158 | N16: =ROUND(M16*I16, 2) -> 3306.35 | O16: =Source!GF57 -> 1093334536 | P16: -636685694 | Q16: -648000254
A17: =Source!A92 -> 4 | B17: 92 | G17: =Source!G92 -> Демонтажные работы
A18: =Source!A96 -> 5 | B18: 96 | G18: =Source!G96 -> Входная группа
A19: =Source!A101 -> 17 | C19: 3 | D19: 0 | E19: =SmtRes!AV90 -> 0 | F19: =SmtRes!I90 -> 9999990006 | G19: =SmtRes!K90 -> Стоимость прочих материалов (ЭСН) | H19: =SmtRes!O90 -> руб. | I19: =SmtRes!Y90*Source!I101 -> 2.3688 | J19: =SmtRes!AO90 -> 1 | K19: =ROUND(SmtRes!AE90, 6) -> 1 | L19: =ROUND(I19*K19, 2) -> 2.37 | M19: =ROUND(SmtRes!AA90, 6) -> 1 | N19: =ROUND(I19*M19, 2) -> 2.37 | O19: =SmtRes!X90 -> -94250534 | P19: -1341645062 | Q19: -1341645062
A20: =Source!A101 -> 17 | C20: 3 | D20: 0 | E20: =SmtRes!AV88 -> 0 | F20: =SmtRes!I88 -> 1.1-1-1566 | G20: =SmtRes!K88 -> Электроды, тип Э-42, 46, 50, диаметр 4 - 6 мм | H20: =SmtRes!O88 -> т | I20: =SmtRes!Y88*Source!I101 -> 4.2e-05 | J20: =SmtRes!AO88 -> 1 | K20: =ROUND(SmtRes!AE88, 6) -> 7191.81 | L20: =ROUND(I20*K20, 2) -> 0.3 | M20: =ROUND(SmtRes!AA88, 6) -> 86373.64 | N20: =ROUND(I20*M20, 2) -> 3.63 | O20: =SmtRes!X88 -> 1310716689 | P20: -143943088 | Q20: -161349360
A21: =Source!A103 -> 18 | C21: 3 | D21: =Source!BI103 -> 1 | E21: =Source!FS103 -> 0 | F21: =Source!F103 -> 9999990001 | G21: =Source!G103 -> Масса мусора | H21: =Source!H103 -> т | I21: =Source!I103 -> 0.1 | J21: 1 | K21: =ROUND(Source!AC103, 6) -> 0 | L21: =ROUND(K21*I21, 2) -> 0 | M21: =ROUND(Source!AC103*IF(Source!BC103<> 0, Source!BC103, 1), 6) -> 0 | N21: =ROUND(M21*I21, 2) -> 0 | O21: =Source!GF103 -> 1489638031 | P21: 557837154 | Q21: 557837154
A22: =Source!A107 -> 18 | C22: 3 | D22: =Source!BI107 -> 1 | E22: =Source!FS107 -> 0 | F22: =Source!F107 -> 9999990001 | G22: =Source!G107 -> Масса мусора | H22: =Source!H107 -> т | I22: =Source!I107 -> 0.03 | J22: 1 | K22: =ROUND(Source!AC107, 6) -> 0 | L22: =ROUND(K22*I22, 2) -> 0 | M22: =ROUND(Source!AC107*IF(Source!BC107<> 0, Source!BC107, 1), 6) -> 0 | N22: =ROUND(M22*I22, 2) -> 0 | O22: =Source!GF107 -> 1489638031 | P22: 557837154 | Q22: 557837154
A23: =Source!A113 -> 17 | C23: 3 | D23: 0 | E23: =SmtRes!AV109 -> 0 | F23: =SmtRes!I109 -> 1.1-1-923 | G23: =SmtRes!K109 -> Поковки строительные (скобы, закрепы, хомуты) простые, масса 1,8 кг | H23: =SmtRes!O109 -> т | I23: =SmtRes!Y109*Source!I113 -> 0.00108 | J23: =SmtRes!AO109 -> 1 | K23: =ROUND(SmtRes!AE109, 6) -> 6870.66 | L23: =ROUND(I23*K23, 2) -> 7.42 | M23: =ROUND(SmtRes!AA109, 6) -> 40055.95 | N23: =ROUND(I23*M23, 2) -> 43.26 | O23: =SmtRes!X109 -> -1557622869 | P23: -1450217722 | Q23: 1919735130
A24: =Source!A113 -> 17 | C24: 3 | D24: 0 | E24: =SmtRes!AV108 -> 0 | F24: =SmtRes!I108 -> 1.1-1-491 | G24: =SmtRes!K108 -> Лак битумный, марка БТ-123 | H24: =SmtRes!O108 -> т | I24: =SmtRes!Y108*Source!I113 -> 9e-05 | J24: =SmtRes!AO108 -> 1 | K24: =ROUND(SmtRes!AE108, 6) -> 11242.42 | L24: =ROUND(I24*K24, 2) -> 1.01 | M24: =ROUND(SmtRes!AA108, 6) -> 46993.32 | N24: =ROUND(I24*M24, 2) -> 4.23 | O24: =SmtRes!X108 -> 1192568630 | P24: -736655064 | Q24: 1023048722
A25: =Source!A115 -> 18 | C25: 3 | D25: =Source!BI115 -> 1 | E25: =Source!FS115 -> 0 | F25: =Source!F115 -> 9999990001 | G25: =Source!G115 -> Масса мусора | H25: =Source!H115 -> т | I25: =Source!I115 -> 0.03 | J25: 1 | K25: =ROUND(Source!AC115, 6) -> 0 | L25: =ROUND(K25*I25, 2) -> 0 | M25: =ROUND(Source!AC115*IF(Source!BC115<> 0, Source!BC115, 1), 6) -> 0 | N25: =ROUND(M25*I25, 2) -> 0 | O25: =Source!GF115 -> 1489638031 | P25: 557837154 | Q25: 557837154
A26: =Source!A175 -> 4 | B26: 175 | G26: =Source!G175 -> Монтажные работы
A27: =Source!A179 -> 5 | B27: 179 | G27: =Source!G179 -> Входная группа
A28: =Source!A184 -> 17 | C28: 3 | D28: 0 | E28: =SmtRes!AV117 -> 0 | F28: =SmtRes!I117 -> 1.1-1-118 | G28: =SmtRes!K117 -> Вода | H28: =SmtRes!O117 -> м3 | I28: =SmtRes!Y117*Source!I184 -> 0.1785 | J28: =SmtRes!AO117 -> 1 | K28: =ROUND(SmtRes!AE117, 6) -> 7.07 | L28: =ROUND(I28*K28, 2) -> 1.26 | M28: =ROUND(SmtRes!AA117, 6) -> 29.98 | N28: =ROUND(I28*M28, 2) -> 5.35 | O28: =SmtRes!X117 -> -862991314 | P28: 209219300 | Q28: 2045990491
A29: =Source!A186 -> 18 | C29: 3 | D29: =Source!BI186 -> 1 | E29: =Source!FS186 -> 0 | F29: =Source!F186 -> 1.3-2-6 | G29: =Source!G186 -> Растворы цементные, марка 150 | H29: =Source!H186 -> м3 | I29: =Source!I186 -> 0.10404 | J29: 1 | K29: =ROUND(Source!AC186, 6) -> 478.96 | L29: =ROUND(K29*I29, 2) -> 49.83 | M29: =ROUND(Source!AC186*IF(Source!BC186<> 0, Source!BC186, 1), 6) -> 2912.0768 | N29: =ROUND(M29*I29, 2) -> 302.97 | O29: =Source!GF186 -> -1161195218 | P29: 78190390 | Q29: -1297412162
A30: =Source!A188 -> 17 | C30: 3 | D30: 0 | E30: =SmtRes!AV128 -> 0 | F30: =SmtRes!I128 -> 9999990006 | G30: =SmtRes!K128 -> Стоимость прочих материалов (ЭСН) | H30: =SmtRes!O128 -> руб. | I30: =SmtRes!Y128*Source!I188 -> 0.28917 | J30: =SmtRes!AO128 -> 1 | K30: =ROUND(SmtRes!AE128, 6) -> 1 | L30: =ROUND(I30*K30, 2) -> 0.29 | M30: =ROUND(SmtRes!AA128, 6) -> 1 | N30: =ROUND(I30*M30, 2) -> 0.29 | O30: =SmtRes!X128 -> -94250534 | P30: -1341645062 | Q30: -1341645062
A31: =Source!A188 -> 17 | C31: 3 | D31: 0 | E31: =SmtRes!AV126 -> 0 | F31: =SmtRes!I126 -> 1.3-2-6 | G31: =SmtRes!K126 -> Растворы цементные, марка 150 | H31: =SmtRes!O126 -> м3 | I31: =SmtRes!Y126*Source!I188 -> 0.10761 | J31: =SmtRes!AO126 -> 1 | K31: =ROUND(SmtRes!AE126, 6) -> 478.96 | L31: =ROUND(I31*K31, 2) -> 51.54 | M31: =ROUND(SmtRes!AA126, 6) -> 2912.08 | N31: =ROUND(I31*M31, 2) -> 313.37 | O31: =SmtRes!X126 -> -1161195218 | P31: 78190390 | Q31: -1660568809
A32: =Source!A190 -> 18 | C32: 3 | D32: =Source!BI190 -> 1 | E32: =Source!FS190 -> 0 | F32: =Source!F190 -> 1.5-1-192 | G32: =Source!G190 -> Плиты бетонные тротуарные, толщина 70 мм, цвет серый | H32: =Source!H190 -> м2 | I32: =Source!I190 -> 5.202 | J32: 1 | K32: =ROUND(Source!AC190, 6) -> 117.94 | L32: =ROUND(K32*I32, 2) -> 613.52 | M32: =ROUND(Source!AC190*IF(Source!BC190<> 0, Source!BC190, 1), 6) -> 459.966 | N32: =ROUND(M32*I32, 2) -> 2392.74 | O32: =Source!GF190 -> 1313026270 | P32: -1961533055 | Q32: -1021088367
A33: =Source!A192 -> 17 | C33: 3 | D33: 0 | E33: =SmtRes!AV144 -> 0 | F33: =SmtRes!I144 -> 1.1-1-2480 | G33: =SmtRes!K144 -> Грунтовка акриловая на латексной основе, марка "Грундирмиттель" | H33: =SmtRes!O144 -> т | I33: =SmtRes!Y144*Source!I192 -> 0.00018 | J33: =SmtRes!AO144 -> 1 | K33: =ROUND(SmtRes!AE144, 6) -> 69883.65 | L33: =ROUND(I33*K33, 2) -> 12.58 | M33: =ROUND(SmtRes!AA144, 6) -> 106223.15 | N33: =ROUND(I33*M33, 2) -> 19.12 | O33: =SmtRes!X144 -> 353027985 | P33: -1497170026 | Q33: 1463188514
A34: =Source!A192 -> 17 | C34: 3 | D34: 0 | E34: =SmtRes!AV142 -> 0 | F34: =SmtRes!I142 -> 1.1-1-118 | G34: =SmtRes!K142 -> Вода | H34: =SmtRes!O142 -> м3 | I34: =SmtRes!Y142*Source!I192 -> 0.002394 | J34: =SmtRes!AO142 -> 1 | K34: =ROUND(SmtRes!AE142, 6) -> 7.07 | L34: =ROUND(I34*K34, 2) -> 0.02 | M34: =ROUND(SmtRes!AA142, 6) -> 29.98 | N34: =ROUND(I34*M34, 2) -> 0.07 | O34: =SmtRes!X142 -> -862991314 | P34: 209219300 | Q34: 2045990491
A35: =Source!A194 -> 18 | C35: 3 | D35: =Source!BI194 -> 1 | E35: =Source!FS194 -> 0 | F35: =Source!F194 -> 1.3-2-138 | G35: =Source!G194 -> Смеси сухие для заполнения швов между плитками, цветные | H35: =Source!H194 -> т | I35: =Source!I194 -> 0.002 | J35: 1 | K35: =ROUND(Source!AC194, 6) -> 27362.67 | L35: =ROUND(K35*I35, 2) -> 54.73 | M35: =ROUND(Source!AC194*IF(Source!BC194<> 0, Source!BC194, 1), 6) -> 25994.536 | N35: =ROUND(M35*I35, 2) -> 51.99 | O35: =Source!GF194 -> 1389983172 | P35: -1353142151 | Q35: 561068362
A36: =Source!A196 -> 18 | C36: 3 | D36: =Source!BI196 -> 1 | E36: =Source!FS196 -> 0 | F36: =Source!F196 -> 1.3-2-168 | G36: =Source!G196 -> Смеси сухие клеевые, высокоадгезионные, высокоэластичные, для внутренних и наружных работ, для укладки напольной, настенной и потолочной плитки из керамики, мозаики, натурального камня и керамогранита | H36: =Source!H196 -> т | I36: =Source!I196 -> 0.00846 | J36: 1 | K36: =ROUND(Source!AC196, 6) -> 6529.05 | L36: =ROUND(K36*I36, 2) -> 55.24 | M36: =ROUND(Source!AC196*IF(Source!BC196<> 0, Source!BC196, 1), 6) -> 7638.9885 | N36: =ROUND(M36*I36, 2) -> 64.63 | O36: =Source!GF196 -> -137175376 | P36: 1529335346 | Q36: 274111918
A37: =Source!A198 -> 18 | C37: 3 | D37: =Source!BI198 -> 1 | E37: =Source!FS198 -> 0 | F37: =Source!F198 -> 1.1-1-2398 | G37: =Source!G198 -> Плитки керамические, типа керамогранит, неполированные, размер 30х30 см, толщина 8 мм, цвет: светло-серый, серый, светло-зеленый, бежевый | H37: =Source!H198 -> м2 | I37: =Source!I198 -> 1.836 | J37: 1 | K37: =ROUND(Source!AC198, 6) -> 92.02 | L37: =ROUND(K37*I37, 2) -> 168.95 | M37: =ROUND(Source!AC198*IF(Source!BC198<> 0, Source!BC198, 1), 6) -> 403.0476 | N37: =ROUND(M37*I37, 2) -> 740 | O37: =Source!GF198 -> 1213652254 | P37: 1282892280 | Q37: 2077047568
A38: =Source!A202 -> 18 | C38: 3 | D38: =Source!BI202 -> 1 | E38: =Source!FS202 -> 0 | F38: =Source!F202 -> 1.1-1-1328 | G38: =Source!G202 -> Цемент общестроительный, портландцемент общего назначения, марка 300 | H38: =Source!H202 -> т | I38: =Source!I202 -> 0.0225 | J38: 1 | K38: =ROUND(Source!AC202, 6) -> 315.2 | L38: =ROUND(K38*I38, 2) -> 7.09 | M38: =ROUND(Source!AC202*IF(Source!BC202<> 0, Source!BC202, 1), 6) -> 3356.88 | N38: =ROUND(M38*I38, 2) -> 75.53 | O38: =Source!GF202 -> 2075225388 | P38: 765918850 | Q38: 1226868324
A39: =Source!A204 -> 18 | C39: 3 | D39: =Source!BI204 -> 1 | E39: =Source!FS204 -> 0 | F39: =Source!F204 -> цена поставщика | G39: =Source!G204 -> Ограждение пандуса из нержавеющей | H39: =Source!H204 -> ПМ | I39: =Source!I204 -> 11.1 | J39: 1 | K39: =ROUND(Source!AC204, 6) -> 710.7 | L39: =ROUND(K39*I39, 2) -> 7888.77 | M39: =ROUND(Source!AC204*IF(Source!BC204<> 0, Source!BC204, 1), 6) -> 3716.961 | N39: =ROUND(M39*I39, 2) -> 41258.27 | O39: =Source!GF204 -> 1550056831 | P39: 327562513 | Q39: 918097005
A40: =Source!A206 -> 18 | C40: 3 | D40: =Source!BI206 -> 1 | E40: =Source!FS206 -> 0 | F40: =Source!F206 -> цена поставщика | G40: =Source!G206 -> Ограждения из нержавеющей стали лестниц | H40: =Source!H206 -> ПМ | I40: =Source!I206 -> 3.9 | J40: 1 | K40: =ROUND(Source!AC206, 6) -> 694.17 | L40: =ROUND(K40*I40, 2) -> 2707.26 | M40: =ROUND(Source!AC206*IF(Source!BC206<> 0, Source!BC206, 1), 6) -> 3630.5091 | N40: =ROUND(M40*I40, 2) -> 14158.99 | O40: =Source!GF206 -> 1342183003 | P40: 1645927506 | Q40: 735709410
A41: =Source!A208 -> 17 | C41: 3 | D41: 0 | E41: =SmtRes!AV168 -> 0 | F41: =SmtRes!I168 -> 9999990006 | G41: =SmtRes!K168 -> Стоимость прочих материалов (ЭСН) | H41: =SmtRes!O168 -> руб. | I41: =SmtRes!Y168*Source!I208 -> 0.04331 | J41: =SmtRes!AO168 -> 1 | K41: =ROUND(SmtRes!AE168, 6) -> 1 | L41: =ROUND(I41*K41, 2) -> 0.04 | M41: =ROUND(SmtRes!AA168, 6) -> 1 | N41: =ROUND(I41*M41, 2) -> 0.04 | O41: =SmtRes!X168 -> -94250534 | P41: -1341645062 | Q41: -1341645062
A42: =Source!A210 -> 18 | C42: 3 | D42: =Source!BI210 -> 1 | E42: =Source!FS210 -> 0 | F42: =Source!F210 -> 1.1-1-118 | G42: =Source!G210 -> Вода | H42: =Source!H210 -> м3 | I42: =Source!I210 -> 0.01503 | J42: 1 | K42: =ROUND(Source!AC210, 6) -> 7.07 | L42: =ROUND(K42*I42, 2) -> 0.11 | M42: =ROUND(Source!AC210*IF(Source!BC210<> 0, Source!BC210, 1), 6) -> 29.9768 | N42: =ROUND(M42*I42, 2) -> 0.45 | O42: =Source!GF210 -> -862991314 | P42: 209219300 | Q42: 819754372
A43: =Source!A212 -> 18 | C43: 3 | D43: =Source!BI212 -> 1 | E43: =Source!FS212 -> 0 | F43: =Source!F212 -> 1.3-2-26 | G43: =Source!G212 -> Смеси сухие штукатурные цементно-песчаные для внутренних и наружных работ, улучшенные с импортными добавками, В12,5 (М150), F50, крупность заполнителя не более 0,5 мм | H43: =Source!H212 -> т | I43: =Source!I212 -> 0.085888 | J43: 1 | K43: =ROUND(Source!AC212, 6) -> 1823.55 | L43: =ROUND(K43*I43, 2) -> 156.62 | M43: =ROUND(Source!AC212*IF(Source!BC212<> 0, Source!BC212, 1), 6) -> 4412.991 | N43: =ROUND(M43*I43, 2) -> 379.02 | O43: =Source!GF212 -> 1872927496 | P43: 2087319251 | Q43: 224496713
A44: =Source!A214 -> 18 | C44: 3 | D44: =Source!BI214 -> 1 | E44: =Source!FS214 -> 0 | F44: =Source!F214 -> 1.3-2-11 | G44: =Source!G214 -> Растворы цементно-известковые, марка 25 | H44: =Source!H214 -> м3 | I44: =Source!I214 -> 0.20984 | J44: 1 | K44: =ROUND(Source!AC214, 6) -> 441.1 | L44: =ROUND(K44*I44, 2) -> 92.56 | M44: =ROUND(Source!AC214*IF(Source!BC214<> 0, Source!BC214, 1), 6) -> 2915.671 | N44: =ROUND(M44*I44, 2) -> 611.82 | O44: =Source!GF214 -> -2018362707 | P44: -1699775078 | Q44: 1513715382
A45: =Source!A216 -> 17 | C45: 3 | D45: 0 | E45: =SmtRes!AV178 -> 0 | F45: =SmtRes!I178 -> 9999990006 | G45: =SmtRes!K178 -> Стоимость прочих материалов (ЭСН) | H45: =SmtRes!O178 -> руб. | I45: =SmtRes!Y178*Source!I216 -> 0.37149 | J45: =SmtRes!AO178 -> 1 | K45: =ROUND(SmtRes!AE178, 6) -> 1 | L45: =ROUND(I45*K45, 2) -> 0.37 | M45: =ROUND(SmtRes!AA178, 6) -> 1 | N45: =ROUND(I45*M45, 2) -> 0.37 | O45: =SmtRes!X178 -> -94250534 | P45: -1341645062 | Q45: -1341645062
A46: =Source!A218 -> 18 | C46: 3 | D46: =Source!BI218 -> 1 | E46: =Source!FS218 -> 0 | F46: =Source!F218 -> 1.1-1-1487 | G46: =Source!G218 -> Шпатлевка масляно-клеевая универсальная | H46: =Source!H218 -> т | I46: =Source!I218 -> 0.003111 | J46: 1 | K46: =ROUND(Source!AC218, 6) -> 2278.84 | L46: =ROUND(K46*I46, 2) -> 7.09 | M46: =ROUND(Source!AC218*IF(Source!BC218<> 0, Source!BC218, 1), 6) -> 14311.115 | N46: =ROUND(M46*I46, 2) -> 44.52 | O46: =Source!GF218 -> 1793685401 | P46: -509580385 | Q46: -2104003906
A47: =Source!A220 -> 18 | C47: 3 | D47: =Source!BI220 -> 1 | E47: =Source!FS220 -> 0 | F47: =Source!F220 -> 1.1-1-438 | G47: =Source!G220 -> Краски водно-дисперсионные поливинилацетатные, белые, марка ВД-ВА-17 | H47: =Source!H220 -> т | I47: =Source!I220 -> 0.003843 | J47: 1 | K47: =ROUND(Source!AC220, 6) -> 22652.13 | L47: =ROUND(K47*I47, 2) -> 87.05 | M47: =ROUND(Source!AC220*IF(Source!BC220<> 0, Source!BC220, 1), 6) -> 42132.962 | N47: =ROUND(M47*I47, 2) -> 161.92 | O47: =Source!GF220 -> -908598485 | P47: 682084707 | Q47: -1533386396
A48: =Source!A222 -> 17 | C48: 3 | D48: 0 | E48: =SmtRes!AV194 -> 0 | F48: =SmtRes!I194 -> 9999990006 | G48: =SmtRes!K194 -> Стоимость прочих материалов (ЭСН) | H48: =SmtRes!O194 -> руб. | I48: =SmtRes!Y194*Source!I222 -> 3.948 | J48: =SmtRes!AO194 -> 1 | K48: =ROUND(SmtRes!AE194, 6) -> 1 | L48: =ROUND(I48*K48, 2) -> 3.95 | M48: =ROUND(SmtRes!AA194, 6) -> 1 | N48: =ROUND(I48*M48, 2) -> 3.95 | O48: =SmtRes!X194 -> -94250534 | P48: -1341645062 | Q48: -1341645062
A49: =Source!A222 -> 17 | C49: 3 | D49: 0 | E49: =SmtRes!AV191 -> 0 | F49: =SmtRes!I191 -> 1.1-1-1566 | G49: =SmtRes!K191 -> Электроды, тип Э-42, 46, 50, диаметр 4 - 6 мм | H49: =SmtRes!O191 -> т | I49: =SmtRes!Y191*Source!I222 -> 7e-05 | J49: =SmtRes!AO191 -> 1 | K49: =ROUND(SmtRes!AE191, 6) -> 7191.81 | L49: =ROUND(I49*K49, 2) -> 0.5 | M49: =ROUND(SmtRes!AA191, 6) -> 86373.64 | N49: =ROUND(I49*M49, 2) -> 6.05 | O49: =SmtRes!X191 -> 1310716689 | P49: -143943088 | Q49: -161349360
A50: =Source!A224 -> 18 | C50: 3 | D50: =Source!BI224 -> 1 | E50: =Source!FS224 -> 0 | F50: =Source!F224 -> 1.7-2-261 | G50: =Source!G224 -> Блоки дверные металлические противопожарные, шлюзовые, остекленные антивандальным стекл., с заполнением минеральной ватой, окрашенные порошковыми красками, ДПМ-01/30 тип ДШМ 21-10, однопольные, размеры 984х2060 мм, с замком, без доводчика | H50: =Source!H224 -> шт. | I50: =Source!I224 -> 3 | J50: 1 | K50: =ROUND(Source!AC224, 6) -> 7495.77 | L50: =ROUND(K50*I50, 2) -> 22487.31 | M50: =ROUND(Source!AC224*IF(Source!BC224<> 0, Source!BC224, 1), 6) -> 14316.921 | N50: =ROUND(M50*I50, 2) -> 42950.76 | O50: =Source!GF224 -> 1452044937 | P50: -154748732 | Q50: 1255915150
A51: =Source!A226 -> 18 | C51: 3 | D51: =Source!BI226 -> 1 | E51: =Source!FS226 -> 0 | F51: =Source!F226 -> 1.7-2-264 | G51: =Source!G226 -> Фрамуги наддверные металлические противопожарные, с заполнением минеральной ватой, окрашенные порошковыми красками, ФПМ 04-10, размеры 984х371 мм (0,6*0,9) | H51: =Source!H226 -> шт. | I51: =Source!I226 -> 4 | J51: 1 | K51: =ROUND(Source!AC226, 6) -> 739.17 | L51: =ROUND(K51*I51, 2) -> 2956.68 | M51: =ROUND(Source!AC226*IF(Source!BC226<> 0, Source!BC226, 1), 6) -> 2136.2013 | N51: =ROUND(M51*I51, 2) -> 8544.81 | O51: =Source!GF226 -> -105742610 | P51: -463569151 | Q51: 640726719
A52: =Source!A228 -> 17 | C52: 3 | D52: 0 | E52: =SmtRes!AV218 -> 0 | F52: =SmtRes!I218 -> 1.7-5-155 | G52: =SmtRes!K218 -> Анкер-шпилька распорный, оцинкованный, для установки в бетон, "Hilti", HST M10х110/30 | H52: =SmtRes!O218 -> шт. | I52: =SmtRes!Y218*Source!I228 -> 18 | J52: =SmtRes!AO218 -> 1 | K52: =ROUND(SmtRes!AE218, 6) -> 25.33 | L52: =ROUND(I52*K52, 2) -> 455.94 | M52: =ROUND(SmtRes!AA218, 6) -> 135.77 | N52: =ROUND(I52*M52, 2) -> 2443.86 | O52: =SmtRes!X218 -> -326044472 | P52: 129211222 | Q52: -1083985014
A53: =Source!A228 -> 17 | C53: 3 | D53: 0 | E53: =SmtRes!AV217 -> 0 | F53: =SmtRes!I217 -> 1.7-3-122 | G53: =SmtRes!K217 -> Бур с наконечником из твердого сплава, с хвостовиком SDS-plus, диаметр 10 мм, длина 260 мм | H53: =SmtRes!O217 -> шт. | I53: =SmtRes!Y217*Source!I228 -> 0.18 | J53: =SmtRes!AO217 -> 1 | K53: =ROUND(SmtRes!AE217, 6) -> 14.23 | L53: =ROUND(I53*K53, 2) -> 2.56 | M53: =ROUND(SmtRes!AA217, 6) -> 86.52 | N53: =ROUND(I53*M53, 2) -> 15.57 | O53: =SmtRes!X217 -> 1529606530 | P53: -830054629 | Q53: 1373197232
A54: =Source!A228 -> 17 | C54: 3 | D54: 0 | E54: =SmtRes!AV214 -> 0 | F54: =SmtRes!I214 -> 1.3-2-6 | G54: =SmtRes!K214 -> Растворы цементные, марка 150 | H54: =SmtRes!O214 -> м3 | I54: =SmtRes!Y214*Source!I228 -> 0.003 | J54: =SmtRes!AO214 -> 1 | K54: =ROUND(SmtRes!AE214, 6) -> 478.96 | L54: =ROUND(I54*K54, 2) -> 1.44 | M54: =ROUND(SmtRes!AA214, 6) -> 2912.08 | N54: =ROUND(I54*M54, 2) -> 8.74 | O54: =SmtRes!X214 -> -1161195218 | P54: 78190390 | Q54: -1660568809
A55: =Source!A228 -> 17 | C55: 3 | D55: 0 | E55: =SmtRes!AV213 -> 0 | F55: =SmtRes!I213 -> 1.1-1-79 | G55: =SmtRes!K213 -> Бруски хвойных пород обрезные, длина 2-6,5 м, сорт III, толщина 50-60 мм | H55: =SmtRes!O213 -> м3 | I55: =SmtRes!Y213*Source!I228 -> 0.00048 | J55: =SmtRes!AO213 -> 1 | K55: =ROUND(SmtRes!AE213, 6) -> 2472.13 | L55: =ROUND(I55*K55, 2) -> 1.19 | M55: =ROUND(SmtRes!AA213, 6) -> 6279.21 | N55: =ROUND(I55*M55, 2) -> 3.01 | O55: =SmtRes!X213 -> 1611452634 | P55: 358963788 | Q55: 626075820
A56: =Source!A228 -> 17 | C56: 3 | D56: 0 | E56: =SmtRes!AV212 -> 0 | F56: =SmtRes!I212 -> 1.1-1-3571 | G56: =SmtRes!K212 -> Пена монтажная противопожарная, обеспечивающая акустическую и термическую изоляцию, предел огнестойкости ЕI 60 | H56: =SmtRes!O212 -> л | I56: =SmtRes!Y212*Source!I228 -> 1.83 | J56: =SmtRes!AO212 -> 1 | K56: =ROUND(SmtRes!AE212, 6) -> 125.73 | L56: =ROUND(I56*K56, 2) -> 230.09 | M56: =ROUND(SmtRes!AA212, 6) -> 462.69 | N56: =ROUND(I56*M56, 2) -> 846.72 | O56: =SmtRes!X212 -> 2079983373 | P56: 1120809486 | Q56: -2087000677
A57: =Source!A228 -> 17 | C57: 3 | D57: 0 | E57: =SmtRes!AV211 -> 0 | F57: =SmtRes!I211 -> 1.1-1-2470 | G57: =SmtRes!K211 -> Герметик акриловый, марка "Illbruck" | H57: =SmtRes!O211 -> л | I57: =SmtRes!Y211*Source!I228 -> 0.78 | J57: =SmtRes!AO211 -> 1 | K57: =ROUND(SmtRes!AE211, 6) -> 177.8 | L57: =ROUND(I57*K57, 2) -> 138.68 | M57: =ROUND(SmtRes!AA211, 6) -> 195.58 | N57: =ROUND(I57*M57, 2) -> 152.55 | O57: =SmtRes!X211 -> 1960333545 | P57: -1847212044 | Q57: -522810250
A58: =Source!A230 -> 18 | C58: 3 | D58: =Source!BI230 -> 1 | E58: =Source!FS230 -> 0 | F58: =Source!F230 -> 1.7-2-261 | G58: =Source!G230 -> Блоки дверные металлические противопожарные, шлюзовые, остекленные антивандальным стекл., с заполнением минеральной ватой, окрашенные порошковыми красками, ДПМ-01/30 тип ДШМ 21-10, однопольные, размеры 984х2060 мм, с замком, без доводчика | H58: =Source!H230 -> шт. | I58: =Source!I230 -> 3 | J58: 1 | K58: =ROUND(Source!AC230, 6) -> 7495.77 | L58: =ROUND(K58*I58, 2) -> 22487.31 | M58: =ROUND(Source!AC230*IF(Source!BC230<> 0, Source!BC230, 1), 6) -> 14316.921 | N58: =ROUND(M58*I58, 2) -> 42950.76 | O58: =Source!GF230 -> 1452044937 | P58: -154748732 | Q58: 1255915150
A59: =Source!A232 -> 18 | C59: 3 | D59: =Source!BI232 -> 1 | E59: =Source!FS232 -> 0 | F59: =Source!F232 -> 1.7-2-264 | G59: =Source!G232 -> Фрамуги наддверные металлические противопожарные, с заполнением минеральной ватой, окрашенные порошковыми красками, ФПМ 04-10, размеры 984х371 мм (0,6*0,9) | H59: =Source!H232 -> шт. | I59: =Source!I232 -> 6 | J59: 1 | K59: =ROUND(Source!AC232, 6) -> 739.17 | L59: =ROUND(K59*I59, 2) -> 4435.02 | M59: =ROUND(Source!AC232*IF(Source!BC232<> 0, Source!BC232, 1), 6) -> 2136.2013 | N59: =ROUND(M59*I59, 2) -> 12817.21 | O59: =Source!GF232 -> -105742610 | P59: -463569151 | Q59: 640726719
A60: =Source!A234 -> 17 | C60: 3 | D60: 0 | E60: =SmtRes!AV231 -> 0 | F60: =SmtRes!I231 -> 1.1-1-2627 | G60: =SmtRes!K231 -> Винты самонарезающие 5х40 мм для металла | H60: =SmtRes!O231 -> кг | I60: =SmtRes!Y231*Source!I234 -> 0.06 | J60: =SmtRes!AO231 -> 1 | K60: =ROUND(SmtRes!AE231, 6) -> 20.63 | L60: =ROUND(I60*K60, 2) -> 1.24 | M60: =ROUND(SmtRes!AA231, 6) -> 89.33 | N60: =ROUND(I60*M60, 2) -> 5.36 | O60: =SmtRes!X231 -> -1260154368 | P60: 458667026 | Q60: 1368987516
A61: =Source!A236 -> 18 | C61: 3 | D61: =Source!BI236 -> 1 | E61: =Source!FS236 -> 0 | F61: =Source!F236 -> 1.8-1-83 | G61: =Source!G236 -> Доводчик дверной типа «ДОРМА» TS/83, масса двери до 150 кг | H61: =Source!H236 -> КОМПЛЕКТ | I61: =Source!I236 -> 3 | J61: 1 | K61: =ROUND(Source!AC236, 6) -> 1390.95 | L61: =ROUND(K61*I61, 2) -> 4172.85 | M61: =ROUND(Source!AC236*IF(Source!BC236<> 0, Source!BC236, 1), 6) -> 4993.5105 | N61: =ROUND(M61*I61, 2) -> 14980.53 | O61: =Source!GF236 -> 568915023 | P61: 810780757 | Q61: -56668622
A62: =Source!A267 -> 5 | B62: 267 | G62: =Source!G267 -> Обеспечение доступа МГН
A63: =Source!A272 -> 17 | C63: 3 | D63: 0 | E63: =SmtRes!AV243 -> 0 | F63: =SmtRes!I243 -> 1.1-1-3552 | G63: =SmtRes!K243 -> Грунтовка акриловая концентрированная универсальная с высокой клеевой и проникающей способностью | H63: =SmtRes!O243 -> л | I63: =SmtRes!Y243*Source!I272 -> 0.315 | J63: =SmtRes!AO243 -> 1 | K63: =ROUND(SmtRes!AE243, 6) -> 40.17 | L63: =ROUND(I63*K63, 2) -> 12.65 | M63: =ROUND(SmtRes!AA243, 6) -> 51.42 | N63: =ROUND(I63*M63, 2) -> 16.2 | O63: =SmtRes!X243 -> -1353905028 | P63: 320684223 | Q63: -1680077152
A64: =Source!A272 -> 17 | C64: 3 | D64: 0 | E64: =SmtRes!AV242 -> 0 | F64: =SmtRes!I242 -> 1.1-1-3379 | G64: =SmtRes!K242 -> Клей акриловый универсальный высокопрочный для приклеивания напольных и тяжелых типов настенных покрытий "Полином-101" | H64: =SmtRes!O242 -> кг | I64: =SmtRes!Y242*Source!I272 -> 1.12 | J64: =SmtRes!AO242 -> 1 | K64: =ROUND(SmtRes!AE242, 6) -> 25.43 | L64: =ROUND(I64*K64, 2) -> 28.48 | M64: =ROUND(SmtRes!AA242, 6) -> 59 | N64: =ROUND(I64*M64, 2) -> 66.08 | O64: =SmtRes!X242 -> -1950520048 | P64: -45941751 | Q64: 1553772719
A65: =Source!A274 -> 18 | C65: 3 | D65: =Source!BI274 -> 1 | E65: =Source!FS274 -> 0 | F65: =Source!F274 -> 1.1-1-3574 | G65: =Source!G274 -> Плитка тактильная поливинилхлоридная, размеры 300х300х4 мм | H65: =Source!H274 -> м2 | I65: =Source!I274 -> 3.15 | J65: 1 | K65: =ROUND(Source!AC274, 6) -> 175.56 | L65: =ROUND(K65*I65, 2) -> 553.01 | M65: =ROUND(Source!AC274*IF(Source!BC274<> 0, Source!BC274, 1), 6) -> 1641.486 | N65: =ROUND(M65*I65, 2) -> 5170.68 | O65: =Source!GF274 -> 1185441805 | P65: -1545335160 | Q65: 1456529508
A66: =Source!A276 -> 17 | C66: 3 | D66: 0 | E66: =SmtRes!AV254 -> 0 | F66: =SmtRes!I254 -> 1.1-1-118 | G66: =SmtRes!K254 -> Вода | H66: =SmtRes!O254 -> м3 | I66: =SmtRes!Y254*Source!I276 -> 0.02 | J66: =SmtRes!AO254 -> 1 | K66: =ROUND(SmtRes!AE254, 6) -> 7.07 | L66: =ROUND(I66*K66, 2) -> 0.14 | M66: =ROUND(SmtRes!AA254, 6) -> 29.98 | N66: =ROUND(I66*M66, 2) -> 0.6 | O66: =SmtRes!X254 -> -862991314 | P66: 209219300 | Q66: 2045990491
A67: =Source!A278 -> 18 | C67: 3 | D67: =Source!BI278 -> 1 | E67: =Source!FS278 -> 0 | F67: =Source!F278 -> 1.3-2-163 | G67: =Source!G278 -> Смеси сухие цементно-песчаные, универсальные для общестроительных и штукатурных работ, марка М-150 | H67: =Source!H278 -> т | I67: =Source!I278 -> 0.1148 | J67: 1 | K67: =ROUND(Source!AC278, 6) -> 575.97 | L67: =ROUND(K67*I67, 2) -> 66.12 | M67: =ROUND(Source!AC278*IF(Source!BC278<> 0, Source!BC278, 1), 6) -> 2937.447 | N67: =ROUND(M67*I67, 2) -> 337.22 | O67: =Source!GF278 -> 597656424 | P67: 458440021 | Q67: 603493482
A68: =Source!A280 -> 18 | C68: 3 | D68: =Source!BI280 -> 1 | E68: =Source!FS280 -> 0 | F68: =Source!F280 -> 1.5-3-492 | G68: =Source!G280 -> Плиты бетонные тротуарные тактильные, толщина 80 мм, цвет серый | H68: =Source!H280 -> м2 | I68: =Source!I280 -> 2.88 | J68: 1 | K68: =ROUND(Source!AC280, 6) -> 227.22 | L68: =ROUND(K68*I68, 2) -> 654.39 | M68: =ROUND(Source!AC280*IF(Source!BC280<> 0, Source!BC280, 1), 6) -> 779.3646 | N68: =ROUND(M68*I68, 2) -> 2244.57 | O68: =Source!GF280 -> -113972751 | P68: 1999451525 | Q68: -1167514469
A69: =Source!A282 -> 17 | C69: 3 | D69: 0 | E69: =SmtRes!AV263 -> 0 | F69: =SmtRes!I263 -> 9999990006 | G69: =SmtRes!K263 -> Стоимость прочих материалов (ЭСН) | H69: =SmtRes!O263 -> руб. | I69: =SmtRes!Y263*Source!I282 -> 0.12546 | J69: =SmtRes!AO263 -> 1 | K69: =ROUND(SmtRes!AE263, 6) -> 1 | L69: =ROUND(I69*K69, 2) -> 0.13 | M69: =ROUND(SmtRes!AA263, 6) -> 1 | N69: =ROUND(I69*M69, 2) -> 0.13 | O69: =SmtRes!X263 -> -94250534 | P69: -1341645062 | Q69: -1341645062
A70: =Source!A284 -> 18 | C70: 3 | D70: =Source!BI284 -> 1 | E70: =Source!FS284 -> 0 | F70: =Source!F284 -> цена поставщика | G70: =Source!G284 -> Цветная нескользящая лента Л-25, светонакопительная. 25мм | H70: =Source!H284 -> м | I70: =Source!I284 -> 3.4 | J70: 1 | K70: =ROUND(Source!AC284, 6) -> 20.33 | L70: =ROUND(K70*I70, 2) -> 69.12 | M70: =ROUND(Source!AC284*IF(Source!BC284<> 0, Source!BC284, 1), 6) -> 106.3259 | N70: =ROUND(M70*I70, 2) -> 361.51 | O70: =Source!GF284 -> -49586319 | P70: -610715848 | Q70: -666584264
A71: =Source!A286 -> 18 | C71: 3 | D71: =Source!BI286 -> 1 | E71: =Source!FS286 -> 0 | F71: =Source!F286 -> 1.1-1-389 | G71: =Source!G286 -> Клей дисперсный, "АДМ-К" | H71: =Source!H286 -> т | I71: =Source!I286 -> 6e-05 | J71: 1 | K71: =ROUND(Source!AC286, 6) -> 43326.77 | L71: =ROUND(K71*I71, 2) -> 2.6 | M71: =ROUND(Source!AC286*IF(Source!BC286<> 0, Source!BC286, 1), 6) -> 55891.533 | N71: =ROUND(M71*I71, 2) -> 3.35 | O71: =Source!GF286 -> 2110379699 | P71: -1795942896 | Q71: -943444006
A72: =Source!A288 -> 17 | C72: 3 | D72: 0 | E72: =SmtRes!AV271 -> 0 | F72: =SmtRes!I271 -> 1.1-1-1615 | G72: =SmtRes!K271 -> Шурупы с потайной головкой, оцинкованные, длина 13-20 мм | H72: =SmtRes!O271 -> т | I72: =SmtRes!Y271*Source!I288 -> 0.0001 | J72: =SmtRes!AO271 -> 1 | K72: =ROUND(SmtRes!AE271, 6) -> 16744.32 | L72: =ROUND(I72*K72, 2) -> 1.67 | M72: =ROUND(SmtRes!AA271, 6) -> 135294.11 | N72: =ROUND(I72*M72, 2) -> 13.53 | O72: =SmtRes!X271 -> 1398464837 | P72: 1662078242 | Q72: 244535041
A73: =Source!A290 -> 18 | C73: 3 | D73: =Source!BI290 -> 1 | E73: =Source!FS290 -> 0 | F73: =Source!F290 -> Цена поставщика | G73: =Source!G290 -> Таблички с шрифтом Брайля 270х50 | H73: =Source!H290 -> шт. | I73: =Source!I290 -> 2 | J73: 1 | K73: =ROUND(Source!AC290, 6) -> 70.25 | L73: =ROUND(K73*I73, 2) -> 140.5 | M73: =ROUND(Source!AC290*IF(Source!BC290<> 0, Source!BC290, 1), 6) -> 367.4075 | N73: =ROUND(M73*I73, 2) -> 734.82 | O73: =Source!GF290 -> 1952853913 | P73: -2031199735 | Q73: -61956573
A74: =Source!A292 -> 18 | C74: 3 | D74: =Source!BI292 -> 1 | E74: =Source!FS292 -> 0 | F74: =Source!F292 -> Цена поставщика | G74: =Source!G292 -> Пиктограмма СП-11 Направление движения, поворот. 200 x 200мм | H74: =Source!H292 -> шт. | I74: =Source!I292 -> 7 | J74: 1 | K74: =ROUND(Source!AC292, 6) -> 157.35 | L74: =ROUND(K74*I74, 2) -> 1101.45 | M74: =ROUND(Source!AC292*IF(Source!BC292<> 0, Source!BC292, 1), 6) -> 822.9405 | N74: =ROUND(M74*I74, 2) -> 5760.58 | O74: =Source!GF292 -> -302561926 | P74: -1716274062 | Q74: -207052022
A75: =Source!A294 -> 18 | C75: 3 | D75: =Source!BI294 -> 1 | E75: =Source!FS294 -> 0 | F75: =Source!F294 -> Цена поставщика | G75: =Source!G294 -> Маяк световой для дверных проемов (пара). 150 x 290 x 40мм | H75: =Source!H294 -> пара | I75: =Source!I294 -> 1 | J75: 1 | K75: =ROUND(Source!AC294, 6) -> 234.69 | L75: =ROUND(K75*I75, 2) -> 234.69 | M75: =ROUND(Source!AC294*IF(Source!BC294<> 0, Source!BC294, 1), 6) -> 1227.4287 | N75: =ROUND(M75*I75, 2) -> 1227.43 | O75: =Source!GF294 -> 217689376 | P75: -1934298352 | Q75: -1075102776
A76: =Source!A325 -> 5 | B76: 325 | G76: =Source!G325 -> Конструктивные решения
A77: =Source!A330 -> 17 | C77: 3 | D77: 0 | E77: =SmtRes!AV289 -> 0 | F77: =SmtRes!I289 -> 1.1-1-118 | G77: =SmtRes!K289 -> Вода | H77: =SmtRes!O289 -> м3 | I77: =SmtRes!Y289*Source!I330 -> 0.015 | J77: =SmtRes!AO289 -> 1 | K77: =ROUND(SmtRes!AE289, 6) -> 7.07 | L77: =ROUND(I77*K77, 2) -> 0.11 | M77: =ROUND(SmtRes!AA289, 6) -> 29.98 | N77: =ROUND(I77*M77, 2) -> 0.45 | O77: =SmtRes!X289 -> -862991314 | P77: 209219300 | Q77: 2045990491
A78: =Source!A332 -> 18 | C78: 3 | D78: =Source!BI332 -> 1 | E78: =Source!FS332 -> 0 | F78: =Source!F332 -> 1.1-1-766 | G78: =Source!G332 -> Песок для строительных работ, рядовой | H78: =Source!H332 -> м3 | I78: =Source!I332 -> 0.3 | J78: 1 | K78: =ROUND(Source!AC332, 6) -> 104.99 | L78: =ROUND(K78*I78, 2) -> 31.5 | M78: =ROUND(Source!AC332*IF(Source!BC332<> 0, Source!BC332, 1), 6) -> 572.1955 | N78: =ROUND(M78*I78, 2) -> 171.66 | O78: =Source!GF332 -> 2069056849 | P78: 464578271 | Q78: -1466799423
A79: =Source!A334 -> 17 | C79: 3 | D79: 0 | E79: =SmtRes!AV301 -> 0 | F79: =SmtRes!I301 -> 1.1-1-655 | G79: =SmtRes!K301 -> Мешковина | H79: =SmtRes!O301 -> м2 | I79: =SmtRes!Y301*Source!I334 -> 0.2 | J79: =SmtRes!AO301 -> 1 | K79: =ROUND(SmtRes!AE301, 6) -> 7.39 | L79: =ROUND(I79*K79, 2) -> 1.48 | M79: =ROUND(SmtRes!AA301, 6) -> 21.28 | N79: =ROUND(I79*M79, 2) -> 4.26 | O79: =SmtRes!X301 -> -1476054991 | P79: -1815783264 | Q79: -1302852585
A80: =Source!A334 -> 17 | C80: 3 | D80: 0 | E80: =SmtRes!AV300 -> 0 | F80: =SmtRes!I300 -> 1.1-1-118 | G80: =SmtRes!K300 -> Вода | H80: =SmtRes!O300 -> м3 | I80: =SmtRes!Y300*Source!I334 -> 0.0014 | J80: =SmtRes!AO300 -> 1 | K80: =ROUND(SmtRes!AE300, 6) -> 7.07 | L80: =ROUND(I80*K80, 2) -> 0.01 | M80: =ROUND(SmtRes!AA300, 6) -> 29.98 | N80: =ROUND(I80*M80, 2) -> 0.04 | O80: =SmtRes!X300 -> -862991314 | P80: 209219300 | Q80: 2045990491
A81: =Source!A336 -> 18 | C81: 3 | D81: =Source!BI336 -> 1 | E81: =Source!FS336 -> 0 | F81: =Source!F336 -> 1.3-1-64 | G81: =Source!G336 -> Смеси бетонные, БСГ, песчаного бетона, класс прочности В7,5 (М100); П1, F50, W2 | H81: =Source!H336 -> м3 | I81: =Source!I336 -> 0.0816 | J81: 1 | K81: =ROUND(Source!AC336, 6) -> 530.75 | L81: =ROUND(K81*I81, 2) -> 43.31 | M81: =ROUND(Source!AC336*IF(Source!BC336<> 0, Source!BC336, 1), 6) -> 2961.585 | N81: =ROUND(M81*I81, 2) -> 241.67 | O81: =Source!GF336 -> -1467732391 | P81: 207862434 | Q81: -789261222
A82: =Source!A338 -> 17 | C82: 3 | D82: 0 | E82: =SmtRes!AV336 -> 0 | F82: =SmtRes!I336 -> 1.9-11-4 | G82: =SmtRes!K336 -> Щиты деревянные для фундаментов, колонн, балок, перекрытий, стен, перегородок и других конструкций из досок, толщина 40 мм | H82: =SmtRes!O336 -> м2 | I82: =SmtRes!Y336*Source!I338 -> 0.00432 | J82: =SmtRes!AO336 -> 1 | K82: =ROUND(SmtRes!AE336, 6) -> 90.15 | L82: =ROUND(I82*K82, 2) -> 0.39 | M82: =ROUND(SmtRes!AA336, 6) -> 445.34 | N82: =ROUND(I82*M82, 2) -> 1.92 | O82: =SmtRes!X336 -> -153668504 | P82: 1816879954 | Q82: 1343511085
A83: =Source!A338 -> 17 | C83: 3 | D83: 0 | E83: =SmtRes!AV332 -> 0 | F83: =SmtRes!I332 -> 1.1-1-655 | G83: =SmtRes!K332 -> Мешковина | H83: =SmtRes!O332 -> м2 | I83: =SmtRes!Y332*Source!I338 -> 0.036 | J83: =SmtRes!AO332 -> 1 | K83: =ROUND(SmtRes!AE332, 6) -> 7.39 | L83: =ROUND(I83*K83, 2) -> 0.27 | M83: =ROUND(SmtRes!AA332, 6) -> 21.28 | N83: =ROUND(I83*M83, 2) -> 0.77 | O83: =SmtRes!X332 -> -1476054991 | P83: -1815783264 | Q83: -1302852585
A84: =Source!A338 -> 17 | C84: 3 | D84: 0 | E84: =SmtRes!AV331 -> 0 | F84: =SmtRes!I331 -> 1.1-1-256 | G84: =SmtRes!K331 -> Известь негашеная комовая | H84: =SmtRes!O331 -> т | I84: =SmtRes!Y331*Source!I338 -> 1.2e-05 | J84: =SmtRes!AO331 -> 1 | K84: =ROUND(SmtRes!AE331, 6) -> 1260.72 | L84: =ROUND(I84*K84, 2) -> 0.02 | M84: =ROUND(SmtRes!AA331, 6) -> 3214.84 | N84: =ROUND(I84*M84, 2) -> 0.04 | O84: =SmtRes!X331 -> -1753839253 | P84: 881612895 | Q84: -257246261
A85: =Source!A338 -> 17 | C85: 3 | D85: 0 | E85: =SmtRes!AV330 -> 0 | F85: =SmtRes!I330 -> 1.1-1-227 | G85: =SmtRes!K330 -> Доски хвойных пород, обрезные, длина 2-6,5 м, сорт III, толщина 40-60 мм | H85: =SmtRes!O330 -> м3 | I85: =SmtRes!Y330*Source!I338 -> 4.8e-05 | J85: =SmtRes!AO330 -> 1 | K85: =ROUND(SmtRes!AE330, 6) -> 1828.56 | L85: =ROUND(I85*K85, 2) -> 0.09 | M85: =ROUND(SmtRes!AA330, 6) -> 5156.54 | N85: =ROUND(I85*M85, 2) -> 0.25 | O85: =SmtRes!X330 -> -1939393675 | P85: 302549232 | Q85: 2109290276
A86: =Source!A338 -> 17 | C86: 3 | D86: 0 | E86: =SmtRes!AV329 -> 0 | F86: =SmtRes!I329 -> 1.1-1-1566 | G86: =SmtRes!K329 -> Электроды, тип Э-42, 46, 50, диаметр 4 - 6 мм | H86: =SmtRes!O329 -> т | I86: =SmtRes!Y329*Source!I338 -> 0.000192 | J86: =SmtRes!AO329 -> 1 | K86: =ROUND(SmtRes!AE329, 6) -> 7191.81 | L86: =ROUND(I86*K86, 2) -> 1.38 | M86: =ROUND(SmtRes!AA329, 6) -> 86373.64 | N86: =ROUND(I86*M86, 2) -> 16.58 | O86: =SmtRes!X329 -> 1310716689 | P86: -143943088 | Q86: -161349360
A87: =Source!A338 -> 17 | C87: 3 | D87: 0 | E87: =SmtRes!AV328 -> 0 | F87: =SmtRes!I328 -> 1.1-1-132 | G87: =SmtRes!K328 -> Гвозди строительные | H87: =SmtRes!O328 -> т | I87: =SmtRes!Y328*Source!I338 -> 2.4e-06 | J87: =SmtRes!AO328 -> 1 | K87: =ROUND(SmtRes!AE328, 6) -> 6521.42 | L87: =ROUND(I87*K87, 2) -> 0.02 | M87: =ROUND(SmtRes!AA328, 6) -> 61040.49 | N87: =ROUND(I87*M87, 2) -> 0.15 | O87: =SmtRes!X328 -> 563176784 | P87: -676994890 | Q87: -2146081827
A88: =Source!A338 -> 17 | C88: 3 | D88: 0 | E88: =SmtRes!AV327 -> 0 | F88: =SmtRes!I327 -> 1.1-1-118 | G88: =SmtRes!K327 -> Вода | H88: =SmtRes!O327 -> м3 | I88: =SmtRes!Y327*Source!I338 -> 0.000876 | J88: =SmtRes!AO327 -> 1 | K88: =ROUND(SmtRes!AE327, 6) -> 7.07 | L88: =ROUND(I88*K88, 2) -> 0.01 | M88: =ROUND(SmtRes!AA327, 6) -> 29.98 | N88: =ROUND(I88*M88, 2) -> 0.03 | O88: =SmtRes!X327 -> -862991314 | P88: 209219300 | Q88: 2045990491
A89: =Source!A340 -> 18 | C89: 3 | D89: =Source!BI340 -> 1 | E89: =Source!FS340 -> 0 | F89: =Source!F340 -> 1.3-4-20 | G89: =Source!G340 -> Арматурные заготовки (стержни, хомуты и т.п.), не собранные в каркасы или сетки, арматурная сталь периодического профиля, класс А-III, диаметр 8 мм | H89: =Source!H340 -> т | I89: =Source!I340 -> 0.002 | J89: 1 | K89: =ROUND(Source!AC340, 6) -> 5752.41 | L89: =ROUND(K89*I89, 2) -> 11.5 | M89: =ROUND(Source!AC340*IF(Source!BC340<> 0, Source!BC340, 1), 6) -> 34687.032 | N89: =ROUND(M89*I89, 2) -> 69.37 | O89: =Source!GF340 -> 29731103 | P89: 1587285700 | Q89: -452909362
A90: =Source!A342 -> 18 | C90: 3 | D90: =Source!BI342 -> 1 | E90: =Source!FS342 -> 0 | F90: =Source!F342 -> 1.3-4-22 | G90: =Source!G342 -> Арматурные заготовки (стержни, хомуты и т.п.), не собранные в каркасы или сетки, арматурная сталь периодического профиля, класс А-III, диаметр 12-14 мм | H90: =Source!H342 -> т | I90: =Source!I342 -> 0.004 | J90: 1 | K90: =ROUND(Source!AC342, 6) -> 5752.41 | L90: =ROUND(K90*I90, 2) -> 23.01 | M90: =ROUND(Source!AC342*IF(Source!BC342<> 0, Source!BC342, 1), 6) -> 34687.032 | N90: =ROUND(M90*I90, 2) -> 138.75 | O90: =Source!GF342 -> 1786208556 | P90: 1842658051 | Q90: -1873529497
A91: =Source!A344 -> 18 | C91: 3 | D91: =Source!BI344 -> 1 | E91: =Source!FS344 -> 0 | F91: =Source!F344 -> 1.3-1-39 | G91: =Source!G344 -> Смеси бетонные, БСГ, тяжелого бетона на гранитном щебне, класс прочности В20 (М250); П3, фракция 5-20, F100, W2 | H91: =Source!H344 -> м3 | I91: =Source!I344 -> 0.1218 | J91: 1 | K91: =ROUND(Source!AC344, 6) -> 711.12 | L91: =ROUND(K91*I91, 2) -> 86.61 | M91: =ROUND(Source!AC344*IF(Source!BC344<> 0, Source!BC344, 1), 6) -> 3861.3816 | N91: =ROUND(M91*I91, 2) -> 470.32 | O91: =Source!GF344 -> 1796330771 | P91: 764652780 | Q91: 252884569
A92: =Source!A346 -> 17 | C92: 3 | D92: 0 | E92: =SmtRes!AV364 -> 0 | F92: =SmtRes!I364 -> 9999990006 | G92: =SmtRes!K364 -> Стоимость прочих материалов (ЭСН) | H92: =SmtRes!O364 -> руб. | I92: =SmtRes!Y364*Source!I346 -> 10.6596 | J92: =SmtRes!AO364 -> 1 | K92: =ROUND(SmtRes!AE364, 6) -> 1 | L92: =ROUND(I92*K92, 2) -> 10.66 | M92: =ROUND(SmtRes!AA364, 6) -> 1 | N92: =ROUND(I92*M92, 2) -> 10.66 | O92: =SmtRes!X364 -> -94250534 | P92: -1341645062 | Q92: -1341645062
A93: =Source!A346 -> 17 | C93: 3 | D93: 0 | E93: =SmtRes!AV363 -> 0 | F93: =SmtRes!I363 -> 1.6-1-271 | G93: =SmtRes!K363 -> Отдельные конструктивные элементы с преобладанием горячекатаных профилей, средняя масса сборочной единицы от 0,11 до 0,5 т | H93: =SmtRes!O363 -> т | I93: =SmtRes!Y363*Source!I346 -> 0.00027 | J93: =SmtRes!AO363 -> 1 | K93: =ROUND(SmtRes!AE363, 6) -> 12654.07 | L93: =ROUND(I93*K93, 2) -> 3.42 | M93: =ROUND(SmtRes!AA363, 6) -> 65674.62 | N93: =ROUND(I93*M93, 2) -> 17.73 | O93: =SmtRes!X363 -> -2026157207 | P93: -1856284949 | Q93: 46752021
A94: =Source!A346 -> 17 | C94: 3 | D94: 0 | E94: =SmtRes!AV359 -> 0 | F94: =SmtRes!I359 -> 1.1-1-1566 | G94: =SmtRes!K359 -> Электроды, тип Э-42, 46, 50, диаметр 4 - 6 мм | H94: =SmtRes!O359 -> т | I94: =SmtRes!Y359*Source!I346 -> 0.00108 | J94: =SmtRes!AO359 -> 1 | K94: =ROUND(SmtRes!AE359, 6) -> 7191.81 | L94: =ROUND(I94*K94, 2) -> 7.77 | M94: =ROUND(SmtRes!AA359, 6) -> 86373.64 | N94: =ROUND(I94*M94, 2) -> 93.28 | O94: =SmtRes!X359 -> 1310716689 | P94: -143943088 | Q94: -161349360
A95: =Source!A348 -> 18 | C95: 3 | D95: =Source!BI348 -> 1 | E95: =Source!FS348 -> 0 | F95: =Source!F348 -> 1.1-1-60 | G95: =Source!G348 -> Болты строительные с гайками с шестигранной головкой, диаметр резьбы 6 мм | H95: =Source!H348 -> т | I95: =Source!I348 -> 0.022742 | J95: 1 | K95: =ROUND(Source!AC348, 6) -> 22533.28 | L95: =ROUND(K95*I95, 2) -> 512.45 | M95: =ROUND(Source!AC348*IF(Source!BC348<> 0, Source!BC348, 1), 6) -> 93738.445 | N95: =ROUND(M95*I95, 2) -> 2131.8 | O95: =Source!GF348 -> 1013095188 | P95: -674189768 | Q95: 520618720
A96: =Source!A350 -> 18 | C96: 3 | D96: =Source!BI350 -> 1 | E96: =Source!FS350 -> 0 | F96: =Source!F350 -> 1.1-1-2284 | G96: =Source!G350 -> Профили стальные электросварные квадратного сечения трубчатые, размер стороны 60 мм, толщина стенки 3 мм | H96: =Source!H350 -> т | I96: =Source!I350 -> 0.09 | J96: 1 | K96: =ROUND(Source!AC350, 6) -> 11355 | L96: =ROUND(K96*I96, 2) -> 1021.95 | M96: =ROUND(Source!AC350*IF(Source!BC350<> 0, Source!BC350, 1), 6) -> 35427.6 | N96: =ROUND(M96*I96, 2) -> 3188.48 | O96: =Source!GF350 -> 1654847958 | P96: -1462073516 | Q96: 975481145
A97: =Source!A352 -> 18 | C97: 3 | D97: =Source!BI352 -> 1 | E97: =Source!FS352 -> 0 | F97: =Source!F352 -> 1.1-1-1112 | G97: =Source!G352 -> Сталь угловая равнополочная общего назначения, марка Ст0, ширина полки более 70 мм | H97: =Source!H352 -> т | I97: =Source!I352 -> 0.08 | J97: 1 | K97: =ROUND(Source!AC352, 6) -> 8914.6 | L97: =ROUND(K97*I97, 2) -> 713.17 | M97: =ROUND(Source!AC352*IF(Source!BC352<> 0, Source!BC352, 1), 6) -> 24426.004 | N97: =ROUND(M97*I97, 2) -> 1954.08 | O97: =Source!GF352 -> -776206429 | P97: -452953292 | Q97: 1439660157
A98: =Source!A354 -> 18 | C98: 3 | D98: =Source!BI354 -> 1 | E98: =Source!FS354 -> 0 | F98: =Source!F354 -> 1.1-1-1104 | G98: =Source!G354 -> Сталь толстолистовая, толщина более 4 мм, общего назначения, марка Ст1сп-Ст6сп | H98: =Source!H354 -> т | I98: =Source!I354 -> 0.02 | J98: 1 | K98: =ROUND(Source!AC354, 6) -> 7075.07 | L98: =ROUND(K98*I98, 2) -> 141.5 | M98: =ROUND(Source!AC354*IF(Source!BC354<> 0, Source!BC354, 1), 6) -> 39691.143 | N98: =ROUND(M98*I98, 2) -> 793.82 | O98: =Source!GF354 -> -1406854911 | P98: -801103185 | Q98: 466956492
A99: =Source!A356 -> 18 | C99: 3 | D99: =Source!BI356 -> 1 | E99: =Source!FS356 -> 0 | F99: =Source!F356 -> 1.6-1-216 | G99: =Source!G356 -> Площадки с настилом из листовой, рифленой, просечной или круглой стали, каркасами и элементами жесткости из прокатных и гнутых профилей, прямоугольные и трапециевидные | H99: =Source!H356 -> т | I99: =Source!I356 -> 0.08 | J99: 1 | K99: =ROUND(Source!AC356, 6) -> 17021.42 | L99: =ROUND(K99*I99, 2) -> 1361.71 | M99: =ROUND(Source!AC356*IF(Source!BC356<> 0, Source!BC356, 1), 6) -> 87490.099 | N99: =ROUND(M99*I99, 2) -> 6999.21 | O99: =Source!GF356 -> -390362327 | P99: 1725023988 | Q99: 1319168430
A100: =Source!A387 -> 5 | B100: 387 | G100: =Source!G387 -> Сети связи
A101: =Source!A392 -> 17 | C101: 3 | D101: 0 | E101: =SmtRes!AV368 -> 0 | F101: =SmtRes!I368 -> 9999990002 | G101: =SmtRes!K368 -> Масса оборудования | H101: =SmtRes!O368 -> т | I101: =SmtRes!Y368*Source!I392 -> 0.002 | J101: =SmtRes!AO368 -> 1 | K101: =ROUND(SmtRes!AE368, 6) -> 0 | L101: =ROUND(I101*K101, 2) -> 0 | M101: =ROUND(SmtRes!AA368, 6) -> 0 | N101: =ROUND(I101*M101, 2) -> 0 | O101: =SmtRes!X368 -> -783086922 | P101: 1479202730 | Q101: 1479202730
A102: =Source!A402 -> 18 | C102: 3 | D102: =Source!BI402 -> 2 | E102: =Source!FS402 -> 0 | F102: =Source!F402 -> цена поставщика | G102: =Source!G402 -> Штольц 150*250 тр.60*30 стойка | H102: =Source!H402 -> шт. | I102: =Source!I402 -> 1 | J102: 1 | K102: =ROUND(Source!AC402, 6) -> 1268.68 | L102: =ROUND(K102*I102, 2) -> 1268.68 | M102: =ROUND(Source!AC402*IF(Source!BC402<> 0, Source!BC402, 1), 6) -> 6635.1964 | N102: =ROUND(M102*I102, 2) -> 6635.2 | O102: =Source!GF402 -> -1586814249 | P102: -1291691140 | Q102: 81426303
...

Sheet Расчет стоимости ресурсов
A2: Ресурсная ведомость на
A3: =CONCATENATE("Объект: ",IF(Source!G653<>"Новый объект", Source!G653, "")) -> Объект: Общестроительные работы ДГП №150 ф2 | O3: Объект: Общестроительные работы ДГП №150 ф2 (ТСН-2001 (Мосгосэкспертиза))
A4: Обоснование | B4: Наименование | C4: Единица измерения | D4: Объем | E4: Текущая
E6: цена | F6: стоимость
A7: 1 | B7: 2 | C7: 3 | D7: 4 | E7: 5 | F7: 6
A8: =CONCATENATE("Локальная смета: ",IF(Source!G22<>"Новая локальная смета", Source!G22, "")) -> Локальная смета: Смета на общестроительные работы
A9: =CONCATENATE("Раздел: ",IF(Source!G26<>"Новый раздел", Source!G26, "")) -> Раздел: Наружные работы
A10: Материальные ресурсы
A11: 1.1-1-118 | B11: Вода | C11: м3 | D11: =ROUND(SUMIF(RV_DATA!Q8:'RV_DATA'!Q16, 2045990491, RV_DATA!I8:'RV_DATA'!I16), 6) -> 1.316 | E11: =ROUND(SmtRes!AA59, 6) -> 29.98 | F11: =ROUND(SUMIF(RV_DATA!Q8:'RV_DATA'!Q16, 2045990491, RV_DATA!N8:'RV_DATA'!N16), 6) -> 39.45 | Q11: 3
A12: 1.1-1-1566 | B12: Электроды, тип Э-42, 46, 50, диаметр 4 - 6 мм | C12: т | D12: =ROUND(SUMIF(RV_DATA!Q8:'RV_DATA'!Q16, -161349360, RV_DATA!I8:'RV_DATA'!I16), 6) -> 0.000156 | E12: =ROUND(SmtRes!AA71, 6) -> 86373.64 | F12: =ROUND(SUMIF(RV_DATA!Q8:'RV_DATA'!Q16, -161349360, RV_DATA!N8:'RV_DATA'!N16), 6) -> 13.5 | Q12: 3
A13: 1.3-3-19 | B13: Эмульсии дорожные, битумные | C13: т | D13: =ROUND(SUMIF(RV_DATA!Q8:'RV_DATA'!Q16, -412094702, RV_DATA!I8:'RV_DATA'!I16), 6) -> 0.007764 | E13: =ROUND(SmtRes!AA41, 6) -> 12955 | F13: =ROUND(SUMIF(RV_DATA!Q8:'RV_DATA'!Q16, -412094702, RV_DATA!N8:'RV_DATA'!N16), 6) -> 100.58 | Q13: 3
A14: 1.3-3-4 | B14: Смеси асфальтобетонные дорожные горячие крупнозернистые, тип II | C14: т | D14: =ROUND(SUMIF(RV_DATA!Q8:'RV_DATA'!Q16, -240098630, RV_DATA!I8:'RV_DATA'!I16), 6) -> 3.718956 | E14: =ROUND(Source!AC41*IF(Source!BC41<> 0, Source!BC41, 1), 6) -> 2580.53 | F14: =ROUND(SUMIF(RV_DATA!Q8:'RV_DATA'!Q16, -240098630, RV_DATA!N8:'RV_DATA'!N16), 6) -> 9596.88 | Q14: 3
A15: 1.4-6-1 | B15: Земля растительная | C15: м3 | D15: =ROUND(SUMIF(RV_DATA!Q8:'RV_DATA'!Q16, -530123611, RV_DATA!I8:'RV_DATA'!I16), 6) -> 1.974 | E15: =ROUND(Source!AC49*IF(Source!BC49<> 0, Source!BC49, 1), 6) -> 682.806 | F15: =ROUND(SUMIF(RV_DATA!Q8:'RV_DATA'!Q16, -530123611, RV_DATA!N8:'RV_DATA'!N16), 6) -> 1347.86 | Q15: 3
A16: 1.4-6-6 | B16: Семена (смесь универсальная) газонных трав | C16: кг | D16: =ROUND(SUMIF(RV_DATA!Q8:'RV_DATA'!Q16, -1119444336, RV_DATA!I8:'RV_DATA'!I16), 6) -> 0.5264 | E16: =ROUND(Source!AC53*IF(Source!BC53<> 0, Source!BC53, 1), 6) -> 139.032 | F16: =ROUND(SUMIF(RV_DATA!Q8:'RV_DATA'!Q16, -1119444336, RV_DATA!N8:'RV_DATA'!N16), 6) -> 73.19 | Q16: 3
A17: 1.7-9-8 | B17: Ограждение газонное из металлической профильной трубы 20х20х1,5 мм | C17: м2 | D17: =ROUND(SUMIF(RV_DATA!Q8:'RV_DATA'!Q16, -648000254, RV_DATA!I8:'RV_DATA'!I16), 6) -> 5.21 | E17: =ROUND(Source!AC57*IF(Source!BC57<> 0, Source!BC57, 1), 6) -> 634.6158 | F17: =ROUND(SUMIF(RV_DATA!Q8:'RV_DATA'!Q16, -648000254, RV_DATA!N8:'RV_DATA'!N16), 6) -> 3306.35 | Q17: 3
A18: 9999990001 | B18: Масса мусора 2,4кг/1м3 | C18: т | D18: =ROUND(SUMIF(RV_DATA!Q8:'RV_DATA'!Q16, -1963567268, RV_DATA!I8:'RV_DATA'!I16), 6) -> 0.003 | E18: =ROUND(Source!AC31*IF(Source!BC31<> 0, Source!BC31, 1), 6) -> 0 | F18: =ROUND(SUMIF(RV_DATA!Q8:'RV_DATA'!Q16, -1963567268, RV_DATA!N8:'RV_DATA'!N16), 6) -> 0 | Q18: 3
A19: Итого материальные ресурсы | E19: =SUMIF(Q11:Q18, 3, F11:F18) -> 14477.81
A20: =CONCATENATE("Раздел: ",IF(Source!G94<>"Новый раздел", Source!G94, "")) -> Раздел: Демонтажные работы
A21: =CONCATENATE("Подраздел: ",IF(Source!G98<>"Новый подраздел", Source!G98, "")) -> Подраздел: Входная группа
A22: Материальные ресурсы
A23: 1.1-1-1566 | B23: Электроды, тип Э-42, 46, 50, диаметр 4 - 6 мм | C23: т | D23: =ROUND(SUMIF(RV_DATA!Q19:'RV_DATA'!Q25, -161349360, RV_DATA!I19:'RV_DATA'!I25), 6) -> 4.2e-05 | E23: =ROUND(SmtRes!AA88, 6) -> 86373.64 | F23: =ROUND(SUMIF(RV_DATA!Q19:'RV_DATA'!Q25, -161349360, RV_DATA!N19:'RV_DATA'!N25), 6) -> 3.63 | Q23: 3
A24: 1.1-1-491 | B24: Лак битумный, марка БТ-123 | C24: т | D24: =ROUND(SUMIF(RV_DATA!Q19:'RV_DATA'!Q25, 1023048722, RV_DATA!I19:'RV_DATA'!I25), 6) -> 9e-05 | E24: =ROUND(SmtRes!AA108, 6) -> 46993.32 | F24: =ROUND(SUMIF(RV_DATA!Q19:'RV_DATA'!Q25, 1023048722, RV_DATA!N19:'RV_DATA'!N25), 6) -> 4.23 | Q24: 3
A25: 1.1-1-923 | B25: Поковки строительные (скобы, закрепы, хомуты) простые, масса 1,8 кг | C25: т | D25: =ROUND(SUMIF(RV_DATA!Q19:'RV_DATA'!Q25, 1919735130, RV_DATA!I19:'RV_DATA'!I25), 6) -> 0.00108 | E25: =ROUND(SmtRes!AA109, 6) -> 40055.95 | F25: =ROUND(SUMIF(RV_DATA!Q19:'RV_DATA'!Q25, 1919735130, RV_DATA!N19:'RV_DATA'!N25), 6) -> 43.26 | Q25: 3
A26: 9999990001 | B26: Масса мусора | C26: т | D26: =ROUND(SUMIF(RV_DATA!Q19:'RV_DATA'!Q25, 557837154, RV_DATA!I19:'RV_DATA'!I25), 6) -> 0.16 | E26: =ROUND(Source!AC103*IF(Source!BC103<> 0, Source!BC103, 1), 6) -> 0 | F26: =ROUND(SUMIF(RV_DATA!Q19:'RV_DATA'!Q25, 557837154, RV_DATA!N19:'RV_DATA'!N25), 6) -> 0 | Q26: 3
A27: 9999990006 | B27: Стоимость прочих материалов (ЭСН) | C27: руб. | D27: =ROUND(SUMIF(RV_DATA!Q19:'RV_DATA'!Q25, -1341645062, RV_DATA!I19:'RV_DATA'!I25), 6) -> 2.3688 | E27: =ROUND(SmtRes!AA90, 6) -> 1 | F27: =ROUND(SUMIF(RV_DATA!Q19:'RV_DATA'!Q25, -1341645062, RV_DATA!N19:'RV_DATA'!N25), 6) -> 2.37 | Q27: 3
A28: Итого материальные ресурсы | E28: =SUMIF(Q23:Q27, 3, F23:F27) -> 53.49
A30: =CONCATENATE("Итого по разделу: ",IF(Source!G146<>"Новый раздел", Source!G146, "")) -> Итого по разделу: Демонтажные работы
A31: Итого материальные ресурсы | E31: =SUMIF(Q20:Q30, 3, F20:F30) -> 53.49
A32: Итого материалы заказчика | E32: =SUMIF(Q20:Q31, 4, F20:F31) -> 0
A33: Итого оборудование | E33: =SUMIF(Q20:Q32, 5, F20:F32) -> 0
A34: Итого оборудование заказчика | E34: =SUMIF(Q20:Q33, 6, F20:F33) -> 0
A36: =CONCATENATE("Раздел: ",IF(Source!G177<>"Новый раздел", Source!G177, "")) -> Раздел: Монтажные работы
A37: =CONCATENATE("Подраздел: ",IF(Source!G181<>"Новый подраздел", Source!G181, "")) -> Подраздел: Входная группа
A38: Материальные ресурсы
A39: 1.1-1-118 | B39: Вода | C39: м3 | D39: =ROUND(SUMIF(RV_DATA!Q28:'RV_DATA'!Q61, 2045990491, RV_DATA!I28:'RV_DATA'!I61), 6) -> 0.180894 | E39: =ROUND(SmtRes!AA117, 6) -> 29.98 | F39: =ROUND(SUMIF(RV_DATA!Q28:'RV_DATA'!Q61, 2045990491, RV_DATA!N28:'RV_DATA'!N61), 6) -> 5.42 | Q39: 3
A40: 1.1-1-118 | B40: Вода | C40: м3 | D40: =ROUND(SUMIF(RV_DATA!Q28:'RV_DATA'!Q61, 819754372, RV_DATA!I28:'RV_DATA'!I61), 6) -> 0.01503 | E40: =ROUND(Source!AC210*IF(Source!BC210<> 0, Source!BC210, 1), 6) -> 29.9768 | F40: =ROUND(SUMIF(RV_DATA!Q28:'RV_DATA'!Q61, 819754372, RV_DATA!N28:'RV_DATA'!N61), 6) -> 0.45 | Q40: 3
A41: 1.1-1-1328 | B41: Цемент общестроительный, портландцемент общего назначения, марка 300 | C41: т | D41: =ROUND(SUMIF(RV_DATA!Q28:'RV_DATA'!Q61, 1226868324, RV_DATA!I28:'RV_DATA'!I61), 6) -> 0.0225 | E41: =ROUND(Source!AC202*IF(Source!BC202<> 0, Source!BC202, 1), 6) -> 3356.88 | F41: =ROUND(SUMIF(RV_DATA!Q28:'RV_DATA'!Q61, 1226868324, RV_DATA!N28:'RV_DATA'!N61), 6) -> 75.53 | Q41: 3
A42: 1.1-1-1487 | B42: Шпатлевка масляно-клеевая универсальная | C42: т | D42: =ROUND(SUMIF(RV_DATA!Q28:'RV_DATA'!Q61, -2104003906, RV_DATA!I28:'RV_DATA'!I61), 6) -> 0.003111 | E42: =ROUND(Source!AC218*IF(Source!BC218<> 0, Source!BC218, 1), 6) -> 14311.115 | F42: =ROUND(SUMIF(RV_DATA!Q28:'RV_DATA'!Q61, -2104003906, RV_DATA!N28:'RV_DATA'!N61), 6) -> 44.52 | Q42: 3
A43: 1.1-1-1566 | B43: Электроды, тип Э-42, 46, 50, диаметр 4 - 6 мм | C43: т | D43: =ROUND(SUMIF(RV_DATA!Q28:'RV_DATA'!Q61, -161349360, RV_DATA!I28:'RV_DATA'!I61), 6) -> 7e-05 | E43: =ROUND(SmtRes!AA191, 6) -> 86373.64 | F43: =ROUND(SUMIF(RV_DATA!Q28:'RV_DATA'!Q61, -161349360, RV_DATA!N28:'RV_DATA'!N61), 6) -> 6.05 | Q43: 3
A44: 1.1-1-2398 | B44: Плитки керамические, типа керамогранит, неполированные, размер 30х30 см, толщина 8 мм, цвет: светло-серый, серый, светло-зеленый, бежевый | C44: м2 | D44: =ROUND(SUMIF(RV_DATA!Q28:'RV_DATA'!Q61, 2077047568, RV_DATA!I28:'RV_DATA'!I61), 6) -> 1.836 | E44: =ROUND(Source!AC198*IF(Source!BC198<> 0, Source!BC198, 1), 6) -> 403.0476 | F44: =ROUND(SUMIF(RV_DATA!Q28:'RV_DATA'!Q61, 2077047568, RV_DATA!N28:'RV_DATA'!N61), 6) -> 740 | Q44: 3
A45: 1.1-1-2470 | B45: Герметик акриловый, марка "Illbruck" | C45: л | D45: =ROUND(SUMIF(RV_DATA!Q28:'RV_DATA'!Q61, -522810250, RV_DATA!I28:'RV_DATA'!I61), 6) -> 0.78 | E45: =ROUND(SmtRes!AA211, 6) -> 195.58 | F45: =ROUND(SUMIF(RV_DATA!Q28:'RV_DATA'!Q61, -522810250, RV_DATA!N28:'RV_DATA'!N61), 6) -> 152.55 | Q45: 3
A46: 1.1-1-2480 | B46: Грунтовка акриловая на латексной основе, марка "Грундирмиттель" | C46: т | D46: =ROUND(SUMIF(RV_DATA!Q28:'RV_DATA'!Q61, 1463188514, RV_DATA!I28:'RV_DATA'!I61), 6) -> 0.00018 | E46: =ROUND(SmtRes!AA144, 6) -> 106223.15 | F46: =ROUND(SUMIF(RV_DATA!Q28:'RV_DATA'!Q61, 1463188514, RV_DATA!N28:'RV_DATA'!N61), 6) -> 19.12 | Q46: 3
A47: 1.1-1-2627 | B47: Винты самонарезающие 5х40 мм для металла | C47: кг | D47: =ROUND(SUMIF(RV_DATA!Q28:'RV_DATA'!Q61, 1368987516, RV_DATA!I28:'RV_DATA'!I61), 6) -> 0.06 | E47: =ROUND(SmtRes!AA231, 6) -> 89.33 | F47: =ROUND(SUMIF(RV_DATA!Q28:'RV_DATA'!Q61, 1368987516, RV_DATA!N28:'RV_DATA'!N61), 6) -> 5.36 | Q47: 3
A48: 1.1-1-3571 | B48: Пена монтажная противопожарная, обеспечивающая акустическую и термическую изоляцию, предел огнестойкости ЕI 60 | C48: л | D48: =ROUND(SUMIF(RV_DATA!Q28:'RV_DATA'!Q61, -2087000677, RV_DATA!I28:'RV_DATA'!I61), 6) -> 1.83 | E48: =ROUND(SmtRes!AA212, 6) -> 462.69 | F48: =ROUND(SUMIF(RV_DATA!Q28:'RV_DATA'!Q61, -2087000677, RV_DATA!N28:'RV_DATA'!N61), 6) -> 846.72 | Q48: 3
A49: 1.1-1-438 | B49: Краски водно-дисперсионные поливинилацетатные, белые, марка ВД-ВА-17 | C49: т | D49: =ROUND(SUMIF(RV_DATA!Q28:'RV_DATA'!Q61, -1533386396, RV_DATA!I28:'RV_DATA'!I61), 6) -> 0.003843 | E49: =ROUND(Source!AC220*IF(Source!BC220<> 0, Source!BC220, 1), 6) -> 42132.962 | F49: =ROUND(SUMIF(RV_DATA!Q28:'RV_DATA'!Q61, -1533386396, RV_DATA!N28:'RV_DATA'!N61), 6) -> 161.92 | Q49: 3
A50: 1.1-1-79 | B50: Бруски хвойных пород обрезные, длина 2-6,5 м, сорт III, толщина 50-60 мм | C50: м3 | D50: =ROUND(SUMIF(RV_DATA!Q28:'RV_DATA'!Q61, 626075820, RV_DATA!I28:'RV_DATA'!I61), 6) -> 0.00048 | E50: =ROUND(SmtRes!AA213, 6) -> 6279.21 | F50: =ROUND(SUMIF(RV_DATA!Q28:'RV_DATA'!Q61, 626075820, RV_DATA!N28:'RV_DATA'!N61), 6) -> 3.01 | Q50: 3
A51: 1.3-2-11 | B51: Растворы цементно-известковые, марка 25 | C51: м3 | D51: =ROUND(SUMIF(RV_DATA!Q28:'RV_DATA'!Q61, 1513715382, RV_DATA!I28:'RV_DATA'!I61), 6) -> 0.20984 | E51: =ROUND(Source!AC214*IF(Source!BC214<> 0, Source!BC214, 1), 6) -> 2915.671 | F51: =ROUND(SUMIF(RV_DATA!Q28:'RV_DATA'!Q61, 1513715382, RV_DATA!N28:'RV_DATA'!N61), 6) -> 611.82 | Q51: 3
A52: 1.3-2-138 | B52: Смеси сухие для заполнения швов между плитками, цветные | C52: т | D52: =ROUND(SUMIF(RV_DATA!Q28:'RV_DATA'!Q61, 561068362, RV_DATA!I28:'RV_DATA'!I61), 6) -> 0.002 | E52: =ROUND(Source!AC194*IF(Source!BC194<> 0, Source!BC194, 1), 6) -> 25994.536 | F52: =ROUND(SUMIF(RV_DATA!Q28:'RV_DATA'!Q61, 561068362, RV_DATA!N28:'RV_DATA'!N61), 6) -> 51.99 | Q52: 3
A53: 1.3-2-168 | B53: Смеси сухие клеевые, высокоадгезионные, высокоэластичные, для внутренних и наружных работ, для укладки напольной, настенной и потолочной плитки из керамики, мозаики, натурального камня и керамогранита | C53: т | D53: =ROUND(SUMIF(RV_DATA!Q28:'RV_DATA'!Q61, 274111918, RV_DATA!I28:'RV_DATA'!I61), 6) -> 0.00846 | E53: =ROUND(Source!AC196*IF(Source!BC196<> 0, Source!BC196, 1), 6) -> 7638.9885 | F53: =ROUND(SUMIF(RV_DATA!Q28:'RV_DATA'!Q61, 274111918, RV_DATA!N28:'RV_DATA'!N61), 6) -> 64.63 | Q53: 3
A54: 1.3-2-26 | B54: Смеси сухие штукатурные цементно-песчаные для внутренних и наружных работ, улучшенные с импортными добавками, В12,5 (М150), F50, крупность заполнителя не более 0,5 мм | C54: т | D54: =ROUND(SUMIF(RV_DATA!Q28:'RV_DATA'!Q61, 224496713, RV_DATA!I28:'RV_DATA'!I61), 6) -> 0.085888 | E54: =ROUND(Source!AC212*IF(Source!BC212<> 0, Source!BC212, 1), 6) -> 4412.991 | F54: =ROUND(SUMIF(RV_DATA!Q28:'RV_DATA'!Q61, 224496713, RV_DATA!N28:'RV_DATA'!N61), 6) -> 379.02 | Q54: 3
A55: 1.3-2-6 | B55: Растворы цементные, марка 150 | C55: м3 | D55: =ROUND(SUMIF(RV_DATA!Q28:'RV_DATA'!Q61, -1297412162, RV_DATA!I28:'RV_DATA'!I61), 6) -> 0.10404 | E55: =ROUND(Source!AC186*IF(Source!BC186<> 0, Source!BC186, 1), 6) -> 2912.0768 | F55: =ROUND(SUMIF(RV_DATA!Q28:'RV_DATA'!Q61, -1297412162, RV_DATA!N28:'RV_DATA'!N61), 6) -> 302.97 | Q55: 3
A56: 1.3-2-6 | B56: Растворы цементные, марка 150 | C56: м3 | D56: =ROUND(SUMIF(RV_DATA!Q28:'RV_DATA'!Q61, -1660568809, RV_DATA!I28:'RV_DATA'!I61), 6) -> 0.11061 | E56: =ROUND(SmtRes!AA126, 6) -> 2912.08 | F56: =ROUND(SUMIF(RV_DATA!Q28:'RV_DATA'!Q61, -1660568809, RV_DATA!N28:'RV_DATA'!N61), 6) -> 322.11 | Q56: 3
A57: 1.5-1-192 | B57: Плиты бетонные тротуарные, толщина 70 мм, цвет серый | C57: м2 | D57: =ROUND(SUMIF(RV_DATA!Q28:'RV_DATA'!Q61, -1021088367, RV_DATA!I28:'RV_DATA'!I61), 6) -> 5.202 | E57: =ROUND(Source!AC190*IF(Source!BC190<> 0, Source!BC190, 1), 6) -> 459.966 | F57: =ROUND(SUMIF(RV_DATA!Q28:'RV_DATA'!Q61, -1021088367, RV_DATA!N28:'RV_DATA'!N61), 6) -> 2392.74 | Q57: 3
A58: 1.7-2-261 | B58: Блоки дверные металлические противопожарные, шлюзовые, остекленные антивандальным стекл., с заполнением минеральной ватой, окрашенные порошковыми красками, ДПМ-01/30 тип ДШМ 21-10, однопольные, размеры 984х2060 мм, с замком, без доводчика | C58: шт. | D58: =ROUND(SUMIF(RV_DATA!Q28:'RV_DATA'!Q61, 1255915150, RV_DATA!I28:'RV_DATA'!I61), 6) -> 6 | E58: =ROUND(Source!AC224*IF(Source!BC224<> 0, Source!BC224, 1), 6) -> 14316.921 | F58: =ROUND(SUMIF(RV_DATA!Q28:'RV_DATA'!Q61, 1255915150, RV_DATA!N28:'RV_DATA'!N61), 6) -> 85901.52 | Q58: 3
A59: 1.7-2-264 | B59: Фрамуги наддверные металлические противопожарные, с заполнением минеральной ватой, окрашенные порошковыми красками, ФПМ 04-10, размеры 984х371 мм (0,6*0,9) | C59: шт. | D59: =ROUND(SUMIF(RV_DATA!Q28:'RV_DATA'!Q61, 640726719, RV_DATA!I28:'RV_DATA'!I61), 6) -> 10 | E59: =ROUND(Source!AC226*IF(Source!BC226<> 0, Source!BC226, 1), 6) -> 2136.2013 | F59: =ROUND(SUMIF(RV_DATA!Q28:'RV_DATA'!Q61, 640726719, RV_DATA!N28:'RV_DATA'!N61), 6) -> 21362.02 | Q59: 3
A60: 1.7-3-122 | B60: Бур с наконечником из твердого сплава, с хвостовиком SDS-plus, диаметр 10 мм, длина 260 мм | C60: шт. | D60: =ROUND(SUMIF(RV_DATA!Q28:'RV_DATA'!Q61, 1373197232, RV_DATA!I28:'RV_DATA'!I61), 6) -> 0.18 | E60: =ROUND(SmtRes!AA217, 6) -> 86.52 | F60: =ROUND(SUMIF(RV_DATA!Q28:'RV_DATA'!Q61, 1373197232, RV_DATA!N28:'RV_DATA'!N61), 6) -> 15.57 | Q60: 3
A61: 1.7-5-155 | B61: Анкер-шпилька распорный, оцинкованный, для установки в бетон, "Hilti", HST M10х110/30 | C61: шт. | D61: =ROUND(SUMIF(RV_DATA!Q28:'RV_DATA'!Q61, -1083985014, RV_DATA!I28:'RV_DATA'!I61), 6) -> 18 | E61: =ROUND(SmtRes!AA218, 6) -> 135.77 | F61: =ROUND(SUMIF(RV_DATA!Q28:'RV_DATA'!Q61, -1083985014, RV_DATA!N28:'RV_DATA'!N61), 6) -> 2443.86 | Q61: 3
A62: 1.8-1-83 | B62: Доводчик дверной типа «ДОРМА» TS/83, масса двери до 150 кг | C62: КОМПЛЕКТ | D62: =ROUND(SUMIF(RV_DATA!Q28:'RV_DATA'!Q61, -56668622, RV_DATA!I28:'RV_DATA'!I61), 6) -> 3 | E62: =ROUND(Source!AC236*IF(Source!BC236<> 0, Source!BC236, 1), 6) -> 4993.5105 | F62: =ROUND(SUMIF(RV_DATA!Q28:'RV_DATA'!Q61, -56668622, RV_DATA!N28:'RV_DATA'!N61), 6) -> 14980.53 | Q62: 3
A63: 9999990006 | B63: Стоимость прочих материалов (ЭСН) | C63: руб. | D63: =ROUND(SUMIF(RV_DATA!Q28:'RV_DATA'!Q61, -1341645062, RV_DATA!I28:'RV_DATA'!I61), 6) -> 4.65197 | E63: =ROUND(SmtRes!AA128, 6) -> 1 | F63: =ROUND(SUMIF(RV_DATA!Q28:'RV_DATA'!Q61, -1341645062, RV_DATA!N28:'RV_DATA'!N61), 6) -> 4.65 | Q63: 3
A64: цена поставщика | B64: Ограждение пандуса из нержавеющей | C64: ПМ | D64: =ROUND(SUMIF(RV_DATA!Q28:'RV_DATA'!Q61, 918097005, RV_DATA!I28:'RV_DATA'!I61), 6) -> 11.1 | E64: =ROUND(Source!AC204*IF(Source!BC204<> 0, Source!BC204, 1), 6) -> 3716.961 | F64: =ROUND(SUMIF(RV_DATA!Q28:'RV_DATA'!Q61, 918097005, RV_DATA!N28:'RV_DATA'!N61), 6) -> 41258.27 | Q64: 3
A65: цена поставщика | B65: Ограждения из нержавеющей стали лестниц | C65: ПМ | D65: =ROUND(SUMIF(RV_DATA!Q28:'RV_DATA'!Q61, 735709410, RV_DATA!I28:'RV_DATA'!I61), 6) -> 3.9 | E65: =ROUND(Source!AC206*IF(Source!BC206<> 0, Source!BC206, 1), 6) -> 3630.5091 | F65: =ROUND(SUMIF(RV_DATA!Q28:'RV_DATA'!Q61, 735709410, RV_DATA!N28:'RV_DATA'!N61), 6) -> 14158.99 | Q65: 3
A66: Итого материальные ресурсы | E66: =SUMIF(Q39:Q65, 3, F39:F65) -> 186311.34
A67: =CONCATENATE("Подраздел: ",IF(Source!G269<>"Новый подраздел", Source!G269, "")) -> Подраздел: Обеспечение доступа МГН
A68: Материальные ресурсы
A69: 1.1-1-118 | B69: Вода | C69: м3 | D69: =ROUND(SUMIF(RV_DATA!Q63:'RV_DATA'!Q75, 2045990491, RV_DATA!I63:'RV_DATA'!I75), 6) -> 0.02 | E69: =ROUND(SmtRes!AA254, 6) -> 29.98 | F69: =ROUND(SUMIF(RV_DATA!Q63:'RV_DATA'!Q75, 2045990491, RV_DATA!N63:'RV_DATA'!N75), 6) -> 0.6 | Q69: 3
A70: 1.1-1-1615 | B70: Шурупы с потайной головкой, оцинкованные, длина 13-20 мм | C70: т | D70: =ROUND(SUMIF(RV_DATA!Q63:'RV_DATA'!Q75, 244535041, RV_DATA!I63:'RV_DATA'!I75), 6) -> 0.0001 | E70: =ROUND(SmtRes!AA271, 6) -> 135294.11 | F70: =ROUND(SUMIF(RV_DATA!Q63:'RV_DATA'!Q75, 244535041, RV_DATA!N63:'RV_DATA'!N75), 6) -> 13.53 | Q70: 3
A71: 1.1-1-3379 | B71: Клей акриловый универсальный высокопрочный для приклеивания напольных и тяжелых типов настенных покрытий "Полином-101" | C71: кг | D71: =ROUND(SUMIF(RV_DATA!Q63:'RV_DATA'!Q75, 1553772719, RV_DATA!I63:'RV_DATA'!I75), 6) -> 1.12 | E71: =ROUND(SmtRes!AA242, 6) -> 59 | F71: =ROUND(SUMIF(RV_DATA!Q63:'RV_DATA'!Q75, 1553772719, RV_DATA!N63:'RV_DATA'!N75), 6) -> 66.08 | Q71: 3
A72: 1.1-1-3552 | B72: Грунтовка акриловая концентрированная универсальная с высокой клеевой и проникающей способностью | C72: л | D72: =ROUND(SUMIF(RV_DATA!Q63:'RV_DATA'!Q75, -1680077152, RV_DATA!I63:'RV_DATA'!I75), 6) -> 0.315 | E72: =ROUND(SmtRes!AA243, 6) -> 51.42 | F72: =ROUND(SUMIF(RV_DATA!Q63:'RV_DATA'!Q75, -1680077152, RV_DATA!N63:'RV_DATA'!N75), 6) -> 16.2 | Q72: 3
A73: 1.1-1-3574 | B73: Плитка тактильная поливинилхлоридная, размеры 300х300х4 мм | C73: м2 | D73: =ROUND(SUMIF(RV_DATA!Q63:'RV_DATA'!Q75, 1456529508, RV_DATA!I63:'RV_DATA'!I75), 6) -> 3.15 | E73: =ROUND(Source!AC274*IF(Source!BC274<> 0, Source!BC274, 1), 6) -> 1641.486 | F73: =ROUND(SUMIF(RV_DATA!Q63:'RV_DATA'!Q75, 1456529508, RV_DATA!N63:'RV_DATA'!N75), 6) -> 5170.68 | Q73: 3
A74: 1.1-1-389 | B74: Клей дисперсный, "АДМ-К" | C74: т | D74: =ROUND(SUMIF(RV_DATA!Q63:'RV_DATA'!Q75, -943444006, RV_DATA!I63:'RV_DATA'!I75), 6) -> 6e-05 | E74: =ROUND(Source!AC286*IF(Source!BC286<> 0, Source!BC286, 1), 6) -> 55891.533 | F74: =ROUND(SUMIF(RV_DATA!Q63:'RV_DATA'!Q75, -943444006, RV_DATA!N63:'RV_DATA'!N75), 6) -> 3.35 | Q74: 3
A75: 1.3-2-163 | B75: Смеси сухие цементно-песчаные, универсальные для общестроительных и штукатурных работ, марка М-150 | C75: т | D75: =ROUND(SUMIF(RV_DATA!Q63:'RV_DATA'!Q75, 603493482, RV_DATA!I63:'RV_DATA'!I75), 6) -> 0.1148 | E75: =ROUND(Source!AC278*IF(Source!BC278<> 0, Source!BC278, 1), 6) -> 2937.447 | F75: =ROUND(SUMIF(RV_DATA!Q63:'RV_DATA'!Q75, 603493482, RV_DATA!N63:'RV_DATA'!N75), 6) -> 337.22 | Q75: 3
A76: 1.5-3-492 | B76: Плиты бетонные тротуарные тактильные, толщина 80 мм, цвет серый | C76: м2 | D76: =ROUND(SUMIF(RV_DATA!Q63:'RV_DATA'!Q75, -1167514469, RV_DATA!I63:'RV_DATA'!I75), 6) -> 2.88 | E76: =ROUND(Source!AC280*IF(Source!BC280<> 0, Source!BC280, 1), 6) -> 779.3646 | F76: =ROUND(SUMIF(RV_DATA!Q63:'RV_DATA'!Q75, -1167514469, RV_DATA!N63:'RV_DATA'!N75), 6) -> 2244.57 | Q76: 3
A77: 9999990006 | B77: Стоимость прочих материалов (ЭСН) | C77: руб. | D77: =ROUND(SUMIF(RV_DATA!Q63:'RV_DATA'!Q75, -1341645062, RV_DATA!I63:'RV_DATA'!I75), 6) -> 0.12546 | E77: =ROUND(SmtRes!AA263, 6) -> 1 | F77: =ROUND(SUMIF(RV_DATA!Q63:'RV_DATA'!Q75, -1341645062, RV_DATA!N63:'RV_DATA'!N75), 6) -> 0.13 | Q77: 3
A78: цена поставщика | B78: Цветная нескользящая лента Л-25, светонакопительная. 25мм | C78: м | D78: =ROUND(SUMIF(RV_DATA!Q63:'RV_DATA'!Q75, -666584264, RV_DATA!I63:'RV_DATA'!I75), 6) -> 3.4 | E78: =ROUND(Source!AC284*IF(Source!BC284<> 0, Source!BC284, 1), 6) -> 106.3259 | F78: =ROUND(SUMIF(RV_DATA!Q63:'RV_DATA'!Q75, -666584264, RV_DATA!N63:'RV_DATA'!N75), 6) -> 361.51 | Q78: 3
A79: Цена поставщика | B79: Таблички с шрифтом Брайля 270х50 | C79: шт. | D79: =ROUND(SUMIF(RV_DATA!Q63:'RV_DATA'!Q75, -61956573, RV_DATA!I63:'RV_DATA'!I75), 6) -> 2 | E79: =ROUND(Source!AC290*IF(Source!BC290<> 0, Source!BC290, 1), 6) -> 367.4075 | F79: =ROUND(SUMIF(RV_DATA!Q63:'RV_DATA'!Q75, -61956573, RV_DATA!N63:'RV_DATA'!N75), 6) -> 734.82 | Q79: 3
A80: Цена поставщика | B80: Пиктограмма СП-11 Направление движения, поворот. 200 x 200мм | C80: шт. | D80: =ROUND(SUMIF(RV_DATA!Q63:'RV_DATA'!Q75, -207052022, RV_DATA!I63:'RV_DATA'!I75), 6) -> 7 | E80: =ROUND(Source!AC292*IF(Source!BC292<> 0, Source!BC292, 1), 6) -> 822.9405 | F80: =ROUND(SUMIF(RV_DATA!Q63:'RV_DATA'!Q75, -207052022, RV_DATA!N63:'RV_DATA'!N75), 6) -> 5760.58 | Q80: 3
A81: Цена поставщика | B81: Маяк световой для дверных проемов (пара). 150 x 290 x 40мм | C81: пара | D81: =ROUND(SUMIF(RV_DATA!Q63:'RV_DATA'!Q75, -1075102776, RV_DATA!I63:'RV_DATA'!I75), 6) -> 1 | E81: =ROUND(Source!AC294*IF(Source!BC294<> 0, Source!BC294, 1), 6) -> 1227.4287 | F81: =ROUND(SUMIF(RV_DATA!Q63:'RV_DATA'!Q75, -1075102776, RV_DATA!N63:'RV_DATA'!N75), 6) -> 1227.43 | Q81: 3
A82: Итого материальные ресурсы | E82: =SUMIF(Q69:Q81, 3, F69:F81) -> 15936.7
A83: =CONCATENATE("Подраздел: ",IF(Source!G327<>"Новый подраздел", Source!G327, "")) -> Подраздел: Конструктивные решения
A84: Материальные ресурсы
A85: 1.1-1-1104 | B85: Сталь толстолистовая, толщина более 4 мм, общего назначения, марка Ст1сп-Ст6сп | C85: т | D85: =ROUND(SUMIF(RV_DATA!Q77:'RV_DATA'!Q99, 466956492, RV_DATA!I77:'RV_DATA'!I99), 6) -> 0.02 | E85: =ROUND(Source!AC354*IF(Source!BC354<> 0, Source!BC354, 1), 6) -> 39691.143 | F85: =ROUND(SUMIF(RV_DATA!Q77:'RV_DATA'!Q99, 466956492, RV_DATA!N77:'RV_DATA'!N99), 6) -> 793.82 | Q85: 3
A86: 1.1-1-1112 | B86: Сталь угловая равнополочная общего назначения, марка Ст0, ширина полки более 70 мм | C86: т | D86: =ROUND(SUMIF(RV_DATA!Q77:'RV_DATA'!Q99, 1439660157, RV_DATA!I77:'RV_DATA'!I99), 6) -> 0.08 | E86: =ROUND(Source!AC352*IF(Source!BC352<> 0, Source!BC352, 1), 6) -> 24426.004 | F86: =ROUND(SUMIF(RV_DATA!Q77:'RV_DATA'!Q99, 1439660157, RV_DATA!N77:'RV_DATA'!N99), 6) -> 1954.08 | Q86: 3
A87: 1.1-1-118 | B87: Вода | C87: м3 | D87: =ROUND(SUMIF(RV_DATA!Q77:'RV_DATA'!Q99, 2045990491, RV_DATA!I77:'RV_DATA'!I99), 6) -> 0.017276 | E87: =ROUND(SmtRes!AA289, 6) -> 29.98 | F87: =ROUND(SUMIF(RV_DATA!Q77:'RV_DATA'!Q99, 2045990491, RV_DATA!N77:'RV_DATA'!N99), 6) -> 0.52 | Q87: 3
A88: 1.1-1-132 | B88: Гвозди строительные | C88: т | D88: =ROUND(SUMIF(RV_DATA!Q77:'RV_DATA'!Q99, -2146081827, RV_DATA!I77:'RV_DATA'!I99), 6) -> 2e-06 | E88: =ROUND(SmtRes!AA328, 6) -> 61040.49 | F88: =ROUND(SUMIF(RV_DATA!Q77:'RV_DATA'!Q99, -2146081827, RV_DATA!N77:'RV_DATA'!N99), 6) -> 0.15 | Q88: 3
A89: 1.1-1-1566 | B89: Электроды, тип Э-42, 46, 50, диаметр 4 - 6 мм | C89: т | D89: =ROUND(SUMIF(RV_DATA!Q77:'RV_DATA'!Q99, -161349360, RV_DATA!I77:'RV_DATA'!I99), 6) -> 0.001272 | E89: =ROUND(SmtRes!AA329, 6) -> 86373.64 | F89: =ROUND(SUMIF(RV_DATA!Q77:'RV_DATA'!Q99, -161349360, RV_DATA!N77:'RV_DATA'!N99), 6) -> 109.86 | Q89: 3
A90: 1.1-1-227 | B90: Доски хвойных пород, обрезные, длина 2-6,5 м, сорт III, толщина 40-60 мм | C90: м3 | D90: =ROUND(SUMIF(RV_DATA!Q77:'RV_DATA'!Q99, 2109290276, RV_DATA!I77:'RV_DATA'!I99), 6) -> 4.8e-05 | E90: =ROUND(SmtRes!AA330, 6) -> 5156.54 | F90: =ROUND(SUMIF(RV_DATA!Q77:'RV_DATA'!Q99, 2109290276, RV_DATA!N77:'RV_DATA'!N99), 6) -> 0.25 | Q90: 3
A91: 1.1-1-2284 | B91: Профили стальные электросварные квадратного сечения трубчатые, размер стороны 60 мм, толщина стенки 3 мм | C91: т | D91: =ROUND(SUMIF(RV_DATA!Q77:'RV_DATA'!Q99, 975481145, RV_DATA!I77:'RV_DATA'!I99), 6) -> 0.09 | E91: =ROUND(Source!AC350*IF(Source!BC350<> 0, Source!BC350, 1), 6) -> 35427.6 | F91: =ROUND(SUMIF(RV_DATA!Q77:'RV_DATA'!Q99, 975481145, RV_DATA!N77:'RV_DATA'!N99), 6) -> 3188.48 | Q91: 3
A92: 1.1-1-256 | B92: Известь негашеная комовая | C92: т | D92: =ROUND(SUMIF(RV_DATA!Q77:'RV_DATA'!Q99, -257246261, RV_DATA!I77:'RV_DATA'!I99), 6) -> 1.2e-05 | E92: =ROUND(SmtRes!AA331, 6) -> 3214.84 | F92: =ROUND(SUMIF(RV_DATA!Q77:'RV_DATA'!Q99, -257246261, RV_DATA!N77:'RV_DATA'!N99), 6) -> 0.04 | Q92: 3
A93: 1.1-1-60 | B93: Болты строительные с гайками с шестигранной головкой, диаметр резьбы 6 мм | C93: т | D93: =ROUND(SUMIF(RV_DATA!Q77:'RV_DATA'!Q99, 520618720, RV_DATA!I77:'RV_DATA'!I99), 6) -> 0.022742 | E93: =ROUND(Source!AC348*IF(Source!BC348<> 0, Source!BC348, 1), 6) -> 93738.445 | F93: =ROUND(SUMIF(RV_DATA!Q77:'RV_DATA'!Q99, 520618720, RV_DATA!N77:'RV_DATA'!N99), 6) -> 2131.8 | Q93: 3
A94: 1.1-1-655 | B94: Мешковина | C94: м2 | D94: =ROUND(SUMIF(RV_DATA!Q77:'RV_DATA'!Q99, -1302852585, RV_DATA!I77:'RV_DATA'!I99), 6) -> 0.236 | E94: =ROUND(SmtRes!AA301, 6) -> 21.28 | F94: =ROUND(SUMIF(RV_DATA!Q77:'RV_DATA'!Q99, -1302852585, RV_DATA!N77:'RV_DATA'!N99), 6) -> 5.03 | Q94: 3
A95: 1.1-1-766 | B95: Песок для строительных работ, рядовой | C95: м3 | D95: =ROUND(SUMIF(RV_DATA!Q77:'RV_DATA'!Q99, -1466799423, RV_DATA!I77:'RV_DATA'!I99), 6) -> 0.3 | E95: =ROUND(Source!AC332*IF(Source!BC332<> 0, Source!BC332, 1), 6) -> 572.1955 | F95: =ROUND(SUMIF(RV_DATA!Q77:'RV_DATA'!Q99, -1466799423, RV_DATA!N77:'RV_DATA'!N99), 6) -> 171.66 | Q95: 3
A96: 1.3-1-39 | B96: Смеси бетонные, БСГ, тяжелого бетона на гранитном щебне, класс прочности В20 (М250); П3, фракция 5-20, F100, W2 | C96: м3 | D96: =ROUND(SUMIF(RV_DATA!Q77:'RV_DATA'!Q99, 252884569, RV_DATA!I77:'RV_DATA'!I99), 6) -> 0.1218 | E96: =ROUND(Source!AC344*IF(Source!BC344<> 0, Source!BC344, 1), 6) -> 3861.3816 | F96: =ROUND(SUMIF(RV_DATA!Q77:'RV_DATA'!Q99, 252884569, RV_DATA!N77:'RV_DATA'!N99), 6) -> 470.32 | Q96: 3
A97: 1.3-1-64 | B97: Смеси бетонные, БСГ, песчаного бетона, класс прочности В7,5 (М100); П1, F50, W2 | C97: м3 | D97: =ROUND(SUMIF(RV_DATA!Q77:'RV_DATA'!Q99, -789261222, RV_DATA!I77:'RV_DATA'!I99), 6) -> 0.0816 | E97: =ROUND(Source!AC336*IF(Source!BC336<> 0, Source!BC336, 1), 6) -> 2961.585 | F97: =ROUND(SUMIF(RV_DATA!Q77:'RV_DATA'!Q99, -789261222, RV_DATA!N77:'RV_DATA'!N99), 6) -> 241.67 | Q97: 3
A98: 1.3-4-20 | B98: Арматурные заготовки (стержни, хомуты и т.п.), не собранные в каркасы или сетки, арматурная сталь периодического профиля, класс А-III, диаметр 8 мм | C98: т | D98: =ROUND(SUMIF(RV_DATA!Q77:'RV_DATA'!Q99, -452909362, RV_DATA!I77:'RV_DATA'!I99), 6) -> 0.002 | E98: =ROUND(Source!AC340*IF(Source!BC340<> 0, Source!BC340, 1), 6) -> 34687.032 | F98: =ROUND(SUMIF(RV_DATA!Q77:'RV_DATA'!Q99, -452909362, RV_DATA!N77:'RV_DATA'!N99), 6) -> 69.37 | Q98: 3
A99: 1.3-4-22 | B99: Арматурные заготовки (стержни, хомуты и т.п.), не собранные в каркасы или сетки, арматурная сталь периодического профиля, класс А-III, диаметр 12-14 мм | C99: т | D99: =ROUND(SUMIF(RV_DATA!Q77:'RV_DATA'!Q99, -1873529497, RV_DATA!I77:'RV_DATA'!I99), 6) -> 0.004 | E99: =ROUND(Source!AC342*IF(Source!BC342<> 0, Source!BC342, 1), 6) -> 34687.032 | F99: =ROUND(SUMIF(RV_DATA!Q77:'RV_DATA'!Q99, -1873529497, RV_DATA!N77:'RV_DATA'!N99), 6) -> 138.75 | Q99: 3
A100: 1.6-1-216 | B100: Площадки с настилом из листовой, рифленой, просечной или круглой стали, каркасами и элементами жесткости из прокатных и гнутых профилей, прямоугольные и трапециевидные | C100: т | D100: =ROUND(SUMIF(RV_DATA!Q77:'RV_DATA'!Q99, 1319168430, RV_DATA!I77:'RV_DATA'!I99), 6) -> 0.08 | E100: =ROUND(Source!AC356*IF(Source!BC356<> 0, Source!BC356, 1), 6) -> 87490.099 | F100: =ROUND(SUMIF(RV_DATA!Q77:'RV_DATA'!Q99, 1319168430, RV_DATA!N77:'RV_DATA'!N99), 6) -> 6999.21 | Q100: 3
A101: 1.6-1-271 | B101: Отдельные конструктивные элементы с преобладанием горячекатаных профилей, средняя масса сборочной единицы от 0,11 до 0,5 т | C101: т | D101: =ROUND(SUMIF(RV_DATA!Q77:'RV_DATA'!Q99, 46752021, RV_DATA!I77:'RV_DATA'!I99), 6) -> 0.00027 | E101: =ROUND(SmtRes!AA363, 6) -> 65674.62 | F101: =ROUND(SUMIF(RV_DATA!Q77:'RV_DATA'!Q99, 46752021, RV_DATA!N77:'RV_DATA'!N99), 6) -> 17.73 | Q101: 3
A102: 1.9-11-4 | B102: Щиты деревянные для фундаментов, колонн, балок, перекрытий, стен, перегородок и других конструкций из досок, толщина 40 мм | C102: м2 | D102: =ROUND(SUMIF(RV_DATA!Q77:'RV_DATA'!Q99, 1343511085, RV_DATA!I77:'RV_DATA'!I99), 6) -> 0.00432 | E102: =ROUND(SmtRes!AA336, 6) -> 445.34 | F102: =ROUND(SUMIF(RV_DATA!Q77:'RV_DATA'!Q99, 1343511085, RV_DATA!N77:'RV_DATA'!N99), 6) -> 1.92 | Q102: 3
A103: 9999990006 | B103: Стоимость прочих материалов (ЭСН) | C103: руб. | D103: =ROUND(SUMIF(RV_DATA!Q77:'RV_DATA'!Q99, -1341645062, RV_DATA!I77:'RV_DATA'!I99), 6) -> 10.6596 | E103: =ROUND(SmtRes!AA364, 6) -> 1 | F103: =ROUND(SUMIF(RV_DATA!Q77:'RV_DATA'!Q99, -1341645062, RV_DATA!N77:'RV_DATA'!N99), 6) -> 10.66 | Q103: 3
A104: Итого материальные ресурсы | E104: =SUMIF(Q85:Q103, 3, F85:F103) -> 16305.32
...

Sheet Source
A1: 0 | B1: Smeta.RU (495) 974-1589 | D1: _PS_ | F1: 0 | G1: 0 | H1: 0 | I1: Smeta.RU | K1: 0 | L1: 29412 | M1: 10
A12: 1 | B12: 686 | C12: 0 | D12: =ROW(A653) -> 653 | E12: 0 | F12: Общестроительные работы ДГП №150 ф2 (ТСН-2001 (Мосгосэкспертиза)) | G12: Общестроительные работы ДГП №150 ф2 | I12: 0 | K12: 0 | O12: 0 | P12: 0 | Q12: 0 | R12: 180 | S12: 168 | V12: 0 | AB12: Трубецкая Т.И. | AC12: инженер-сметчик | AD12: Сатаров А.Д. | AE12: Начальник управления | BH12: Сметные нормы списания | BI12: Коды ОКП для ТСН-2001 МГЭ | BJ12: 1 | BK12: 1 | BL12: 0 | BM12: 0 | BN12: 1 | BO12: 0 | BP12: 6 | BQ12: 2 | BR12: 1 | BS12: 1 | BT12: 0 | BU12: 0 | BV12: 0 | BW12: 0 | BX12: 0 | BY12: ТСН 2001- Ремонт | BZ12: Типовой расчет для ТСН-2001 МГЭ (Ремонт), Доп 48 | CA12: Территориальные сметные нормативы для Москвы ТСН-2001 (МГЭ) | CB12: Территориальные сметные нормативы для Москвы ТСН-2001 (МГЭ) | CC12: Территориальные сметные нормативы для Москвы ТСН-2001 (МГЭ) | CD12: Территориальные сметные нормативы для Москвы ТСН-2001 (МГЭ) | CF12: 0 | CG12: 0 | CH12: 8 | CK12: 48 | EC12: 0
A15: 15 | B15: 1
A18: 52 | B18: =B653 -> 686 | C18: =C653 -> 1 | D18: =D653 -> 12 | E18: =E653 -> 0 | F18: =F653 -> Общестроительные работы ДГП №150 ф2 (ТСН-2001 (Мосгосэкспертиза)) | G18: =G653 -> Общестроительные работы ДГП №150 ф2 | O18: =O653 -> 151320.94 | P18: =P653 -> 148666.95 | Q18: =Q653 -> 769.43 | R18: =R653 -> 123.55 | S18: =S653 -> 1884.56 | T18: =T653 -> 0 | U18: =U653 -> 158.05589 | V18: =V653 -> 0 | ... GX18: =GX653 -> 0
A20: 3 | B20: 1 | D20: =ROW(A624) -> 624 | F20: Локальная смета №1 | G20: Смета на общестроительные работы | I20: 0 | K20: -1 | V20: 0 | BX20: 0 | CF20: 0 | CG20: 0
A22: 52 | B22: =B624 -> 1 | C22: =C624 -> 3 | D22: =D624 -> 20 | E22: =E624 -> 0 | F22: =F624 -> Локальная смета №1 | G22: =G624 -> Смета на общестроительные работы | O22: =O624 -> 151320.94 | P22: =P624 -> 148666.95 | Q22: =Q624 -> 769.43 | R22: =R624 -> 123.55 | S22: =S624 -> 1884.56 | T22: =T624 -> 0 | U22: =U624 -> 158.05589 | V22: =V624 -> 0 | ... GX22: =GX624 -> 0
A24: 4 | B24: 1 | D24: =ROW(A63) -> 63 | F24: Новый раздел | G24: Наружные работы | I24: 0 | K24: 0 | V24: 0 | BX24: 0 | CJ24: 0
A26: 52 | B26: =B63 -> 1 | C26: =C63 -> 4 | D26: =D63 -> 24 | E26: =E63 -> 0 | F26: =F63 -> Новый раздел | G26: =G63 -> Наружные работы | O26: =O63 -> 4038.94 | P26: =P63 -> 3347.09 | Q26: =Q63 -> 368.07 | R26: =R63 -> 35.51 | S26: =S63 -> 323.78 | T26: =T63 -> 0 | U26: =U63 -> 30.29139 | V26: =V63 -> 0 | ... GX26: =GX63 -> 0
A28: 17 | B28: 1 | C28: =ROW(SmtRes!A6) -> 6 | D28: =ROW(EtalonRes!A5) -> 5 | E28: 1 | F28: 6.68-51-4 | G28: Разборка покрытий и оснований асфальтобетонных | H28: 100 м3 конструкций | I28: =ROUND(0.971/100,9) -> 0.00971 | J28: 0 | O28: =ROUND(CP28,2) -> 42.74 | P28: =ROUND(CQ28*I28,2) -> 0 | Q28: =ROUND(CR28*I28,2) -> 26.35 | R28: =ROUND(CS28*I28,2) -> 7.14 | S28: =ROUND(CT28*I28,2) -> 16.39 | T28: =ROUND(CU28*I28,2) -> 0 | U28: =CV28*I28 -> 1.50505 | V28: =CW28*I28 -> 0 | W28: =ROUND(CX28*I28,2) -> 0 | X28: =ROUND(CY28,2) -> 0 | Y28: =ROUND(CZ28,2) -> 0 | AA28: 45037306 | AB28: =ROUND((AC28+AD28+AF28),6) -> 4401.5 | AC28: =ROUND((ES28),6) -> 0 | AD28: =ROUND((ET28),6) -> 2713.55 | AE28: =ROUND((EU28),6) -> 735.23 | AF28: =ROUND((EV28),6) -> 1687.95 | AG28: =ROUND((AP28),6) -> 0 | AH28: =(EW28) -> 155 | AI28: =(EX28) -> 0 | AJ28: =ROUND((AS28),6) -> 0 | AK28: 4401.5 | AL28: 0 | AM28: 2713.55 | AN28: 735.23 | AO28: 1687.95 | AP28: 0 | AQ28: 155 | AR28: 0 | AS28: 0 | AT28: 0 | AU28: 0 | AV28: 1 | AW28: 1 | AZ28: 1 | BA28: 1 | BB28: 1 | BC28: 1 | BH28: 0 | BI28: 1 | BJ28: ТСН-2001.6. Доп. 1-42. Сб. 68, т. 51, поз. 4 | BM28: 674 | BN28: 7156650 | BP28: 0 | BQ28: 60 | BR28: 0 | BS28: 1 | BT28: 1 | BU28: 1 | BV28: 1 | BW28: 1 | BX28: 1 | BZ28: 0 | CA28: 0 | CF28: 0 | CG28: 0 | CM28: 0 | CO28: 0 | CP28: =(P28+Q28+S28) -> 42.74 | CQ28: =(AC28*BC28*AW28) -> 0 | CR28: =(AD28*BB28*AV28) -> 2713.55 | CS28: =(AE28*BS28*AV28) -> 735.23 | CT28: =(AF28*BA28*AV28) -> 1687.95 | CU28: =AG28 -> 0 | CV28: =(AH28*AV28) -> 155 | CW28: =AI28 -> 0 | CX28: =AJ28 -> 0 | CY28: =S28*(BZ28/100) -> 0 | CZ28: =S28*(CA28/100) -> 0 | DN28: 80 | DO28: 55 | DP28: 1.047 | DQ28: 1 | DU28: 1007 | DV28: 100 м3 конструкций | DW28: 100 м3 конструкций | DX28: 100 | EE28: 44847181 | EF28: 60 | EG28: Ремонтно-строительные работы | EH28: 0 | EJ28: 1 | EK28: 674 | EL28: ТСН-2001.6-68. 68-51...68-53 | EM28: ТСН-2001.6-68-21 | EQ28: 131072 | ER28: 4401.5 | ES28: 0 | ET28: 2713.55 | EU28: 735.23 | EV28: 1687.95 | EW28: 155 | EX28: 0 | EY28: 0 | FQ28: 0 | FR28: =ROUND(IF(AND(BH28=3,BI28=3),P28,0),2) -> 0 | FS28: 0 | FX28: 80 | FY28: 55 | GD28: 0 | GF28: 462798223 | GG28: 2 | GH28: 2 | GI28: 3 | GJ28: 0 | GK28: =ROUND(R28*(R12)/100,2) -> 12.85 | GL28: =ROUND(IF(AND(BH28=3,BI28=3,FS28<>0),P28,0),2) -> 0 | GM28: =ROUND(O28+X28+Y28+GK28,2)+GX28 -> 55.59 | GN28: =IF(OR(BI28=0,BI28=1),ROUND(O28+X28+Y28+GK28,2),0) -> 55.59 | GO28: =IF(BI28=2,ROUND(O28+X28+Y28+GK28,2),0) -> 0 | GP28: =IF(BI28=4,ROUND(O28+X28+Y28+GK28,2)+GX28,0) -> 0 | GR28: 0 | GS28: 3 | GT28: 0 | GV28: =ROUND(GT28,6) -> 0 | GW28: 1 | GX28: =ROUND(GV28*GW28*I28,2) -> 0 | HA28: 0 | HB28: 0 | IK28: 0
A29: 17 | B29: 1 | C29: =ROW(SmtRes!A12) -> 12 | D29: =ROW(EtalonRes!A10) -> 10 | E29: 1 | F29: 6.68-51-4 | G29: Разборка покрытий и оснований асфальтобетонных | H29: 100 м3 конструкций | I29: =ROUND(0.971/100,9) -> 0.00971 | J29: 0 | O29: =ROUND(CP29,2) -> 583.35 | P29: =ROUND(CQ29*I29,2) -> 0 | Q29: =ROUND(CR29*I29,2) -> 248.99 | R29: =ROUND(CS29*I29,2) -> 145.64 | S29: =ROUND(CT29*I29,2) -> 334.36 | T29: =ROUND(CU29*I29,2) -> 0 | U29: =CV29*I29 -> 1.50505 | V29: =CW29*I29 -> 0 | W29: =ROUND(CX29*I29,2) -> 0 | X29: =ROUND(CY29,2) -> 227.36 | Y29: =ROUND(CZ29,2) -> 137.09 | AA29: 45037307 | AB29: =ROUND((AC29+AD29+AF29),6) -> 4401.5 | AC29: =ROUND((ES29),6) -> 0 | AD29: =ROUND((ET29),6) -> 2713.55 | AE29: =ROUND((EU29),6) -> 735.23 | AF29: =ROUND((EV29),6) -> 1687.95 | AG29: =ROUND((AP29),6) -> 0 | AH29: =(EW29) -> 155 | AI29: =(EX29) -> 0 | AJ29: =ROUND((AS29),6) -> 0 | AK29: 4401.5 | AL29: 0 | AM29: 2713.55 | AN29: 735.23 | AO29: 1687.95 | AP29: 0 | AQ29: 155 | AR29: 0 | AS29: 0 | AT29: 68 | AU29: 41 | AV29: 1 | AW29: 1 | AZ29: 1 | BA29: 20.4 | BB29: 9.45 | BC29: 1 | BH29: 0 | BI29: 1 | BJ29: ТСН-2001.6. Доп. 1-42. Сб. 68, т. 51, поз. 4 | BM29: 674 | BN29: 7156650 | BO29: 6.68-51-4 | BP29: 1 | BQ29: 60 | BR29: 0 | BS29: 20.4 | BT29: 1 | BU29: 1 | BV29: 1 | BW29: 1 | BX29: 1 | BZ29: 68 | CA29: 41 | CF29: 0 | CG29: 0 | CM29: 0 | CO29: 0 | CP29: =(P29+Q29+S29) -> 583.35 | CQ29: =(AC29*BC29*AW29) -> 0 | CR29: =(AD29*BB29*AV29) -> 25643.048 | CS29: =(AE29*BS29*AV29) -> 14998.692 | CT29: =(AF29*BA29*AV29) -> 34434.18 | CU29: =AG29 -> 0 | CV29: =(AH29*AV29) -> 155 | CW29: =AI29 -> 0 | CX29: =AJ29 -> 0 | CY29: =S29*(BZ29/100) -> 227.3648 | CZ29: =S29*(CA29/100) -> 137.0876 | DN29: 80 | DO29: 55 | DP29: 1.047 | DQ29: 1 | DU29: 1007 | DV29: 100 м3 конструкций | DW29: 100 м3 конструкций | DX29: 100 | EE29: 44847181 | EF29: 60 | EG29: Ремонтно-строительные работы | EH29: 0 | EJ29: 1 | EK29: 674 | EL29: ТСН-2001.6-68. 68-51...68-53 | EM29: ТСН-2001.6-68-21 | EQ29: 131072 | ER29: 4401.5 | ES29: 0 | ET29: 2713.55 | EU29: 735.23 | EV29: 1687.95 | EW29: 155 | EX29: 0 | EY29: 0 | FQ29: 0 | FR29: =ROUND(IF(AND(BH29=3,BI29=3),P29,0),2) -> 0 | FS29: 0 | FX29: 80 | FY29: 55 | GD29: 0 | GF29: 462798223 | GG29: 2 | GH29: 1 | GI29: 3 | GJ29: 0 | GK29: =ROUND(R29*(S12)/100,2) -> 244.68 | GL29: =ROUND(IF(AND(BH29=3,BI29=3,FS29<>0),P29,0),2) -> 0 | GM29: =ROUND(O29+X29+Y29+GK29,2)+GX29 -> 1192.48 | GN29: =IF(OR(BI29=0,BI29=1),ROUND(O29+X29+Y29+GK29,2),0) -> 1192.48 | GO29: =IF(BI29=2,ROUND(O29+X29+Y29+GK29,2),0) -> 0 | GP29: =IF(BI29=4,ROUND(O29+X29+Y29+GK29,2)+GX29,0) -> 0 | GR29: 0 | GS29: 3 | GT29: 0 | GV29: =ROUND(GT29,6) -> 0 | GW29: 1 | GX29: =ROUND(GV29*GW29*I29,2) -> 0 | HA29: 0 | HB29: 0 | IK29: 0
A30: 18 | B30: 1 | C30: 6 | E30: 1,1 | F30: 9999990001 | G30: Масса мусора 2,4кг/1м3 | H30: т | I30: =I28*J30 -> 0.003 | J30: 0.30895984 | O30: =ROUND(CP30,2) -> 0 | P30: =ROUND(CQ30*I30,2) -> 0 | Q30: =ROUND(CR30*I30,2) -> 0 | R30: =ROUND(CS30*I30,2) -> 0 | S30: =ROUND(CT30*I30,2) -> 0 | T30: =ROUND(CU30*I30,2) -> 0 | U30: =CV30*I30 -> 0 | V30: =CW30*I30 -> 0 | W30: =ROUND(CX30*I30,2) -> 0 | X30: =ROUND(CY30,2) -> 0 | Y30: =ROUND(CZ30,2) -> 0 | AA30: 45037306 | AB30: =ROUND((AC30+AD30+AF30),6) -> 0 | AC30: =ROUND((ES30),6) -> 0 | AD30: =ROUND((ET30),6) -> 0 | AE30: =ROUND((EU30),6) -> 0 | AF30: =ROUND((EV30),6) -> 0 | AG30: =ROUND((AP30),6) -> 0 | AH30: =(EW30) -> 0 | AI30: =(EX30) -> 0 | AJ30: =ROUND((AS30),6) -> 0 | AK30: 0 | AL30: 0 | AM30: 0 | AN30: 0 | AO30: 0 | AP30: 0 | AQ30: 0 | AR30: 0 | AS30: 0 | AT30: 0 | AU30: 0 | AV30: 1 | AW30: 1 | AZ30: 1 | BA30: 1 | BB30: 1 | BC30: 1 | BH30: 3 | BI30: 1 | BM30: 674 | BN30: 7156650 | BP30: 0 | BQ30: 60 | BR30: 0 | BS30: 1 | BT30: 1 | BU30: 1 | BV30: 1 | BW30: 1 | BX30: 1 | BZ30: 0 | CA30: 0 | CF30: 0 | CG30: 0 | CM30: 0 | CO30: 0 | CP30: =(P30+Q30+S30) -> 0 | CQ30: =(AC30*BC30*AW30) -> 0 | CR30: =(AD30*BB30*AV30) -> 0 | CS30: =(AE30*BS30*AV30) -> 0 | CT30: =(AF30*BA30*AV30) -> 0 | CU30: =AG30 -> 0 | CV30: =(AH30*AV30) -> 0 | CW30: =AI30 -> 0 | CX30: =AJ30 -> 0 | CY30: =S30*(BZ30/100) -> 0 | CZ30: =S30*(CA30/100) -> 0 | DN30: 80 | DO30: 55 | DP30: 1.047 | DQ30: 1 | DU30: 1009 | DV30: т | DW30: т | DX30: 1000 | EE30: 44847181 | EF30: 60 | EG30: Ремонтно-строительные работы | EH30: 0 | EJ30: 1 | EK30: 674 | EL30: ТСН-2001.6-68. 68-51...68-53 | EM30: ТСН-2001.6-68-21 | EQ30: 0 | ER30: 0 | ES30: 0 | ET30: 0 | EU30: 0 | EV30: 0 | EW30: 0 | EX30: 0 | FQ30: 0 | FR30: =ROUND(IF(AND(BH30=3,BI30=3),P30,0),2) -> 0 | FS30: 0 | FX30: 80 | FY30: 55 | GD30: 0 | GF30: -269224915 | GG30: 2 | GH30: 1 | GI30: 3 | GJ30: 0 | GK30: =ROUND(R30*(R12)/100,2) -> 0 | GL30: =ROUND(IF(AND(BH30=3,BI30=3,FS30<>0),P30,0),2) -> 0 | GM30: =ROUND(O30+X30+Y30+GK30,2)+GX30 -> 0 | GN30: =IF(OR(BI30=0,BI30=1),ROUND(O30+X30+Y30+GK30,2),0) -> 0 | GO30: =IF(BI30=2,ROUND(O30+X30+Y30+GK30,2),0) -> 0 | GP30: =IF(BI30=4,ROUND(O30+X30+Y30+GK30,2)+GX30,0) -> 0 | GR30: 0 | GS30: 3 | GT30: 0 | GV30: =ROUND(GT30,6) -> 0 | GW30: 1 | GX30: =ROUND(GV30*GW30*I30,2) -> 0 | HA30: 0 | HB30: 0 | IK30: 0
A31: 18 | B31: 1 | C31: 12 | E31: 1,1 | F31: 9999990001 | G31: Масса мусора 2,4кг/1м3 | H31: т | I31: =I29*J31 -> 0.003 | J31: 0.30895984 | O31: =ROUND(CP31,2) -> 0 | P31: =ROUND(CQ31*I31,2) -> 0 | Q31: =ROUND(CR31*I31,2) -> 0 | R31: =ROUND(CS31*I31,2) -> 0 | S31: =ROUND(CT31*I31,2) -> 0 | T31: =ROUND(CU31*I31,2) -> 0 | U31: =CV31*I31 -> 0 | V31: =CW31*I31 -> 0 | W31: =ROUND(CX31*I31,2) -> 0 | X31: =ROUND(CY31,2) -> 0 | Y31: =ROUND(CZ31,2) -> 0 | AA31: 45037307 | AB31: =ROUND((AC31+AD31+AF31),6) -> 0 | AC31: =ROUND((ES31),6) -> 0 | AD31: =ROUND((ET31),6) -> 0 | AE31: =ROUND((EU31),6) -> 0 | AF31: =ROUND((EV31),6) -> 0 | AG31: =ROUND((AP31),6) -> 0 | AH31: =(EW31) -> 0 | AI31: =(EX31) -> 0 | AJ31: =ROUND((AS31),6) -> 0 | AK31: 0 | AL31: 0 | AM31: 0 | AN31: 0 | AO31: 0 | AP31: 0 | AQ31: 0 | AR31: 0 | AS31: 0 | AT31: 0 | AU31: 0 | AV31: 1 | AW31: 1 | AZ31: 1 | BA31: 1 | BB31: 1 | BC31: 1 | BH31: 3 | BI31: 1 | BM31: 674 | BN31: 7156650 | BP31: 0 | BQ31: 60 | BR31: 0 | BS31: 1 | BT31: 1 | BU31: 1 | BV31: 1 | BW31: 1 | BX31: 1 | BZ31: 0 | CA31: 0 | CF31: 0 | CG31: 0 | CM31: 0 | CO31: 0 | CP31: =(P31+Q31+S31) -> 0 | CQ31: =(AC31*BC31*AW31) -> 0 | CR31: =(AD31*BB31*AV31) -> 0 | CS31: =(AE31*BS31*AV31) -> 0 | CT31: =(AF31*BA31*AV31) -> 0 | CU31: =AG31 -> 0 | CV31: =(AH31*AV31) -> 0 | CW31: =AI31 -> 0 | CX31: =AJ31 -> 0 | CY31: =S31*(BZ31/100) -> 0 | CZ31: =S31*(CA31/100) -> 0 | DN31: 80 | DO31: 55 | DP31: 1.047 | DQ31: 1 | DU31: 1009 | DV31: т | DW31: т | DX31: 1000 | EE31: 44847181 | EF31: 60 | EG31: Ремонтно-строительные работы | EH31: 0 | EJ31: 1 | EK31: 674 | EL31: ТСН-2001.6-68. 68-51...68-53 | EM31: ТСН-2001.6-68-21 | EQ31: 0 | ER31: 0 | ES31: 0 | ET31: 0 | EU31: 0 | EV31: 0 | EW31: 0 | EX31: 0 | FQ31: 0 | FR31: =ROUND(IF(AND(BH31=3,BI31=3),P31,0),2) -> 0 | FS31: 0 | FX31: 80 | FY31: 55 | GD31: 0 | GF31: -269224915 | GG31: 2 | GH31: 1 | GI31: 3 | GJ31: 0 | GK31: =ROUND(R31*(S12)/100,2) -> 0 | GL31: =ROUND(IF(AND(BH31=3,BI31=3,FS31<>0),P31,0),2) -> 0 | GM31: =ROUND(O31+X31+Y31+GK31,2)+GX31 -> 0 | GN31: =IF(OR(BI31=0,BI31=1),ROUND(O31+X31+Y31+GK31,2),0) -> 0 | GO31: =IF(BI31=2,ROUND(O31+X31+Y31+GK31,2),0) -> 0 | GP31: =IF(BI31=4,ROUND(O31+X31+Y31+GK31,2)+GX31,0) -> 0 | GR31: 0 | GS31: 3 | GT31: 0 | GV31: =ROUND(GT31,6) -> 0 | GW31: 1 | GX31: =ROUND(GV31*GW31*I31,2) -> 0 | HA31: 0 | HB31: 0 | IK31: 0
A32: 17 | B32: 1 | C32: =ROW(SmtRes!A13) -> 13 | D32: =ROW(EtalonRes!A11) -> 11 | E32: 2 | F32: 3.1-52-1 | G32: Копание ям вручную без креплений для стоек и столбов без откосов глубиной до 0,7 м группа грунтов 1-3(газон.,плодородный слой 13,16м2*0,25) | H32: 100 м3 грунта | I32: =ROUND(3.29/100,9) -> 0.0329 | J32: 0 | O32: =ROUND(CP32,2) -> 133.21 | P32: =ROUND(CQ32*I32,2) -> 0 | Q32: =ROUND(CR32*I32,2) -> 0 | R32: =ROUND(CS32*I32,2) -> 0 | S32: =ROUND(CT32*I32,2) -> 133.21 | T32: =ROUND(CU32*I32,2) -> 0 | U32: =CV32*I32 -> 12.449607 | V32: =CW32*I32 -> 0 | W32: =ROUND(CX32*I32,2) -> 0 | X32: =ROUND(CY32,2) -> 0 | Y32: =ROUND(CZ32,2) -> 0 | AA32: 45037306 | AB32: =ROUND((AC32+AD32+AF32),6) -> 4048.9545 | AC32: =ROUND((ES32),6) -> 0 | AD32: =ROUND(((ET32*1.25)),6) -> 0 | AE32: =ROUND(((EU32*1.25)),6) -> 0 | AF32: =ROUND(((EV32*1.15)),6) -> 4048.9545 | AG32: =ROUND((AP32),6) -> 0 | AH32: =((EW32*1.15)) -> 378.4075 | AI32: =((EX32*1.25)) -> 0 | AJ32: =ROUND((AS32),6) -> 0 | AK32: 3520.83 | AL32: 0 | AM32: 0 | AN32: 0 | AO32: 3520.83 | AP32: 0 | AQ32: 329.05 | AR32: 0 | AS32: 0 | AT32: 0 | AU32: 0 | AV32: 1 | AW32: 1 | AZ32: 1 | BA32: 1 | BB32: 1 | BC32: 1 | BH32: 0 | BI32: 1 | BJ32: ТСН-2001.3. Доп. 1-42. Сб. 1, т. 52, поз. 1 | BM32: 16 | BN32: 7156650 | BP32: 0 | BQ32: 30 | BR32: 0 | BS32: 1 | BT32: 1 | BU32: 1 | BV32: 1 | BW32: 1 | BX32: 1 | BZ32: 0 | CA32: 0 | CF32: 0 | CG32: 0 | CM32: 0 | CN32: Поправка: ТСН-2001.О.П. п.3.4. 6 Наименование: Выполняемые при ремонте и реконструкции работы аналогичные технологическим процессам, характерным для нового строительства и отсутствующим в сборниках на ремонтно-строительные работы | CO32: 0 | CP32: =(P32+Q32+S32) -> 133.21 | CQ32: =(AC32*BC32*AW32) -> 0 | CR32: =(AD32*BB32*AV32) -> 0 | CS32: =(AE32*BS32*AV32) -> 0 | CT32: =(AF32*BA32*AV32) -> 4048.9545 | CU32: =AG32 -> 0 | CV32: =(AH32*AV32) -> 378.4075 | CW32: =AI32 -> 0 | CX32: =AJ32 -> 0 | CY32: =S32*(BZ32/100) -> 0 | CZ32: =S32*(CA32/100) -> 0 | DE32: )*1,25 | DF32: )*1,25 | DG32: )*1,15 | DI32: )*1,15 | DJ32: )*1,25 | DN32: 91 | DO32: 67 | DP32: 1.248 | DQ32: 1 | DU32: 1013 | DV32: 100 м3 грунта | DW32: 100 м3 грунта | DX32: 1 | EE32: 44846523 | EF32: 30 | EG32: Строительные работы | EH32: 0 | EJ32: 1 | EK32: 16 | EL32: ТСН-2001.3-1. 1-49...1-55 | EM32: ТСН-2001.3-1-15 | EO32: Поправка: ТСН-2001.О.П. п.3.4. 6 | EQ32: 131072 | ER32: 3520.83 | ES32: 0 | ET32: 0 | EU32: 0 | EV32: 3520.83 | EW32: 329.05 | EX32: 0 | EY32: 0 | FQ32: 0 | FR32: =ROUND(IF(AND(BH32=3,BI32=3),P32,0),2) -> 0 | FS32: 0 | FX32: 91 | FY32: 67 | GD32: 0 | GF32: -450981772 | GG32: 2 | GH32: 1 | GI32: 3 | GJ32: 0 | GK32: =ROUND(R32*(R12)/100,2) -> 0 | GL32: =ROUND(IF(AND(BH32=3,BI32=3,FS32<>0),P32,0),2) -> 0 | GM32: =ROUND(O32+X32+Y32+GK32,2)+GX32 -> 133.21 | GN32: =IF(OR(BI32=0,BI32=1),ROUND(O32+X32+Y32+GK32,2),0) -> 133.21 | GO32: =IF(BI32=2,ROUND(O32+X32+Y32+GK32,2),0) -> 0 | GP32: =IF(BI32=4,ROUND(O32+X32+Y32+GK32,2)+GX32,0) -> 0 | GR32: 0 | GS32: 3 | GT32: 0 | GV32: =ROUND(GT32,6) -> 0 | GW32: 1 | GX32: =ROUND(GV32*GW32*I32,2) -> 0 | HA32: 0 | HB32: 0 | IK32: 0
A33: 17 | B33: 1 | C33: =ROW(SmtRes!A14) -> 14 | D33: =ROW(EtalonRes!A12) -> 12 | E33: 2 | F33: 3.1-52-1 | G33: Копание ям вручную без креплений для стоек и столбов без откосов глубиной до 0,7 м группа грунтов 1-3(газон.,плодородный слой 13,16м2*0,25) | H33: 100 м3 грунта | I33: =ROUND(3.29/100,9) -> 0.0329 | J33: 0 | O33: =ROUND(CP33,2) -> 2717.5 | P33: =ROUND(CQ33*I33,2) -> 0 | Q33: =ROUND(CR33*I33,2) -> 0 | R33: =ROUND(CS33*I33,2) -> 0 | S33: =ROUND(CT33*I33,2) -> 2717.5 | T33: =ROUND(CU33*I33,2) -> 0 | U33: =CV33*I33 -> 12.449607 | V33: =CW33*I33 -> 0 | W33: =ROUND(CX33*I33,2) -> 0 | X33: =ROUND(CY33,2) -> 1983.78 | Y33: =ROUND(CZ33,2) -> 1114.18 | AA33: 45037307 | AB33: =ROUND((AC33+AD33+AF33),6) -> 4048.9545 | AC33: =ROUND((ES33),6) -> 0 | AD33: =ROUND(((ET33*1.25)),6) -> 0 | AE33: =ROUND(((EU33*1.25)),6) -> 0 | AF33: =ROUND(((EV33*1.15)),6) -> 4048.9545 | AG33: =ROUND((AP33),6) -> 0 | AH33: =((EW33*1.15)) -> 378.4075 | AI33: =((EX33*1.25)) -> 0 | AJ33: =ROUND((AS33),6) -> 0 | AK33: 3520.83 | AL33: 0 | AM33: 0 | AN33: 0 | AO33: 3520.83 | AP33: 0 | AQ33: 329.05 | AR33: 0 | AS33: 0 | AT33: 73 | AU33: 41 | AV33: 1 | AW33: 1 | AZ33: 1 | BA33: 20.4 | BB33: 1 | BC33: 1 | BH33: 0 | BI33: 1 | BJ33: ТСН-2001.3. Доп. 1-42. Сб. 1, т. 52, поз. 1 | BM33: 16 | BN33: 7156650 | BO33: 3.1-52-1 | BP33: 1 | BQ33: 30 | BR33: 0 | BS33: 20.4 | BT33: 1 | BU33: 1 | BV33: 1 | BW33: 1 | BX33: 1 | BZ33: 73 | CA33: 41 | CF33: 0 | CG33: 0 | CM33: 0 | CN33: Поправка: ТСН-2001.О.П. п.3.4. 6 Наименование: Выполняемые при ремонте и реконструкции работы аналогичные технологическим процессам, характерным для нового строительства и отсутствующим в сборниках на ремонтно-строительные работы | CO33: 0 | CP33: =(P33+Q33+S33) -> 2717.5 | CQ33: =(AC33*BC33*AW33) -> 0 | CR33: =(AD33*BB33*AV33) -> 0 | CS33: =(AE33*BS33*AV33) -> 0 | CT33: =(AF33*BA33*AV33) -> 82598.672 | CU33: =AG33 -> 0 | CV33: =(AH33*AV33) -> 378.4075 | CW33: =AI33 -> 0 | CX33: =AJ33 -> 0 | CY33: =S33*(BZ33/100) -> 1983.775 | CZ33: =S33*(CA33/100) -> 1114.175 | DE33: )*1,25 | DF33: )*1,25 | DG33: )*1,15 | DI33: )*1,15 | DJ33: )*1,25 | DN33: 91 | DO33: 67 | DP33: 1.248 | DQ33: 1 | DU33: 1013 | DV33: 100 м3 грунта | DW33: 100 м3 грунта | DX33: 1 | EE33: 44846523 | EF33: 30 | EG33: Строительные работы | EH33: 0 | EJ33: 1 | EK33: 16 | EL33: ТСН-2001.3-1. 1-49...1-55 | EM33: ТСН-2001.3-1-15 | EO33: Поправка: ТСН-2001.О.П. п.3.4. 6 | EQ33: 131072 | ER33: 3520.83 | ES33: 0 | ET33: 0 | EU33: 0 | EV33: 3520.83 | EW33: 329.05 | EX33: 0 | EY33: 0 | FQ33: 0 | FR33: =ROUND(IF(AND(BH33=3,BI33=3),P33,0),2) -> 0 | FS33: 0 | FX33: 91 | FY33: 67 | GD33: 0 | GF33: -450981772 | GG33: 2 | GH33: 1 | GI33: 3 | GJ33: 0 | GK33: =ROUND(R33*(S12)/100,2) -> 0 | GL33: =ROUND(IF(AND(BH33=3,BI33=3,FS33<>0),P33,0),2) -> 0 | GM33: =ROUND(O33+X33+Y33+GK33,2)+GX33 -> 5815.46 | GN33: =IF(OR(BI33=0,BI33=1),ROUND(O33+X33+Y33+GK33,2),0) -> 5815.46 | GO33: =IF(BI33=2,ROUND(O33+X33+Y33+GK33,2),0) -> 0 | GP33: =IF(BI33=4,ROUND(O33+X33+Y33+GK33,2)+GX33,0) -> 0 | GR33: 0 | GS33: 3 | GT33: 0 | GV33: =ROUND(GT33,6) -> 0 | GW33: 1 | GX33: =ROUND(GV33*GW33*I33,2) -> 0 | HA33: 0 | HB33: 0 | IK33: 0
A34: 17 | B34: 1 | C34: =ROW(SmtRes!A17) -> 17 | D34: =ROW(EtalonRes!A15) -> 15 | E34: 3 | F34: 6.59-4-1 | G34: Разборка металлических лестничных решеток, массой 1 м решетки до 60 кг (ограждение газона) | H34: 100 м решетки | I34: =ROUND(8.69/100,9) -> 0.0869 | J34: 0 | O34: =ROUND(CP34,2) -> 60.52 | P34: =ROUND(CQ34*I34,2) -> 0 | Q34: =ROUND(CR34*I34,2) -> 17.73 | R34: =ROUND(CS34*I34,2) -> 1.09 | S34: =ROUND(CT34*I34,2) -> 42.79 | T34: =ROUND(CU34*I34,2) -> 0 | U34: =CV34*I34 -> 4.11037 | V34: =CW34*I34 -> 0 | W34: =ROUND(CX34*I34,2) -> 0 | X34: =ROUND(CY34,2) -> 0 | Y34: =ROUND(CZ34,2) -> 0 | AA34: 45037306 | AB34: =ROUND((AC34+AD34+AF34),6) -> 696.37 | AC34: =ROUND((ES34),6) -> 0 | AD34: =ROUND((ET34),6) -> 203.98 | AE34: =ROUND((EU34),6) -> 12.6 | AF34: =ROUND((EV34),6) -> 492.39 | AG34: =ROUND((AP34),6) -> 0 | AH34: =(EW34) -> 47.3 | AI34: =(EX34) -> 0 | AJ34: =ROUND((AS34),6) -> 0 | AK34: 696.37 | AL34: 0 | AM34: 203.98 | AN34: 12.6 | AO34: 492.39 | AP34: 0 | AQ34: 47.3 | AR34: 0 | AS34: 0 | AT34: 0 | AU34: 0 | AV34: 1 | AW34: 1 | AZ34: 1 | BA34: 1 | BB34: 1 | BC34: 1 | BH34: 0 | BI34: 1 | BJ34: ТСН-2001.6. Доп. 1-42. Сб. 59, т. 4, поз. 1 | BM34: 445 | BN34: 7156650 | BP34: 0 | BQ34: 60 | BR34: 0 | BS34: 1 | BT34: 1 | BU34: 1 | BV34: 1 | BW34: 1 | BX34: 1 | BZ34: 0 | CA34: 0 | CF34: 0 | CG34: 0 | CM34: 0 | CO34: 0 | CP34: =(P34+Q34+S34) -> 60.52 | CQ34: =(AC34*BC34*AW34) -> 0 | CR34: =(AD34*BB34*AV34) -> 203.98 | CS34: =(AE34*BS34*AV34) -> 12.6 | CT34: =(AF34*BA34*AV34) -> 492.39 | CU34: =AG34 -> 0 | CV34: =(AH34*AV34) -> 47.3 | CW34: =AI34 -> 0 | CX34: =AJ34 -> 0 | CY34: =S34*(BZ34/100) -> 0 | CZ34: =S34*(CA34/100) -> 0 | DN34: 80 | DO34: 55 | DP34: 1.047 | DQ34: 1 | DU34: 1013 | DV34: 100 м решетки | DW34: 100 м решетки | DX34: 1 | EE34: 44846952 | EF34: 60 | EG34: Ремонтно-строительные работы | EH34: 0 | EJ34: 1 | EK34: 445 | EL34: ТСН-2001.6-59. 59-1...59-6, 59-7-1 | EM34: ТСН-2001.6-59-1 | EQ34: 131072 | ER34: 696.37 | ES34: 0 | ET34: 203.98 | EU34: 12.6 | EV34: 492.39 | EW34: 47.3 | EX34: 0 | EY34: 0 | FQ34: 0 | FR34: =ROUND(IF(AND(BH34=3,BI34=3),P34,0),2) -> 0 | FS34: 0 | FX34: 80 | FY34: 55 | GD34: 0 | GF34: 758570315 | GG34: 2 | GH34: 2 | GI34: 3 | GJ34: 0 | GK34: =ROUND(R34*(R12)/100,2) -> 1.96 | GL34: =ROUND(IF(AND(BH34=3,BI34=3,FS34<>0),P34,0),2) -> 0 | GM34: =ROUND(O34+X34+Y34+GK34,2)+GX34 -> 62.48 | GN34: =IF(OR(BI34=0,BI34=1),ROUND(O34+X34+Y34+GK34,2),0) -> 62.48 | GO34: =IF(BI34=2,ROUND(O34+X34+Y34+GK34,2),0) -> 0 | GP34: =IF(BI34=4,ROUND(O34+X34+Y34+GK34,2)+GX34,0) -> 0 | GR34: 0 | GS34: 3 | GT34: 0 | GV34: =ROUND(GT34,6) -> 0 | GW34: 1 | GX34: =ROUND(GV34*GW34*I34,2) -> 0 | HA34: 0 | HB34: 0 | IK34: 0
A35: 17 | B35: 1 | C35: =ROW(SmtRes!A20) -> 20 | D35: =ROW(EtalonRes!A18) -> 18 | E35: 3 | F35: 6.59-4-1 | G35: Разборка металлических лестничных решеток, массой 1 м решетки до 60 кг (ограждение газона) | H35: 100 м решетки | I35: =ROUND(8.69/100,9) -> 0.0869 | J35: 0 | O35: =ROUND(CP35,2) -> 985.27 | P35: =ROUND(CQ35*I35,2) -> 0 | Q35: =ROUND(CR35*I35,2) -> 112.38 | R35: =ROUND(CS35*I35,2) -> 22.34 | S35: =ROUND(CT35*I35,2) -> 872.89 | T35: =ROUND(CU35*I35,2) -> 0 | U35: =CV35*I35 -> 4.11037 | V35: =CW35*I35 -> 0 | W35: =ROUND(CX35*I35,2) -> 0 | X35: =ROUND(CY35,2) -> 593.57 | Y35: =ROUND(CZ35,2) -> 357.88 | AA35: 45037307 | AB35: =ROUND((AC35+AD35+AF35),6) -> 696.37 | AC35: =ROUND((ES35),6) -> 0 | AD35: =ROUND((ET35),6) -> 203.98 | AE35: =ROUND((EU35),6) -> 12.6 | AF35: =ROUND((EV35),6) -> 492.39 | AG35: =ROUND((AP35),6) -> 0 | AH35: =(EW35) -> 47.3 | AI35: =(EX35) -> 0 | AJ35: =ROUND((AS35),6) -> 0 | AK35: 696.37 | AL35: 0 | AM35: 203.98 | AN35: 12.6 | AO35: 492.39 | AP35: 0 | AQ35: 47.3 | AR35: 0 | AS35: 0 | AT35: 68 | AU35: 41 | AV35: 1 | AW35: 1 | AZ35: 1 | BA35: 20.4 | BB35: 6.34 | BC35: 1 | BH35: 0 | BI35: 1 | BJ35: ТСН-2001.6. Доп. 1-42. Сб. 59, т. 4, поз. 1 | BM35: 445 | BN35: 7156650 | BO35: 6.59-4-1 | BP35: 1 | BQ35: 60 | BR35: 0 | BS35: 20.4 | BT35: 1 | BU35: 1 | BV35: 1 | BW35: 1 | BX35: 1 | BZ35: 68 | CA35: 41 | CF35: 0 | CG35: 0 | CM35: 0 | CO35: 0 | CP35: =(P35+Q35+S35) -> 985.27 | CQ35: =(AC35*BC35*AW35) -> 0 | CR35: =(AD35*BB35*AV35) -> 1293.2332 | CS35: =(AE35*BS35*AV35) -> 257.04 | CT35: =(AF35*BA35*AV35) -> 10044.756 | CU35: =AG35 -> 0 | CV35: =(AH35*AV35) -> 47.3 | CW35: =AI35 -> 0 | CX35: =AJ35 -> 0 | CY35: =S35*(BZ35/100) -> 593.5652 | CZ35: =S35*(CA35/100) -> 357.8849 | DN35: 80 | DO35: 55 | DP35: 1.047 | DQ35: 1 | DU35: 1013 | DV35: 100 м решетки | DW35: 100 м решетки | DX35: 1 | EE35: 44846952 | EF35: 60 | EG35: Ремонтно-строительные работы | EH35: 0 | EJ35: 1 | EK35: 445 | EL35: ТСН-2001.6-59. 59-1...59-6, 59-7-1 | EM35: ТСН-2001.6-59-1 | EQ35: 131072 | ER35: 696.37 | ES35: 0 | ET35: 203.98 | EU35: 12.6 | EV35: 492.39 | EW35: 47.3 | EX35: 0 | EY35: 0 | FQ35: 0 | FR35: =ROUND(IF(AND(BH35=3,BI35=3),P35,0),2) -> 0 | FS35: 0 | FX35: 80 | FY35: 55 | GD35: 0 | GF35: 758570315 | GG35: 2 | GH35: 1 | GI35: 3 | GJ35: 0 | GK35: =ROUND(R35*(S12)/100,2) -> 37.53 | GL35: =ROUND(IF(AND(BH35=3,BI35=3,FS35<>0),P35,0),2) -> 0 | GM35: =ROUND(O35+X35+Y35+GK35,2)+GX35 -> 1974.25 | GN35: =IF(OR(BI35=0,BI35=1),ROUND(O35+X35+Y35+GK35,2),0) -> 1974.25 | GO35: =IF(BI35=2,ROUND(O35+X35+Y35+GK35,2),0) -> 0 | GP35: =IF(BI35=4,ROUND(O35+X35+Y35+GK35,2)+GX35,0) -> 0 | GR35: 0 | GS35: 3 | GT35: 0 | GV35: =ROUND(GT35,6) -> 0 | GW35: 1 | GX35: =ROUND(GV35*GW35*I35,2) -> 0 | HA35: 0 | HB35: 0 | IK35: 0
A36: 18 | B36: 1 | C36: 17 | E36: 3,1 | F36: 9999990001 | G36: Масса мусора | H36: т | I36: =I34*J36 -> -0.21725 | J36: -2.5 | O36: =ROUND(CP36,2) -> 0 | P36: =ROUND(CQ36*I36,2) -> 0 | Q36: =ROUND(CR36*I36,2) -> 0 | R36: =ROUND(CS36*I36,2) -> 0 | S36: =ROUND(CT36*I36,2) -> 0 | T36: =ROUND(CU36*I36,2) -> 0 | U36: =CV36*I36 -> 0 | V36: =CW36*I36 -> 0 | W36: =ROUND(CX36*I36,2) -> 0 | X36: =ROUND(CY36,2) -> 0 | Y36: =ROUND(CZ36,2) -> 0 | AA36: 45037306 | AB36: =ROUND((AC36+AD36+AF36),6) -> 0 | AC36: =ROUND((ES36),6) -> 0 | AD36: =ROUND((ET36),6) -> 0 | AE36: =ROUND((EU36),6) -> 0 | AF36: =ROUND((EV36),6) -> 0 | AG36: =ROUND((AP36),6) -> 0 | AH36: =(EW36) -> 0 | AI36: =(EX36) -> 0 | AJ36: =ROUND((AS36),6) -> 0 | AK36: 0 | AL36: 0 | AM36: 0 | AN36: 0 | AO36: 0 | AP36: 0 | AQ36: 0 | AR36: 0 | AS36: 0 | AT36: 0 | AU36: 0 | AV36: 1 | AW36: 1 | AZ36: 1 | BA36: 1 | BB36: 1 | BC36: 1 | BH36: 3 | BI36: 1 | BM36: 445 | BN36: 7156650 | BP36: 0 | BQ36: 60 | BR36: 1 | BS36: 1 | BT36: 1 | BU36: 1 | BV36: 1 | BW36: 1 | BX36: 1 | BZ36: 0 | CA36: 0 | CF36: 0 | CG36: 0 | CM36: 0 | CO36: 0 | CP36: =(P36+Q36+S36) -> 0 | CQ36: =(AC36*BC36*AW36) -> 0 | CR36: =(AD36*BB36*AV36) -> 0 | CS36: =(AE36*BS36*AV36) -> 0 | CT36: =(AF36*BA36*AV36) -> 0 | CU36: =AG36 -> 0 | CV36: =(AH36*AV36) -> 0 | CW36: =AI36 -> 0 | CX36: =AJ36 -> 0 | CY36: =S36*(BZ36/100) -> 0 | CZ36: =S36*(CA36/100) -> 0 | DN36: 80 | DO36: 55 | DP36: 1.047 | DQ36: 1 | DU36: 1009 | DV36: т | DW36: т | DX36: 1000 | EE36: 44846952 | EF36: 60 | EG36: Ремонтно-строительные работы | EH36: 0 | EJ36: 1 | EK36: 445 | EL36: ТСН-2001.6-59. 59-1...59-6, 59-7-1 | EM36: ТСН-2001.6-59-1 | EQ36: 32768 | ER36: 0 | ES36: 0 | ET36: 0 | EU36: 0 | EV36: 0 | EW36: 0 | EX36: 0 | FQ36: 0 | FR36: =ROUND(IF(AND(BH36=3,BI36=3),P36,0),2) -> 0 | FS36: 0 | FX36: 80 | FY36: 55 | GD36: 0 | GF36: 1489638031 | GG36: 2 | GH36: 1 | GI36: 3 | GJ36: 0 | GK36: =ROUND(R36*(R12)/100,2) -> 0 | GL36: =ROUND(IF(AND(BH36=3,BI36=3,FS36<>0),P36,0),2) -> 0 | GM36: =ROUND(O36+X36+Y36+GK36,2)+GX36 -> 0 | GN36: =IF(OR(BI36=0,BI36=1),ROUND(O36+X36+Y36+GK36,2),0) -> 0 | GO36: =IF(BI36=2,ROUND(O36+X36+Y36+GK36,2),0) -> 0 | GP36: =IF(BI36=4,ROUND(O36+X36+Y36+GK36,2)+GX36,0) -> 0 | GR36: 0 | GS36: 3 | GT36: 0 | GV36: =ROUND(GT36,6) -> 0 | GW36: 1 | GX36: =ROUND(GV36*GW36*I36,2) -> 0 | HA36: 0 | HB36: 0 | IK36: 0
A37: 18 | B37: 1 | C37: 20 | E37: 3,1 | F37: 9999990001 | G37: Масса мусора | H37: т | I37: =I35*J37 -> -0.21725 | J37: -2.5 | O37: =ROUND(CP37,2) -> 0 | P37: =ROUND(CQ37*I37,2) -> 0 | Q37: =ROUND(CR37*I37,2) -> 0 | R37: =ROUND(CS37*I37,2) -> 0 | S37: =ROUND(CT37*I37,2) -> 0 | T37: =ROUND(CU37*I37,2) -> 0 | U37: =CV37*I37 -> 0 | V37: =CW37*I37 -> 0 | W37: =ROUND(CX37*I37,2) -> 0 | X37: =ROUND(CY37,2) -> 0 | Y37: =ROUND(CZ37,2) -> 0 | AA37: 45037307 | AB37: =ROUND((AC37+AD37+AF37),6) -> 0 | AC37: =ROUND((ES37),6) -> 0 | AD37: =ROUND((ET37),6) -> 0 | AE37: =ROUND((EU37),6) -> 0 | AF37: =ROUND((EV37),6) -> 0 | AG37: =ROUND((AP37),6) -> 0 | AH37: =(EW37) -> 0 | AI37: =(EX37) -> 0 | AJ37: =ROUND((AS37),6) -> 0 | AK37: 0 | AL37: 0 | AM37: 0 | AN37: 0 | AO37: 0 | AP37: 0 | AQ37: 0 | AR37: 0 | AS37: 0 | AT37: 0 | AU37: 0 | AV37: 1 | AW37: 1 | AZ37: 1 | BA37: 1 | BB37: 1 | BC37: 1 | BH37: 3 | BI37: 1 | BM37: 445 | BN37: 7156650 | BP37: 0 | BQ37: 60 | BR37: 1 | BS37: 1 | BT37: 1 | BU37: 1 | BV37: 1 | BW37: 1 | BX37: 1 | BZ37: 0 | CA37: 0 | CF37: 0 | CG37: 0 | CM37: 0 | CO37: 0 | CP37: =(P37+Q37+S37) -> 0 | CQ37: =(AC37*BC37*AW37) -> 0 | CR37: =(AD37*BB37*AV37) -> 0 | CS37: =(AE37*BS37*AV37) -> 0 | CT37: =(AF37*BA37*AV37) -> 0 | CU37: =AG37 -> 0 | CV37: =(AH37*AV37) -> 0 | CW37: =AI37 -> 0 | CX37: =AJ37 -> 0 | CY37: =S37*(BZ37/100) -> 0 | CZ37: =S37*(CA37/100) -> 0 | DN37: 80 | DO37: 55 | DP37: 1.047 | DQ37: 1 | DU37: 1009 | DV37: т | DW37: т | DX37: 1000 | EE37: 44846952 | EF37: 60 | EG37: Ремонтно-строительные работы | EH37: 0 | EJ37: 1 | EK37: 445 | EL37: ТСН-2001.6-59. 59-1...59-6, 59-7-1 | EM37: ТСН-2001.6-59-1 | EQ37: 32768 | ER37: 0 | ES37: 0 | ET37: 0 | EU37: 0 | EV37: 0 | EW37: 0 | EX37: 0 | FQ37: 0 | FR37: =ROUND(IF(AND(BH37=3,BI37=3),P37,0),2) -> 0 | FS37: 0 | FX37: 80 | FY37: 55 | GD37: 0 | GF37: 1489638031 | GG37: 2 | GH37: 1 | GI37: 3 | GJ37: 0 | GK37: =ROUND(R37*(S12)/100,2) -> 0 | GL37: =ROUND(IF(AND(BH37=3,BI37=3,FS37<>0),P37,0),2) -> 0 | GM37: =ROUND(O37+X37+Y37+GK37,2)+GX37 -> 0 | GN37: =IF(OR(BI37=0,BI37=1),ROUND(O37+X37+Y37+GK37,2),0) -> 0 | GO37: =IF(BI37=2,ROUND(O37+X37+Y37+GK37,2),0) -> 0 | GP37: =IF(BI37=4,ROUND(O37+X37+Y37+GK37,2)+GX37,0) -> 0 | GR37: 0 | GS37: 3 | GT37: 0 | GV37: =ROUND(GT37,6) -> 0 | GW37: 1 | GX37: =ROUND(GV37*GW37*I37,2) -> 0 | HA37: 0 | HB37: 0 | IK37: 0
A38: 17 | B38: 1 | C38: =ROW(SmtRes!A31) -> 31 | D38: =ROW(EtalonRes!A29) -> 29 | E38: 4 | F38: 3.27-42-1 | G38: Устройство покрытий из горячих асфальтобетонных смесей толщиной 4 см комплектом машин | H38: 100 м2 покрытия | I38: =ROUND(19.41/100,9) -> 0.1941 | J38: 0 | O38: =ROUND(CP38,2) -> 124.59 | P38: =ROUND(CQ38*I38,2) -> 11.22 | Q38: =ROUND(CR38*I38,2) -> 101.72 | R38: =ROUND(CS38*I38,2) -> 18.49 | S38: =ROUND(CT38*I38,2) -> 11.65 | T38: =ROUND(CU38*I38,2) -> 0 | U38: =CV38*I38 -> 0.95759235 | V38: =CW38*I38 -> 0 | W38: =ROUND(CX38*I38,2) -> 0 | X38: =ROUND(CY38,2) -> 0 | Y38: =ROUND(CZ38,2) -> 0 | AA38: 45037306 | AB38: =ROUND((AC38+AD38+AF38),6) -> 641.863 | AC38: =ROUND((ES38),6) -> 57.83 | AD38: =ROUND(((ET38*1.25)),6) -> 524.0375 | AE38: =ROUND(((EU38*1.25)),6) -> 95.275 | AF38: =ROUND(((EV38*1.15)),6) -> 59.9955 | AG38: =ROUND((AP38),6) -> 0 | AH38: =((EW38*1.15)) -> 4.9335 | AI38: =((EX38*1.25)) -> 0 | AJ38: =ROUND((AS38),6) -> 0 | AK38: 529.23 | AL38: 57.83 | AM38: 419.23 | AN38: 76.22 | AO38: 52.17 | AP38: 0 | AQ38: 4.29 | AR38: 0 | AS38: 0 | AT38: 0 | AU38: 0 | AV38: 1 | AW38: 1 | AZ38: 1 | BA38: 1 | BB38: 1 | BC38: 1 | BH38: 0 | BI38: 1 | BJ38: ТСН-2001.3. Доп. 1-42. Сб. 27, т. 42, поз. 1 | BM38: 158 | BN38: 7156650 | BP38: 0 | BQ38: 30 | BR38: 0 | BS38: 1 | BT38: 1 | BU38: 1 | BV38: 1 | BW38: 1 | BX38: 1 | BZ38: 0 | CA38: 0 | CF38: 0 | CG38: 0 | CM38: 0 | CO38: 0 | CP38: =(P38+Q38+S38) -> 124.59 | CQ38: =(AC38*BC38*AW38) -> 57.83 | CR38: =(AD38*BB38*AV38) -> 524.0375 | CS38: =(AE38*BS38*AV38) -> 95.275 | CT38: =(AF38*BA38*AV38) -> 59.9955 | CU38: =AG38 -> 0 | CV38: =(AH38*AV38) -> 4.9335 | CW38: =AI38 -> 0 | CX38: =AJ38 -> 0 | CY38: =S38*(BZ38/100) -> 0 | CZ38: =S38*(CA38/100) -> 0 | DE38: )*1,25 | DF38: )*1,25 | DG38: )*1,15 | DI38: )*1,15 | DJ38: )*1,25 | DN38: 140 | DO38: 79 | DP38: 1.047 | DQ38: 1 | DU38: 1013 | DV38: 100 м2 покрытия | DW38: 100 м2 покрытия | DX38: 1 | EE38: 44846665 | EF38: 30 | EG38: Строительные работы | EH38: 0 | EJ38: 1 | EK38: 158 | EL38: ТСН-2001.3-27. 27-42...27-46 | EM38: ТСН-2001.3-27-13 | EQ38: 131072 | ER38: 529.23 | ES38: 57.83 | ET38: 419.23 | EU38: 76.22 | EV38: 52.17 | EW38: 4.29 | EX38: 0 | EY38: 0 | FQ38: 0 | FR38: =ROUND(IF(AND(BH38=3,BI38=3),P38,0),2) -> 0 | FS38: 0 | FX38: 140 | FY38: 79 | GD38: 0 | GF38: 432644731 | GG38: 2 | GH38: 1 | GI38: 3 | GJ38: 0 | GK38: =ROUND(R38*(R12)/100,2) -> 33.28 | GL38: =ROUND(IF(AND(BH38=3,BI38=3,FS38<>0),P38,0),2) -> 0 | GM38: =ROUND(O38+X38+Y38+GK38,2)+GX38 -> 157.87 | GN38: =IF(OR(BI38=0,BI38=1),ROUND(O38+X38+Y38+GK38,2),0) -> 157.87 | GO38: =IF(BI38=2,ROUND(O38+X38+Y38+GK38,2),0) -> 0 | GP38: =IF(BI38=4,ROUND(O38+X38+Y38+GK38,2)+GX38,0) -> 0 | GR38: 0 | GS38: 3 | GT38: 0 | GV38: =ROUND(GT38,6) -> 0 | GW38: 1 | GX38: =ROUND(GV38*GW38*I38,2) -> 0 | HA38: 0 | HB38: 0 | IK38: 0
A39: 17 | B39: 1 | C39: =ROW(SmtRes!A42) -> 42 | D39: =ROW(EtalonRes!A40) -> 40 | E39: 4 | F39: 3.27-42-1 | G39: Устройство покрытий из горячих асфальтобетонных смесей толщиной 4 см комплектом машин | H39: 100 м2 покрытия | I39: =ROUND(19.41/100,9) -> 0.1941 | J39: 0 | O39: =ROUND(CP39,2) -> 1308.5 | P39: =ROUND(CQ39*I39,2) -> 100.57 | Q39: =ROUND(CR39*I39,2) -> 970.37 | R39: =ROUND(CS39*I39,2) -> 377.25 | S39: =ROUND(CT39*I39,2) -> 237.56 | T39: =ROUND(CU39*I39,2) -> 0 | U39: =CV39*I39 -> 0.95759235 | V39: =CW39*I39 -> 0 | W39: =ROUND(CX39*I39,2) -> 0 | X39: =ROUND(CY39,2) -> 266.07 | Y39: =ROUND(CZ39,2) -> 97.4 | AA39: 45037307 | AB39: =ROUND((AC39+AD39+AF39),6) -> 641.863 | AC39: =ROUND((ES39),6) -> 57.83 | AD39: =ROUND(((ET39*1.25)),6) -> 524.0375 | AE39: =ROUND(((EU39*1.25)),6) -> 95.275 | AF39: =ROUND(((EV39*1.15)),6) -> 59.9955 | AG39: =ROUND((AP39),6) -> 0 | AH39: =((EW39*1.15)) -> 4.9335 | AI39: =((EX39*1.25)) -> 0 | AJ39: =ROUND((AS39),6) -> 0 | AK39: 529.23 | AL39: 57.83 | AM39: 419.23 | AN39: 76.22 | AO39: 52.17 | AP39: 0 | AQ39: 4.29 | AR39: 0 | AS39: 0 | AT39: 112 | AU39: 41 | AV39: 1 | AW39: 1 | AZ39: 1 | BA39: 20.4 | BB39: 9.54 | BC39: 8.96 | BH39: 0 | BI39: 1 | BJ39: ТСН-2001.3. Доп. 1-42. Сб. 27, т. 42, поз. 1 | BM39: 158 | BN39: 7156650 | BO39: 3.27-42-1 | BP39: 1 | BQ39: 30 | BR39: 0 | BS39: 20.4 | BT39: 1 | BU39: 1 | BV39: 1 | BW39: 1 | BX39: 1 | BZ39: 112 | CA39: 41 | CF39: 0 | CG39: 0 | CM39: 0 | CO39: 0 | CP39: =(P39+Q39+S39) -> 1308.5 | CQ39: =(AC39*BC39*AW39) -> 518.1568 | CR39: =(AD39*BB39*AV39) -> 4999.3178 | CS39: =(AE39*BS39*AV39) -> 1943.61 | CT39: =(AF39*BA39*AV39) -> 1223.9082 | CU39: =AG39 -> 0 | CV39: =(AH39*AV39) -> 4.9335 | CW39: =AI39 -> 0 | CX39: =AJ39 -> 0 | CY39: =S39*(BZ39/100) -> 266.0672 | CZ39: =S39*(CA39/100) -> 97.3996 | DE39: )*1,25 | DF39: )*1,25 | DG39: )*1,15 | DI39: )*1,15 | DJ39: )*1,25 | DN39: 140 | DO39: 79 | DP39: 1.047 | DQ39: 1 | DU39: 1013 | DV39: 100 м2 покрытия | DW39: 100 м2 покрытия | DX39: 1 | EE39: 44846665 | EF39: 30 | EG39: Строительные работы | EH39: 0 | EJ39: 1 | EK39: 158 | EL39: ТСН-2001.3-27. 27-42...27-46 | EM39: ТСН-2001.3-27-13 | EQ39: 131072 | ER39: 529.23 | ES39: 57.83 | ET39: 419.23 | EU39: 76.22 | EV39: 52.17 | EW39: 4.29 | EX39: 0 | EY39: 0 | FQ39: 0 | FR39: =ROUND(IF(AND(BH39=3,BI39=3),P39,0),2) -> 0 | FS39: 0 | FX39: 140 | FY39: 79 | GD39: 0 | GF39: 432644731 | GG39: 2 | GH39: 1 | GI39: 3 | GJ39: 0 | GK39: =ROUND(R39*(S12)/100,2) -> 633.78 | GL39: =ROUND(IF(AND(BH39=3,BI39=3,FS39<>0),P39,0),2) -> 0 | GM39: =ROUND(O39+X39+Y39+GK39,2)+GX39 -> 2305.75 | GN39: =IF(OR(BI39=0,BI39=1),ROUND(O39+X39+Y39+GK39,2),0) -> 2305.75 | GO39: =IF(BI39=2,ROUND(O39+X39+Y39+GK39,2),0) -> 0 | GP39: =IF(BI39=4,ROUND(O39+X39+Y39+GK39,2)+GX39,0) -> 0 | GR39: 0 | GS39: 3 | GT39: 0 | GV39: =ROUND(GT39,6) -> 0 | GW39: 1 | GX39: =ROUND(GV39*GW39*I39,2) -> 0 | HA39: 0 | HB39: 0 | IK39: 0
A40: 18 | B40: 1 | C40: 31 | E40: 4,1 | F40: 1.3-3-4 | G40: Смеси асфальтобетонные дорожные горячие крупнозернистые, тип II | H40: т | I40: =I38*J40 -> 1.859478 | J40: 9.58 | O40: =ROUND(CP40,2) -> 568.54 | P40: =ROUND(CQ40*I40,2) -> 568.54 | Q40: =ROUND(CR40*I40,2) -> 0 | R40: =ROUND(CS40*I40,2) -> 0 | S40: =ROUND(CT40*I40,2) -> 0 | T40: =ROUND(CU40*I40,2) -> 0 | U40: =CV40*I40 -> 0 | V40: =CW40*I40 -> 0 | W40: =ROUND(CX40*I40,2) -> 0 | X40: =ROUND(CY40,2) -> 0 | Y40: =ROUND(CZ40,2) -> 0 | AA40: 45037306 | AB40: =ROUND((AC40+AD40+AF40),6) -> 305.75 | AC40: =ROUND((ES40),6) -> 305.75 | AD40: =ROUND((ET40),6) -> 0 | AE40: =ROUND((EU40),6) -> 0 | AF40: =ROUND((EV40),6) -> 0 | AG40: =ROUND((AP40),6) -> 0 | AH40: =(EW40) -> 0 | AI40: =(EX40) -> 0 | AJ40: =ROUND((AS40),6) -> 0 | AK40: 305.75 | AL40: 305.75 | AM40: 0 | AN40: 0 | AO40: 0 | AP40: 0 | AQ40: 0 | AR40: 0 | AS40: 0 | AT40: 0 | AU40: 0 | AV40: 1 | AW40: 1 | AZ40: 1 | BA40: 1 | BB40: 1 | BC40: 1 | BH40: 3 | BI40: 1 | BJ40: ТСН-2001.1. Доп. 1-42. Р. 3, о. 3, поз. 4 | BM40: 158 | BN40: 7156650 | BP40: 0 | BQ40: 30 | BR40: 0 | BS40: 1 | BT40: 1 | BU40: 1 | BV40: 1 | BW40: 1 | BX40: 1 | BZ40: 0 | CA40: 0 | CF40: 0 | CG40: 0 | CM40: 0 | CO40: 0 | CP40: =(P40+Q40+S40) -> 568.54 | CQ40: =(AC40*BC40*AW40) -> 305.75 | CR40: =(AD40*BB40*AV40) -> 0 | CS40: =(AE40*BS40*AV40) -> 0 | CT40: =(AF40*BA40*AV40) -> 0 | CU40: =AG40 -> 0 | CV40: =(AH40*AV40) -> 0 | CW40: =AI40 -> 0 | CX40: =AJ40 -> 0 | CY40: =S40*(BZ40/100) -> 0 | CZ40: =S40*(CA40/100) -> 0 | DN40: 140 | DO40: 79 | DP40: 1.047 | DQ40: 1 | DU40: 1009 | DV40: т | DW40: т | DX40: 1000 | EE40: 44846665 | EF40: 30 | EG40: Строительные работы | EH40: 0 | EJ40: 1 | EK40: 158 | EL40: ТСН-2001.3-27. 27-42...27-46 | EM40: ТСН-2001.3-27-13 | EQ40: 0 | ER40: 305.75 | ES40: 305.75 | ET40: 0 | EU40: 0 | EV40: 0 | EW40: 0 | EX40: 0 | FQ40: 0 | FR40: =ROUND(IF(AND(BH40=3,BI40=3),P40,0),2) -> 0 | FS40: 0 | FX40: 140 | FY40: 79 | GD40: 0 | GF40: -2137020924 | GG40: 2 | GH40: 1 | GI40: 3 | GJ40: 0 | GK40: =ROUND(R40*(R12)/100,2) -> 0 | GL40: =ROUND(IF(AND(BH40=3,BI40=3,FS40<>0),P40,0),2) -> 0 | GM40: =ROUND(O40+X40+Y40+GK40,2)+GX40 -> 568.54 | GN40: =IF(OR(BI40=0,BI40=1),ROUND(O40+X40+Y40+GK40,2),0) -> 568.54 | GO40: =IF(BI40=2,ROUND(O40+X40+Y40+GK40,2),0) -> 0 | GP40: =IF(BI40=4,ROUND(O40+X40+Y40+GK40,2)+GX40,0) -> 0 | GR40: 0 | GS40: 3 | GT40: 0 | GV40: =ROUND(GT40,6) -> 0 | GW40: 1 | GX40: =ROUND(GV40*GW40*I40,2) -> 0 | HA40: 0 | HB40: 0 | IK40: 0
A41: 18 | B41: 1 | C41: 42 | E41: 4,1 | F41: 1.3-3-4 | G41: Смеси асфальтобетонные дорожные горячие крупнозернистые, тип II | H41: т | I41: =I39*J41 -> 1.859478 | J41: 9.58 | O41: =ROUND(CP41,2) -> 4798.44 | P41: =ROUND(CQ41*I41,2) -> 4798.44 | Q41: =ROUND(CR41*I41,2) -> 0 | R41: =ROUND(CS41*I41,2) -> 0 | S41: =ROUND(CT41*I41,2) -> 0 | T41: =ROUND(CU41*I41,2) -> 0 | U41: =CV41*I41 -> 0 | V41: =CW41*I41 -> 0 | W41: =ROUND(CX41*I41,2) -> 0 | X41: =ROUND(CY41,2) -> 0 | Y41: =ROUND(CZ41,2) -> 0 | AA41: 45037307 | AB41: =ROUND((AC41+AD41+AF41),6) -> 305.75 | AC41: =ROUND((ES41),6) -> 305.75 | AD41: =ROUND((ET41),6) -> 0 | AE41: =ROUND((EU41),6) -> 0 | AF41: =ROUND((EV41),6) -> 0 | AG41: =ROUND((AP41),6) -> 0 | AH41: =(EW41) -> 0 | AI41: =(EX41) -> 0 | AJ41: =ROUND((AS41),6) -> 0 | AK41: 305.75 | AL41: 305.75 | AM41: 0 | AN41: 0 | AO41: 0 | AP41: 0 | AQ41: 0 | AR41: 0 | AS41: 0 | AT41: 0 | AU41: 0 | AV41: 1 | AW41: 1 | AZ41: 1 | BA41: 1 | BB41: 1 | BC41: 8.44 | BH41: 3 | BI41: 1 | BJ41: ТСН-2001.1. Доп. 1-42. Р. 3, о. 3, поз. 4 | BM41: 158 | BN41: 7156650 | BO41: 1.3-3-4 | BP41: 1 | BQ41: 30 | BR41: 0 | BS41: 1 | BT41: 1 | BU41: 1 | BV41: 1 | BW41: 1 | BX41: 1 | BZ41: 0 | CA41: 0 | CF41: 0 | CG41: 0 | CM41: 0 | CO41: 0 | CP41: =(P41+Q41+S41) -> 4798.44 | CQ41: =(AC41*BC41*AW41) -> 2580.53 | CR41: =(AD41*BB41*AV41) -> 0 | CS41: =(AE41*BS41*AV41) -> 0 | CT41: =(AF41*BA41*AV41) -> 0 | CU41: =AG41 -> 0 | CV41: =(AH41*AV41) -> 0 | CW41: =AI41 -> 0 | CX41: =AJ41 -> 0 | CY41: =S41*(BZ41/100) -> 0 | CZ41: =S41*(CA41/100) -> 0 | DN41: 140 | DO41: 79 | DP41: 1.047 | DQ41: 1 | DU41: 1009 | DV41: т | DW41: т | DX41: 1000 | EE41: 44846665 | EF41: 30 | EG41: Строительные работы | EH41: 0 | EJ41: 1 | EK41: 158 | EL41: ТСН-2001.3-27. 27-42...27-46 | EM41: ТСН-2001.3-27-13 | EQ41: 0 | ER41: 305.75 | ES41: 305.75 | ET41: 0 | EU41: 0 | EV41: 0 | EW41: 0 | EX41: 0 | FQ41: 0 | FR41: =ROUND(IF(AND(BH41=3,BI41=3),P41,0),2) -> 0 | FS41: 0 | FX41: 140 | FY41: 79 | GD41: 0 | GF41: -2137020924 | GG41: 2 | GH41: 1 | GI41: 3 | GJ41: 0 | GK41: =ROUND(R41*(S12)/100,2) -> 0 | GL41: =ROUND(IF(AND(BH41=3,BI41=3,FS41<>0),P41,0),2) -> 0 | GM41: =ROUND(O41+X41+Y41+GK41,2)+GX41 -> 4798.44 | GN41: =IF(OR(BI41=0,BI41=1),ROUND(O41+X41+Y41+GK41,2),0) -> 4798.44 | GO41: =IF(BI41=2,ROUND(O41+X41+Y41+GK41,2),0) -> 0 | GP41: =IF(BI41=4,ROUND(O41+X41+Y41+GK41,2)+GX41,0) -> 0 | GR41: 0 | GS41: 3 | GT41: 0 | GV41: =ROUND(GT41,6) -> 0 | GW41: 1 | GX41: =ROUND(GV41*GW41*I41,2) -> 0 | HA41: 0 | HB41: 0 | IK41: 0
A42: 17 | B42: 1 | C42: =ROW(SmtRes!A46) -> 46 | D42: =ROW(EtalonRes!A44) -> 44 | E42: 5 | F42: 3.27-43-1 | G42: Добавляется на каждый 1 см изменения толщины слоя сверх 4 см к позиции 3.27-42-1 9см | H42: 100 м2 покрытия | I42: =ROUND(19.41/100,9) -> 0.1941 | J42: 0 | O42: =ROUND(CP42,2) -> 51.81 | P42: =ROUND(CQ42*I42,2) -> 0 | Q42: =ROUND(CR42*I42,2) -> 37.89 | R42: =ROUND(CS42*I42,2) -> 7.8 | S42: =ROUND(CT42*I42,2) -> 13.92 | T42: =ROUND(CU42*I42,2) -> 0 | U42: =CV42*I42 -> 1.0647355 | V42: =CW42*I42 -> 0 | W42: =ROUND(CX42*I42,2) -> 0 | X42: =ROUND(CY42,2) -> 0 | Y42: =ROUND(CZ42,2) -> 0 | AA42: 45037306 | AB42: =ROUND((AC42+AD42+AF42),6) -> 266.913 | AC42: =ROUND(((ES42*9)),6) -> 0 | AD42: =ROUND(((ET42*9*1.25)),6) -> 195.1875 | AE42: =ROUND(((EU42*9*1.25)),6) -> 40.1625 | AF42: =ROUND(((EV42*9*1.15)),6) -> 71.7255 | AG42: =ROUND((AP42),6) -> 0 | AH42: =((EW42*9*1.15)) -> 5.4855 | AI42: =((EX42*9*1.25)) -> 0 | AJ42: =ROUND((AS42),6) -> 0 | AK42: 24.28 | AL42: 0 | AM42: 17.35 | AN42: 3.57 | AO42: 6.93 | AP42: 0 | AQ42: 0.53 | AR42: 0 | AS42: 0 | AT42: 0 | AU42: 0 | AV42: 1 | AW42: 1 | AZ42: 1 | BA42: 1 | BB42: 1 | BC42: 1 | BH42: 0 | BI42: 1 | BJ42: ТСН-2001.3. Доп. 1-42. Сб. 27, т. 43, поз. 1 | BM42: 158 | BN42: 7156650 | BP42: 0 | BQ42: 30 | BR42: 0 | BS42: 1 | BT42: 1 | BU42: 1 | BV42: 1 | BW42: 1 | BX42: 1 | BZ42: 0 | CA42: 0 | CF42: 0 | CG42: 0 | CM42: 0 | CO42: 0 | CP42: =(P42+Q42+S42) -> 51.81 | CQ42: =(AC42*BC42*AW42) -> 0 | CR42: =(AD42*BB42*AV42) -> 195.1875 | CS42: =(AE42*BS42*AV42) -> 40.1625 | CT42: =(AF42*BA42*AV42) -> 71.7255 | CU42: =AG42 -> 0 | CV42: =(AH42*AV42) -> 5.4855 | CW42: =AI42 -> 0 | CX42: =AJ42 -> 0 | CY42: =S42*(BZ42/100) -> 0 | CZ42: =S42*(CA42/100) -> 0 | DD42: )*9 | DE42: )*9*1,25 | DF42: )*9*1,25 | DG42: )*9*1,15 | DI42: )*9*1,15 | DJ42: )*9*1,25 | DN42: 140 | DO42: 79 | DP42: 1.047 | DQ42: 1 | DU42: 1013 | DV42: 100 м2 покрытия | DW42: 100 м2 покрытия | DX42: 1 | EE42: 44846665 | EF42: 30 | EG42: Строительные работы | EH42: 0 | EJ42: 1 | EK42: 158 | EL42: ТСН-2001.3-27. 27-42...27-46 | EM42: ТСН-2001.3-27-13 | EQ42: 131072 | ER42: 24.28 | ES42: 0 | ET42: 17.35 | EU42: 3.57 | EV42: 6.93 | EW42: 0.53 | EX42: 0 | EY42: 0 | FQ42: 0 | FR42: =ROUND(IF(AND(BH42=3,BI42=3),P42,0),2) -> 0 | FS42: 0 | FX42: 140 | FY42: 79 | GD42: 0 | GF42: -805844787 | GG42: 2 | GH42: 1 | GI42: 3 | GJ42: 0 | GK42: =ROUND(R42*(R12)/100,2) -> 14.04 | GL42: =ROUND(IF(AND(BH42=3,BI42=3,FS42<>0),P42,0),2) -> 0 | GM42: =ROUND(O42+X42+Y42+GK42,2)+GX42 -> 65.85 | GN42: =IF(OR(BI42=0,BI42=1),ROUND(O42+X42+Y42+GK42,2),0) -> 65.85 | GO42: =IF(BI42=2,ROUND(O42+X42+Y42+GK42,2),0) -> 0 | GP42: =IF(BI42=4,ROUND(O42+X42+Y42+GK42,2)+GX42,0) -> 0 | GR42: 0 | GS42: 3 | GT42: 0 | GV42: =ROUND(GT42,6) -> 0 | GW42: 1 | GX42: =ROUND(GV42*GW42*I42,2) -> 0 | HA42: 0 | HB42: 0 | IK42: 0
A43: 17 | B43: 1 | C43: =ROW(SmtRes!A50) -> 50 | D43: =ROW(EtalonRes!A48) -> 48 | E43: 5 | F43: 3.27-43-1 | G43: Добавляется на каждый 1 см изменения толщины слоя сверх 4 см к позиции 3.27-42-1 9см | H43: 100 м2 покрытия | I43: =ROUND(19.41/100,9) -> 0.1941 | J43: 0 | O43: =ROUND(CP43,2) -> 607.93 | P43: =ROUND(CQ43*I43,2) -> 0 | Q43: =ROUND(CR43*I43,2) -> 323.92 | R43: =ROUND(CS43*I43,2) -> 159.03 | S43: =ROUND(CT43*I43,2) -> 284.01 | T43: =ROUND(CU43*I43,2) -> 0 | U43: =CV43*I43 -> 1.0647355 | V43: =CW43*I43 -> 0 | W43: =ROUND(CX43*I43,2) -> 0 | X43: =ROUND(CY43,2) -> 318.09 | Y43: =ROUND(CZ43,2) -> 116.44 | AA43: 45037307 | AB43: =ROUND((AC43+AD43+AF43),6) -> 266.913 | AC43: =ROUND(((ES43*9)),6) -> 0 | AD43: =ROUND(((ET43*9*1.25)),6) -> 195.1875 | AE43: =ROUND(((EU43*9*1.25)),6) -> 40.1625 | AF43: =ROUND(((EV43*9*1.15)),6) -> 71.7255 | AG43: =ROUND((AP43),6) -> 0 | AH43: =((EW43*9*1.15)) -> 5.4855 | AI43: =((EX43*9*1.25)) -> 0 | AJ43: =ROUND((AS43),6) -> 0 | AK43: 24.28 | AL43: 0 | AM43: 17.35 | AN43: 3.57 | AO43: 6.93 | AP43: 0 | AQ43: 0.53 | AR43: 0 | AS43: 0 | AT43: 112 | AU43: 41 | AV43: 1 | AW43: 1 | AZ43: 1 | BA43: 20.4 | BB43: 8.55 | BC43: 1 | BH43: 0 | BI43: 1 | BJ43: ТСН-2001.3. Доп. 1-42. Сб. 27, т. 43, поз. 1 | BM43: 158 | BN43: 7156650 | BO43: 3.27-43-1 | BP43: 1 | BQ43: 30 | BR43: 0 | BS43: 20.4 | BT43: 1 | BU43: 1 | BV43: 1 | BW43: 1 | BX43: 1 | BZ43: 112 | CA43: 41 | CF43: 0 | CG43: 0 | CM43: 0 | CO43: 0 | CP43: =(P43+Q43+S43) -> 607.93 | CQ43: =(AC43*BC43*AW43) -> 0 | CR43: =(AD43*BB43*AV43) -> 1668.8531 | CS43: =(AE43*BS43*AV43) -> 819.315 | CT43: =(AF43*BA43*AV43) -> 1463.2002 | CU43: =AG43 -> 0 | CV43: =(AH43*AV43) -> 5.4855 | CW43: =AI43 -> 0 | CX43: =AJ43 -> 0 | CY43: =S43*(BZ43/100) -> 318.0912 | CZ43: =S43*(CA43/100) -> 116.4441 | DD43: )*9 | DE43: )*9*1,25 | DF43: )*9*1,25 | DG43: )*9*1,15 | DI43: )*9*1,15 | DJ43: )*9*1,25 | DN43: 140 | DO43: 79 | DP43: 1.047 | DQ43: 1 | DU43: 1013 | DV43: 100 м2 покрытия | DW43: 100 м2 покрытия | DX43: 1 | EE43: 44846665 | EF43: 30 | EG43: Строительные работы | EH43: 0 | EJ43: 1 | EK43: 158 | EL43: ТСН-2001.3-27. 27-42...27-46 | EM43: ТСН-2001.3-27-13 | EQ43: 131072 | ER43: 24.28 | ES43: 0 | ET43: 17.35 | EU43: 3.57 | EV43: 6.93 | EW43: 0.53 | EX43: 0 | EY43: 0 | FQ43: 0 | FR43: =ROUND(IF(AND(BH43=3,BI43=3),P43,0),2) -> 0 | FS43: 0 | FX43: 140 | FY43: 79 | GD43: 0 | GF43: -805844787 | GG43: 2 | GH43: 1 | GI43: 3 | GJ43: 0 | GK43: =ROUND(R43*(S12)/100,2) -> 267.17 | GL43: =ROUND(IF(AND(BH43=3,BI43=3,FS43<>0),P43,0),2) -> 0 | GM43: =ROUND(O43+X43+Y43+GK43,2)+GX43 -> 1309.63 | GN43: =IF(OR(BI43=0,BI43=1),ROUND(O43+X43+Y43+GK43,2),0) -> 1309.63 | GO43: =IF(BI43=2,ROUND(O43+X43+Y43+GK43,2),0) -> 0 | GP43: =IF(BI43=4,ROUND(O43+X43+Y43+GK43,2)+GX43,0) -> 0 | GR43: 0 | GS43: 3 | GT43: 0 | GV43: =ROUND(GT43,6) -> 0 | GW43: 1 | GX43: =ROUND(GV43*GW43*I43,2) -> 0 | HA43: 0 | HB43: 0 | IK43: 0
A44: 18 | B44: 1 | C44: 46 | E44: 5,1 | F44: 1.3-3-4 | G44: Смеси асфальтобетонные дорожные горячие крупнозернистые, тип II | H44: т | I44: =I42*J44 -> 1.859478 | J44: 9.58 | O44: =ROUND(CP44,2) -> 568.54 | P44: =ROUND(CQ44*I44,2) -> 568.54 | Q44: =ROUND(CR44*I44,2) -> 0 | R44: =ROUND(CS44*I44,2) -> 0 | S44: =ROUND(CT44*I44,2) -> 0 | T44: =ROUND(CU44*I44,2) -> 0 | U44: =CV44*I44 -> 0 | V44: =CW44*I44 -> 0 | W44: =ROUND(CX44*I44,2) -> 0 | X44: =ROUND(CY44,2) -> 0 | Y44: =ROUND(CZ44,2) -> 0 | AA44: 45037306 | AB44: =ROUND((AC44+AD44+AF44),6) -> 305.75 | AC44: =ROUND((ES44),6) -> 305.75 | AD44: =ROUND((ET44),6) -> 0 | AE44: =ROUND((EU44),6) -> 0 | AF44: =ROUND((EV44),6) -> 0 | AG44: =ROUND((AP44),6) -> 0 | AH44: =(EW44) -> 0 | AI44: =(EX44) -> 0 | AJ44: =ROUND((AS44),6) -> 0 | AK44: 305.75 | AL44: 305.75 | AM44: 0 | AN44: 0 | AO44: 0 | AP44: 0 | AQ44: 0 | AR44: 0 | AS44: 0 | AT44: 0 | AU44: 0 | AV44: 1 | AW44: 1 | AZ44: 1 | BA44: 1 | BB44: 1 | BC44: 1 | BH44: 3 | BI44: 1 | BJ44: ТСН-2001.1. Доп. 1-42. Р. 3, о. 3, поз. 4 | BM44: 158 | BN44: 7156650 | BP44: 0 | BQ44: 30 | BR44: 0 | BS44: 1 | BT44: 1 | BU44: 1 | BV44: 1 | BW44: 1 | BX44: 1 | BZ44: 0 | CA44: 0 | CF44: 0 | CG44: 0 | CM44: 0 | CO44: 0 | CP44: =(P44+Q44+S44) -> 568.54 | CQ44: =(AC44*BC44*AW44) -> 305.75 | CR44: =(AD44*BB44*AV44) -> 0 | CS44: =(AE44*BS44*AV44) -> 0 | CT44: =(AF44*BA44*AV44) -> 0 | CU44: =AG44 -> 0 | CV44: =(AH44*AV44) -> 0 | CW44: =AI44 -> 0 | CX44: =AJ44 -> 0 | CY44: =S44*(BZ44/100) -> 0 | CZ44: =S44*(CA44/100) -> 0 | DN44: 140 | DO44: 79 | DP44: 1.047 | DQ44: 1 | DU44: 1009 | DV44: т | DW44: т | DX44: 1000 | EE44: 44846665 | EF44: 30 | EG44: Строительные работы | EH44: 0 | EJ44: 1 | EK44: 158 | EL44: ТСН-2001.3-27. 27-42...27-46 | EM44: ТСН-2001.3-27-13 | EQ44: 0 | ER44: 305.75 | ES44: 305.75 | ET44: 0 | EU44: 0 | EV44: 0 | EW44: 0 | EX44: 0 | FQ44: 0 | FR44: =ROUND(IF(AND(BH44=3,BI44=3),P44,0),2) -> 0 | FS44: 0 | FX44: 140 | FY44: 79 | GD44: 0 | GF44: -2137020924 | GG44: 2 | GH44: 1 | GI44: 3 | GJ44: 0 | GK44: =ROUND(R44*(R12)/100,2) -> 0 | GL44: =ROUND(IF(AND(BH44=3,BI44=3,FS44<>0),P44,0),2) -> 0 | GM44: =ROUND(O44+X44+Y44+GK44,2)+GX44 -> 568.54 | GN44: =IF(OR(BI44=0,BI44=1),ROUND(O44+X44+Y44+GK44,2),0) -> 568.54 | GO44: =IF(BI44=2,ROUND(O44+X44+Y44+GK44,2),0) -> 0 | GP44: =IF(BI44=4,ROUND(O44+X44+Y44+GK44,2)+GX44,0) -> 0 | GR44: 0 | GS44: 3 | GT44: 0 | GV44: =ROUND(GT44,6) -> 0 | GW44: 1 | GX44: =ROUND(GV44*GW44*I44,2) -> 0 | HA44: 0 | HB44: 0 | IK44: 0
A45: 18 | B45: 1 | C45: 50 | E45: 5,1 | F45: 1.3-3-4 | G45: Смеси асфальтобетонные дорожные горячие крупнозернистые, тип II | H45: т | I45: =I43*J45 -> 1.859478 | J45: 9.58 | O45: =ROUND(CP45,2) -> 4798.44 | P45: =ROUND(CQ45*I45,2) -> 4798.44 | Q45: =ROUND(CR45*I45,2) -> 0 | R45: =ROUND(CS45*I45,2) -> 0 | S45: =ROUND(CT45*I45,2) -> 0 | T45: =ROUND(CU45*I45,2) -> 0 | U45: =CV45*I45 -> 0 | V45: =CW45*I45 -> 0 | W45: =ROUND(CX45*I45,2) -> 0 | X45: =ROUND(CY45,2) -> 0 | Y45: =ROUND(CZ45,2) -> 0 | AA45: 45037307 | AB45: =ROUND((AC45+AD45+AF45),6) -> 305.75 | AC45: =ROUND((ES45),6) -> 305.75 | AD45: =ROUND((ET45),6) -> 0 | AE45: =ROUND((EU45),6) -> 0 | AF45: =ROUND((EV45),6) -> 0 | AG45: =ROUND((AP45),6) -> 0 | AH45: =(EW45) -> 0 | AI45: =(EX45) -> 0 | AJ45: =ROUND((AS45),6) -> 0 | AK45: 305.75 | AL45: 305.75 | AM45: 0 | AN45: 0 | AO45: 0 | AP45: 0 | AQ45: 0 | AR45: 0 | AS45: 0 | AT45: 0 | AU45: 0 | AV45: 1 | AW45: 1 | AZ45: 1 | BA45: 1 | BB45: 1 | BC45: 8.44 | BH45: 3 | BI45: 1 | BJ45: ТСН-2001.1. Доп. 1-42. Р. 3, о. 3, поз. 4 | BM45: 158 | BN45: 7156650 | BO45: 1.3-3-4 | BP45: 1 | BQ45: 30 | BR45: 0 | BS45: 1 | BT45: 1 | BU45: 1 | BV45: 1 | BW45: 1 | BX45: 1 | BZ45: 0 | CA45: 0 | CF45: 0 | CG45: 0 | CM45: 0 | CO45: 0 | CP45: =(P45+Q45+S45) -> 4798.44 | CQ45: =(AC45*BC45*AW45) -> 2580.53 | CR45: =(AD45*BB45*AV45) -> 0 | CS45: =(AE45*BS45*AV45) -> 0 | CT45: =(AF45*BA45*AV45) -> 0 | CU45: =AG45 -> 0 | CV45: =(AH45*AV45) -> 0 | CW45: =AI45 -> 0 | CX45: =AJ45 -> 0 | CY45: =S45*(BZ45/100) -> 0 | CZ45: =S45*(CA45/100) -> 0 | DN45: 140 | DO45: 79 | DP45: 1.047 | DQ45: 1 | DU45: 1009 | DV45: т | DW45: т | DX45: 1000 | EE45: 44846665 | EF45: 30 | EG45: Строительные работы | EH45: 0 | EJ45: 1 | EK45: 158 | EL45: ТСН-2001.3-27. 27-42...27-46 | EM45: ТСН-2001.3-27-13 | EQ45: 0 | ER45: 305.75 | ES45: 305.75 | ET45: 0 | EU45: 0 | EV45: 0 | EW45: 0 | EX45: 0 | FQ45: 0 | FR45: =ROUND(IF(AND(BH45=3,BI45=3),P45,0),2) -> 0 | FS45: 0 | FX45: 140 | FY45: 79 | GD45: 0 | GF45: -2137020924 | GG45: 2 | GH45: 1 | GI45: 3 | GJ45: 0 | GK45: =ROUND(R45*(S12)/100,2) -> 0 | GL45: =ROUND(IF(AND(BH45=3,BI45=3,FS45<>0),P45,0),2) -> 0 | GM45: =ROUND(O45+X45+Y45+GK45,2)+GX45 -> 4798.44 | GN45: =IF(OR(BI45=0,BI45=1),ROUND(O45+X45+Y45+GK45,2),0) -> 4798.44 | GO45: =IF(BI45=2,ROUND(O45+X45+Y45+GK45,2),0) -> 0 | GP45: =IF(BI45=4,ROUND(O45+X45+Y45+GK45,2)+GX45,0) -> 0 | GR45: 0 | GS45: 3 | GT45: 0 | GV45: =ROUND(GT45,6) -> 0 | GW45: 1 | GX45: =ROUND(GV45*GW45*I45,2) -> 0 | HA45: 0 | HB45: 0 | IK45: 0
A46: 17 | B46: 1 | C46: =ROW(SmtRes!A52) -> 52 | D46: =ROW(EtalonRes!A50) -> 50 | E46: 6 | F46: 3.47-26-4 | G46: Подготовка почвы для устройства партерного и обыкновенного газонов с внесением растительной земли слоем 15 см вручную | H46: 100 м2 | I46: =ROUND(13.16/100,9) -> 0.1316 | J46: 0 | O46: =ROUND(CP46,2) -> 63.02 | P46: =ROUND(CQ46*I46,2) -> 0 | Q46: =ROUND(CR46*I46,2) -> 0 | R46: =ROUND(CS46*I46,2) -> 0 | S46: =ROUND(CT46*I46,2) -> 63.02 | T46: =ROUND(CU46*I46,2) -> 0 | U46: =CV46*I46 -> 6.0536 | V46: =CW46*I46 -> 0 | W46: =ROUND(CX46*I46,2) -> 0 | X46: =ROUND(CY46,2) -> 0 | Y46: =ROUND(CZ46,2) -> 0 | AA46: 45037306 | AB46: =ROUND((AC46+AD46+AF46),6) -> 478.86 | AC46: =ROUND((ES46),6) -> 0 | AD46: =ROUND(((ET46*1.25)),6) -> 0 | AE46: =ROUND(((EU46*1.25)),6) -> 0 | AF46: =ROUND(((EV46*1.15)),6) -> 478.86 | AG46: =ROUND((AP46),6) -> 0 | AH46: =((EW46*1.15)) -> 46 | AI46: =((EX46*1.25)) -> 0 | AJ46: =ROUND((AS46),6) -> 0 | AK46: 416.4 | AL46: 0 | AM46: 0 | AN46: 0 | AO46: 416.4 | AP46: 0 | AQ46: 40 | AR46: 0 | AS46: 0 | AT46: 0 | AU46: 0 | AV46: 1 | AW46: 1 | AZ46: 1 | BA46: 1 | BB46: 1 | BC46: 1 | BH46: 0 | BI46: 1 | BJ46: ТСН-2001.3. Доп. 1-42. Сб. 47, т. 26, поз. 4 | BM46: 295 | BN46: 7156650 | BP46: 0 | BQ46: 30 | BR46: 0 | BS46: 1 | BT46: 1 | BU46: 1 | BV46: 1 | BW46: 1 | BX46: 1 | BZ46: 0 | CA46: 0 | CF46: 0 | CG46: 0 | CM46: 0 | CO46: 0 | CP46: =(P46+Q46+S46) -> 63.02 | CQ46: =(AC46*BC46*AW46) -> 0 | CR46: =(AD46*BB46*AV46) -> 0 | CS46: =(AE46*BS46*AV46) -> 0 | CT46: =(AF46*BA46*AV46) -> 478.86 | CU46: =AG46 -> 0 | CV46: =(AH46*AV46) -> 46 | CW46: =AI46 -> 0 | CX46: =AJ46 -> 0 | CY46: =S46*(BZ46/100) -> 0 | CZ46: =S46*(CA46/100) -> 0 | DE46: )*1,25 | DF46: )*1,25 | DG46: )*1,15 | DI46: )*1,15 | DJ46: )*1,25 | DN46: 156 | DO46: 84 | DP46: 1 | DQ46: 1 | DU46: 1005 | DV46: 100 м2 | DW46: 100 м2 | DX46: 100 | EE46: 44846802 | EF46: 30 | EG46: Строительные работы | EH46: 0 | EJ46: 1 | EK46: 295 | EL46: ТСН-2001.3-47. 47-23...47-33 | EM46: ТСН-2001.3-47-4 | EQ46: 131072 | ER46: 416.4 | ES46: 0 | ET46: 0 | EU46: 0 | EV46: 416.4 | EW46: 40 | EX46: 0 | EY46: 0 | FQ46: 0 | FR46: =ROUND(IF(AND(BH46=3,BI46=3),P46,0),2) -> 0 | FS46: 0 | FX46: 156 | FY46: 84 | GD46: 0 | GF46: -40892003 | GG46: 2 | GH46: 1 | GI46: 3 | GJ46: 0 | GK46: =ROUND(R46*(R12)/100,2) -> 0 | GL46: =ROUND(IF(AND(BH46=3,BI46=3,FS46<>0),P46,0),2) -> 0 | GM46: =ROUND(O46+X46+Y46+GK46,2)+GX46 -> 63.02 | GN46: =IF(OR(BI46=0,BI46=1),ROUND(O46+X46+Y46+GK46,2),0) -> 63.02 | GO46: =IF(BI46=2,ROUND(O46+X46+Y46+GK46,2),0) -> 0 | GP46: =IF(BI46=4,ROUND(O46+X46+Y46+GK46,2)+GX46,0) -> 0 | GR46: 0 | GS46: 3 | GT46: 0 | GV46: =ROUND(GT46,6) -> 0 | GW46: 1 | GX46: =ROUND(GV46*GW46*I46,2) -> 0 | HA46: 0 | HB46: 0 | IK46: 0
A47: 17 | B47: 1 | C47: =ROW(SmtRes!A54) -> 54 | D47: =ROW(EtalonRes!A52) -> 52 | E47: 6 | F47: 3.47-26-4 | G47: Подготовка почвы для устройства партерного и обыкновенного газонов с внесением растительной земли слоем 15 см вручную | H47: 100 м2 | I47: =ROUND(13.16/100,9) -> 0.1316 | J47: 0 | O47: =ROUND(CP47,2) -> 1285.57 | P47: =ROUND(CQ47*I47,2) -> 0 | Q47: =ROUND(CR47*I47,2) -> 0 | R47: =ROUND(CS47*I47,2) -> 0 | S47: =ROUND(CT47*I47,2) -> 1285.57 | T47: =ROUND(CU47*I47,2) -> 0 | U47: =CV47*I47 -> 6.0536 | V47: =CW47*I47 -> 0 | W47: =ROUND(CX47*I47,2) -> 0 | X47: =ROUND(CY47,2) -> 1157.01 | Y47: =ROUND(CZ47,2) -> 527.08 | AA47: 45037307 | AB47: =ROUND((AC47+AD47+AF47),6) -> 478.86 | AC47: =ROUND((ES47),6) -> 0 | AD47: =ROUND(((ET47*1.25)),6) -> 0 | AE47: =ROUND(((EU47*1.25)),6) -> 0 | AF47: =ROUND(((EV47*1.15)),6) -> 478.86 | AG47: =ROUND((AP47),6) -> 0 | AH47: =((EW47*1.15)) -> 46 | AI47: =((EX47*1.25)) -> 0 | AJ47: =ROUND((AS47),6) -> 0 | AK47: 416.4 | AL47: 0 | AM47: 0 | AN47: 0 | AO47: 416.4 | AP47: 0 | AQ47: 40 | AR47: 0 | AS47: 0 | AT47: 90 | AU47: 41 | AV47: 1 | AW47: 1 | AZ47: 1 | BA47: 20.4 | BB47: 1 | BC47: 1 | BH47: 0 | BI47: 1 | BJ47: ТСН-2001.3. Доп. 1-42. Сб. 47, т. 26, поз. 4 | BM47: 295 | BN47: 7156650 | BO47: 3.47-26-4 | BP47: 1 | BQ47: 30 | BR47: 0 | BS47: 20.4 | BT47: 1 | BU47: 1 | BV47: 1 | BW47: 1 | BX47: 1 | BZ47: 90 | CA47: 41 | CF47: 0 | CG47: 0 | CM47: 0 | CO47: 0 | CP47: =(P47+Q47+S47) -> 1285.57 | CQ47: =(AC47*BC47*AW47) -> 0 | CR47: =(AD47*BB47*AV47) -> 0 | CS47: =(AE47*BS47*AV47) -> 0 | CT47: =(AF47*BA47*AV47) -> 9768.744 | CU47: =AG47 -> 0 | CV47: =(AH47*AV47) -> 46 | CW47: =AI47 -> 0 | CX47: =AJ47 -> 0 | CY47: =S47*(BZ47/100) -> 1157.013 | CZ47: =S47*(CA47/100) -> 527.0837 | DE47: )*1,25 | DF47: )*1,25 | DG47: )*1,15 | DI47: )*1,15 | DJ47: )*1,25 | DN47: 156 | DO47: 84 | DP47: 1 | DQ47: 1 | DU47: 1005 | DV47: 100 м2 | DW47: 100 м2 | DX47: 100 | EE47: 44846802 | EF47: 30 | EG47: Строительные работы | EH47: 0 | EJ47: 1 | EK47: 295 | EL47: ТСН-2001.3-47. 47-23...47-33 | EM47: ТСН-2001.3-47-4 | EQ47: 131072 | ER47: 416.4 | ES47: 0 | ET47: 0 | EU47: 0 | EV47: 416.4 | EW47: 40 | EX47: 0 | EY47: 0 | FQ47: 0 | FR47: =ROUND(IF(AND(BH47=3,BI47=3),P47,0),2) -> 0 | FS47: 0 | FX47: 156 | FY47: 84 | GD47: 0 | GF47: -40892003 | GG47: 2 | GH47: 1 | GI47: 3 | GJ47: 0 | GK47: =ROUND(R47*(S12)/100,2) -> 0 | GL47: =ROUND(IF(AND(BH47=3,BI47=3,FS47<>0),P47,0),2) -> 0 | GM47: =ROUND(O47+X47+Y47+GK47,2)+GX47 -> 2969.66 | GN47: =IF(OR(BI47=0,BI47=1),ROUND(O47+X47+Y47+GK47,2),0) -> 2969.66 | GO47: =IF(BI47=2,ROUND(O47+X47+Y47+GK47,2),0) -> 0 | GP47: =IF(BI47=4,ROUND(O47+X47+Y47+GK47,2)+GX47,0) -> 0 | GR47: 0 | GS47: 3 | GT47: 0 | GV47: =ROUND(GT47,6) -> 0 | GW47: 1 | GX47: =ROUND(GV47*GW47*I47,2) -> 0 | HA47: 0 | HB47: 0 | IK47: 0
A48: 18 | B48: 1 | C48: 52 | E48: 6,1 | F48: 1.4-6-1 | G48: Земля растительная | H48: м3 | I48: =I46*J48 -> 1.974 | J48: 15 | O48: =ROUND(CP48,2) -> 289.86 | P48: =ROUND(CQ48*I48,2) -> 289.86 | Q48: =ROUND(CR48*I48,2) -> 0 | R48: =ROUND(CS48*I48,2) -> 0 | S48: =ROUND(CT48*I48,2) -> 0 | T48: =ROUND(CU48*I48,2) -> 0 | U48: =CV48*I48 -> 0 | V48: =CW48*I48 -> 0 | W48: =ROUND(CX48*I48,2) -> 0 | X48: =ROUND(CY48,2) -> 0 | Y48: =ROUND(CZ48,2) -> 0 | AA48: 45037306 | AB48: =ROUND((AC48+AD48+AF48),6) -> 146.84 | AC48: =ROUND((ES48),6) -> 146.84 | AD48: =ROUND((ET48),6) -> 0 | AE48: =ROUND((EU48),6) -> 0 | AF48: =ROUND((EV48),6) -> 0 | AG48: =ROUND((AP48),6) -> 0 | AH48: =(EW48) -> 0 | AI48: =(EX48) -> 0 | AJ48: =ROUND((AS48),6) -> 0 | AK48: 146.84 | AL48: 146.84 | AM48: 0 | AN48: 0 | AO48: 0 | AP48: 0 | AQ48: 0 | AR48: 0 | AS48: 0 | AT48: 0 | AU48: 0 | AV48: 1 | AW48: 1 | AZ48: 1 | BA48: 1 | BB48: 1 | BC48: 1 | BH48: 3 | BI48: 1 | BJ48: ТСН-2001.1. Доп. 1-42. Р. 4, о. 6, поз. 1 | BM48: 295 | BN48: 7156650 | BP48: 0 | BQ48: 30 | BR48: 0 | BS48: 1 | BT48: 1 | BU48: 1 | BV48: 1 | BW48: 1 | BX48: 1 | BZ48: 0 | CA48: 0 | CF48: 0 | CG48: 0 | CM48: 0 | CO48: 0 | CP48: =(P48+Q48+S48) -> 289.86 | CQ48: =(AC48*BC48*AW48) -> 146.84 | CR48: =(AD48*BB48*AV48) -> 0 | CS48: =(AE48*BS48*AV48) -> 0 | CT48: =(AF48*BA48*AV48) -> 0 | CU48: =AG48 -> 0 | CV48: =(AH48*AV48) -> 0 | CW48: =AI48 -> 0 | CX48: =AJ48 -> 0 | CY48: =S48*(BZ48/100) -> 0 | CZ48: =S48*(CA48/100) -> 0 | DN48: 156 | DO48: 84 | DP48: 1 | DQ48: 1 | DU48: 1007 | DV48: м3 | DW48: м3 | DX48: 1 | EE48: 44846802 | EF48: 30 | EG48: Строительные работы | EH48: 0 | EJ48: 1 | EK48: 295 | EL48: ТСН-2001.3-47. 47-23...47-33 | EM48: ТСН-2001.3-47-4 | EQ48: 0 | ER48: 146.84 | ES48: 146.84 | ET48: 0 | EU48: 0 | EV48: 0 | EW48: 0 | EX48: 0 | FQ48: 0 | FR48: =ROUND(IF(AND(BH48=3,BI48=3),P48,0),2) -> 0 | FS48: 0 | FX48: 156 | FY48: 84 | GD48: 0 | GF48: 92320855 | GG48: 2 | GH48: 1 | GI48: 3 | GJ48: 0 | GK48: =ROUND(R48*(R12)/100,2) -> 0 | GL48: =ROUND(IF(AND(BH48=3,BI48=3,FS48<>0),P48,0),2) -> 0 | GM48: =ROUND(O48+X48+Y48+GK48,2)+GX48 -> 289.86 | GN48: =IF(OR(BI48=0,BI48=1),ROUND(O48+X48+Y48+GK48,2),0) -> 289.86 | GO48: =IF(BI48=2,ROUND(O48+X48+Y48+GK48,2),0) -> 0 | GP48: =IF(BI48=4,ROUND(O48+X48+Y48+GK48,2)+GX48,0) -> 0 | GR48: 0 | GS48: 3 | GT48: 0 | GV48: =ROUND(GT48,6) -> 0 | GW48: 1 | GX48: =ROUND(GV48*GW48*I48,2) -> 0 | HA48: 0 | HB48: 0 | IK48: 0
A49: 18 | B49: 1 | C49: 54 | E49: 6,1 | F49: 1.4-6-1 | G49: Земля растительная | H49: м3 | I49: =I47*J49 -> 1.974 | J49: 15 | O49: =ROUND(CP49,2) -> 1347.86 | P49: =ROUND(CQ49*I49,2) -> 1347.86 | Q49: =ROUND(CR49*I49,2) -> 0 | R49: =ROUND(CS49*I49,2) -> 0 | S49: =ROUND(CT49*I49,2) -> 0 | T49: =ROUND(CU49*I49,2) -> 0 | U49: =CV49*I49 -> 0 | V49: =CW49*I49 -> 0 | W49: =ROUND(CX49*I49,2) -> 0 | X49: =ROUND(CY49,2) -> 0 | Y49: =ROUND(CZ49,2) -> 0 | AA49: 45037307 | AB49: =ROUND((AC49+AD49+AF49),6) -> 146.84 | AC49: =ROUND((ES49),6) -> 146.84 | AD49: =ROUND((ET49),6) -> 0 | AE49: =ROUND((EU49),6) -> 0 | AF49: =ROUND((EV49),6) -> 0 | AG49: =ROUND((AP49),6) -> 0 | AH49: =(EW49) -> 0 | AI49: =(EX49) -> 0 | AJ49: =ROUND((AS49),6) -> 0 | AK49: 146.84 | AL49: 146.84 | AM49: 0 | AN49: 0 | AO49: 0 | AP49: 0 | AQ49: 0 | AR49: 0 | AS49: 0 | AT49: 0 | AU49: 0 | AV49: 1 | AW49: 1 | AZ49: 1 | BA49: 1 | BB49: 1 | BC49: 4.65 | BH49: 3 | BI49: 1 | BJ49: ТСН-2001.1. Доп. 1-42. Р. 4, о. 6, поз. 1 | BM49: 295 | BN49: 7156650 | BO49: 1.4-6-1 | BP49: 1 | BQ49: 30 | BR49: 0 | BS49: 1 | BT49: 1 | BU49: 1 | BV49: 1 | BW49: 1 | BX49: 1 | BZ49: 0 | CA49: 0 | CF49: 0 | CG49: 0 | CM49: 0 | CO49: 0 | CP49: =(P49+Q49+S49) -> 1347.86 | CQ49: =(AC49*BC49*AW49) -> 682.806 | CR49: =(AD49*BB49*AV49) -> 0 | CS49: =(AE49*BS49*AV49) -> 0 | CT49: =(AF49*BA49*AV49) -> 0 | CU49: =AG49 -> 0 | CV49: =(AH49*AV49) -> 0 | CW49: =AI49 -> 0 | CX49: =AJ49 -> 0 | CY49: =S49*(BZ49/100) -> 0 | CZ49: =S49*(CA49/100) -> 0 | DN49: 156 | DO49: 84 | DP49: 1 | DQ49: 1 | DU49: 1007 | DV49: м3 | DW49: м3 | DX49: 1 | EE49: 44846802 | EF49: 30 | EG49: Строительные работы | EH49: 0 | EJ49: 1 | EK49: 295 | EL49: ТСН-2001.3-47. 47-23...47-33 | EM49: ТСН-2001.3-47-4 | EQ49: 0 | ER49: 146.84 | ES49: 146.84 | ET49: 0 | EU49: 0 | EV49: 0 | EW49: 0 | EX49: 0 | FQ49: 0 | FR49: =ROUND(IF(AND(BH49=3,BI49=3),P49,0),2) -> 0 | FS49: 0 | FX49: 156 | FY49: 84 | GD49: 0 | GF49: 92320855 | GG49: 2 | GH49: 1 | GI49: 3 | GJ49: 0 | GK49: =ROUND(R49*(S12)/100,2) -> 0 | GL49: =ROUND(IF(AND(BH49=3,BI49=3,FS49<>0),P49,0),2) -> 0 | GM49: =ROUND(O49+X49+Y49+GK49,2)+GX49 -> 1347.86 | GN49: =IF(OR(BI49=0,BI49=1),ROUND(O49+X49+Y49+GK49,2),0) -> 1347.86 | GO49: =IF(BI49=2,ROUND(O49+X49+Y49+GK49,2),0) -> 0 | GP49: =IF(BI49=4,ROUND(O49+X49+Y49+GK49,2)+GX49,0) -> 0 | GR49: 0 | GS49: 3 | GT49: 0 | GV49: =ROUND(GT49,6) -> 0 | GW49: 1 | GX49: =ROUND(GV49*GW49*I49,2) -> 0 | HA49: 0 | HB49: 0 | IK49: 0
A50: 17 | B50: 1 | C50: =ROW(SmtRes!A57) -> 57 | D50: =ROW(EtalonRes!A55) -> 55 | E50: 7 | F50: 3.47-26-6 | G50: Посев газонов партерных, мавританских, и обыкновенных вручную | H50: 100 м2 | I50: =ROUND(13.16/100,9) -> 0.1316 | J50: 0 | O50: =ROUND(CP50,2) -> 18.18 | P50: =ROUND(CQ50*I50,2) -> 9.3 | Q50: =ROUND(CR50*I50,2) -> 0 | R50: =ROUND(CS50*I50,2) -> 0 | S50: =ROUND(CT50*I50,2) -> 8.88 | T50: =ROUND(CU50*I50,2) -> 0 | U50: =CV50*I50 -> 0.794535 | V50: =CW50*I50 -> 0 | W50: =ROUND(CX50*I50,2) -> 0 | X50: =ROUND(CY50,2) -> 0 | Y50: =ROUND(CZ50,2) -> 0 | AA50: 45037306 | AB50: =ROUND((AC50+AD50+AF50),6) -> 138.205 | AC50: =ROUND((ES50),6) -> 70.7 | AD50: =ROUND(((ET50*1.25)),6) -> 0 | AE50: =ROUND(((EU50*1.25)),6) -> 0 | AF50: =ROUND(((EV50*1.15)),6) -> 67.505 | AG50: =ROUND((AP50),6) -> 0 | AH50: =((EW50*1.15)) -> 6.0375 | AI50: =((EX50*1.25)) -> 0 | AJ50: =ROUND((AS50),6) -> 0 | AK50: 129.4 | AL50: 70.7 | AM50: 0 | AN50: 0 | AO50: 58.7 | AP50: 0 | AQ50: 5.25 | AR50: 0 | AS50: 0 | AT50: 0 | AU50: 0 | AV50: 1 | AW50: 1 | AZ50: 1 | BA50: 1 | BB50: 1 | BC50: 1 | BH50: 0 | BI50: 1 | BJ50: ТСН-2001.3. Доп. 1-42. Сб. 47, т. 26, поз. 6 | BM50: 295 | BN50: 7156650 | BP50: 0 | BQ50: 30 | BR50: 0 | BS50: 1 | BT50: 1 | BU50: 1 | BV50: 1 | BW50: 1 | BX50: 1 | BZ50: 0 | CA50: 0 | CF50: 0 | CG50: 0 | CM50: 0 | CO50: 0 | CP50: =(P50+Q50+S50) -> 18.18 | CQ50: =(AC50*BC50*AW50) -> 70.7 | CR50: =(AD50*BB50*AV50) -> 0 | CS50: =(AE50*BS50*AV50) -> 0 | CT50: =(AF50*BA50*AV50) -> 67.505 | CU50: =AG50 -> 0 | CV50: =(AH50*AV50) -> 6.0375 | CW50: =AI50 -> 0 | CX50: =AJ50 -> 0 | CY50: =S50*(BZ50/100) -> 0 | CZ50: =S50*(CA50/100) -> 0 | DE50: )*1,25 | DF50: )*1,25 | DG50: )*1,15 | DI50: )*1,15 | DJ50: )*1,25 | DN50: 156 | DO50: 84 | DP50: 1 | DQ50: 1 | DU50: 1005 | DV50: 100 м2 | DW50: 100 м2 | DX50: 100 | EE50: 44846802 | EF50: 30 | EG50: Строительные работы | EH50: 0 | EJ50: 1 | EK50: 295 | EL50: ТСН-2001.3-47. 47-23...47-33 | EM50: ТСН-2001.3-47-4 | EQ50: 131072 | ER50: 129.4 | ES50: 70.7 | ET50: 0 | EU50: 0 | EV50: 58.7 | EW50: 5.25 | EX50: 0 | EY50: 0 | FQ50: 0 | FR50: =ROUND(IF(AND(BH50=3,BI50=3),P50,0),2) -> 0 | FS50: 0 | FX50: 156 | FY50: 84 | GD50: 0 | GF50: -970148411 | GG50: 2 | GH50: 1 | GI50: 3 | GJ50: 0 | GK50: =ROUND(R50*(R12)/100,2) -> 0 | GL50: =ROUND(IF(AND(BH50=3,BI50=3,FS50<>0),P50,0),2) -> 0 | GM50: =ROUND(O50+X50+Y50+GK50,2)+GX50 -> 18.18 | GN50: =IF(OR(BI50=0,BI50=1),ROUND(O50+X50+Y50+GK50,2),0) -> 18.18 | GO50: =IF(BI50=2,ROUND(O50+X50+Y50+GK50,2),0) -> 0 | GP50: =IF(BI50=4,ROUND(O50+X50+Y50+GK50,2)+GX50,0) -> 0 | GR50: 0 | GS50: 3 | GT50: 0 | GV50: =ROUND(GT50,6) -> 0 | GW50: 1 | GX50: =ROUND(GV50*GW50*I50,2) -> 0 | HA50: 0 | HB50: 0 | IK50: 0
A51: 17 | B51: 1 | C51: =ROW(SmtRes!A60) -> 60 | D51: =ROW(EtalonRes!A58) -> 58 | E51: 7 | F51: 3.47-26-6 | G51: Посев газонов партерных, мавританских, и обыкновенных вручную | H51: 100 м2 | I51: =ROUND(13.16/100,9) -> 0.1316 | J51: 0 | O51: =ROUND(CP51,2) -> 220.68 | P51: =ROUND(CQ51*I51,2) -> 39.45 | Q51: =ROUND(CR51*I51,2) -> 0 | R51: =ROUND(CS51*I51,2) -> 0 | S51: =ROUND(CT51*I51,2) -> 181.23 | T51: =ROUND(CU51*I51,2) -> 0 | U51: =CV51*I51 -> 0.794535 | V51: =CW51*I51 -> 0 | W51: =ROUND(CX51*I51,2) -> 0 | X51: =ROUND(CY51,2) -> 163.11 | Y51: =ROUND(CZ51,2) -> 74.3 | AA51: 45037307 | AB51: =ROUND((AC51+AD51+AF51),6) -> 138.205 | AC51: =ROUND((ES51),6) -> 70.7 | AD51: =ROUND(((ET51*1.25)),6) -> 0 | AE51: =ROUND(((EU51*1.25)),6) -> 0 | AF51: =ROUND(((EV51*1.15)),6) -> 67.505 | AG51: =ROUND((AP51),6) -> 0 | AH51: =((EW51*1.15)) -> 6.0375 | AI51: =((EX51*1.25)) -> 0 | AJ51: =ROUND((AS51),6) -> 0 | AK51: 129.4 | AL51: 70.7 | AM51: 0 | AN51: 0 | AO51: 58.7 | AP51: 0 | AQ51: 5.25 | AR51: 0 | AS51: 0 | AT51: 90 | AU51: 41 | AV51: 1 | AW51: 1 | AZ51: 1 | BA51: 20.4 | BB51: 1 | BC51: 4.24 | BH51: 0 | BI51: 1 | BJ51: ТСН-2001.3. Доп. 1-42. Сб. 47, т. 26, поз. 6 | BM51: 295 | BN51: 7156650 | BO51: 3.47-26-6 | BP51: 1 | BQ51: 30 | BR51: 0 | BS51: 20.4 | BT51: 1 | BU51: 1 | BV51: 1 | BW51: 1 | BX51: 1 | BZ51: 90 | CA51: 41 | CF51: 0 | CG51: 0 | CM51: 0 | CO51: 0 | CP51: =(P51+Q51+S51) -> 220.68 | CQ51: =(AC51*BC51*AW51) -> 299.768 | CR51: =(AD51*BB51*AV51) -> 0 | CS51: =(AE51*BS51*AV51) -> 0 | CT51: =(AF51*BA51*AV51) -> 1377.102 | CU51: =AG51 -> 0 | CV51: =(AH51*AV51) -> 6.0375 | CW51: =AI51 -> 0 | CX51: =AJ51 -> 0 | CY51: =S51*(BZ51/100) -> 163.107 | CZ51: =S51*(CA51/100) -> 74.3043 | DE51: )*1,25 | DF51: )*1,25 | DG51: )*1,15 | DI51: )*1,15 | DJ51: )*1,25 | DN51: 156 | DO51: 84 | DP51: 1 | DQ51: 1 | DU51: 1005 | DV51: 100 м2 | DW51: 100 м2 | DX51: 100 | EE51: 44846802 | EF51: 30 | EG51: Строительные работы | EH51: 0 | EJ51: 1 | EK51: 295 | EL51: ТСН-2001.3-47. 47-23...47-33 | EM51: ТСН-2001.3-47-4 | EQ51: 131072 | ER51: 129.4 | ES51: 70.7 | ET51: 0 | EU51: 0 | EV51: 58.7 | EW51: 5.25 | EX51: 0 | EY51: 0 | FQ51: 0 | FR51: =ROUND(IF(AND(BH51=3,BI51=3),P51,0),2) -> 0 | FS51: 0 | FX51: 156 | FY51: 84 | GD51: 0 | GF51: -970148411 | GG51: 2 | GH51: 1 | GI51: 3 | GJ51: 0 | GK51: =ROUND(R51*(S12)/100,2) -> 0 | GL51: =ROUND(IF(AND(BH51=3,BI51=3,FS51<>0),P51,0),2) -> 0 | GM51: =ROUND(O51+X51+Y51+GK51,2)+GX51 -> 458.09 | GN51: =IF(OR(BI51=0,BI51=1),ROUND(O51+X51+Y51+GK51,2),0) -> 458.09 | GO51: =IF(BI51=2,ROUND(O51+X51+Y51+GK51,2),0) -> 0 | GP51: =IF(BI51=4,ROUND(O51+X51+Y51+GK51,2)+GX51,0) -> 0 | GR51: 0 | GS51: 3 | GT51: 0 | GV51: =ROUND(GT51,6) -> 0 | GW51: 1 | GX51: =ROUND(GV51*GW51*I51,2) -> 0 | HA51: 0 | HB51: 0 | IK51: 0
A52: 18 | B52: 1 | C52: 57 | E52: 7,1 | F52: 1.4-6-6 | G52: Семена (смесь универсальная) газонных трав | H52: кг | I52: =I50*J52 -> 0.5264 | J52: 4 | O52: =ROUND(CP52,2) -> 30.49 | P52: =ROUND(CQ52*I52,2) -> 30.49 | Q52: =ROUND(CR52*I52,2) -> 0 | R52: =ROUND(CS52*I52,2) -> 0 | S52: =ROUND(CT52*I52,2) -> 0 | T52: =ROUND(CU52*I52,2) -> 0 | U52: =CV52*I52 -> 0 | V52: =CW52*I52 -> 0 | W52: =ROUND(CX52*I52,2) -> 0 | X52: =ROUND(CY52,2) -> 0 | Y52: =ROUND(CZ52,2) -> 0 | AA52: 45037306 | AB52: =ROUND((AC52+AD52+AF52),6) -> 57.93 | AC52: =ROUND((ES52),6) -> 57.93 | AD52: =ROUND((ET52),6) -> 0 | AE52: =ROUND((EU52),6) -> 0 | AF52: =ROUND((EV52),6) -> 0 | AG52: =ROUND((AP52),6) -> 0 | AH52: =(EW52) -> 0 | AI52: =(EX52) -> 0 | AJ52: =ROUND((AS52),6) -> 0 | AK52: 57.93 | AL52: 57.93 | AM52: 0 | AN52: 0 | AO52: 0 | AP52: 0 | AQ52: 0 | AR52: 0 | AS52: 0 | AT52: 0 | AU52: 0 | AV52: 1 | AW52: 1 | AZ52: 1 | BA52: 1 | BB52: 1 | BC52: 1 | BH52: 3 | BI52: 1 | BJ52: ТСН-2001.1. Доп. 1-42. Р. 4, о. 6, поз. 6 | BM52: 295 | BN52: 7156650 | BP52: 0 | BQ52: 30 | BR52: 0 | BS52: 1 | BT52: 1 | BU52: 1 | BV52: 1 | BW52: 1 | BX52: 1 | BZ52: 0 | CA52: 0 | CF52: 0 | CG52: 0 | CM52: 0 | CO52: 0 | CP52: =(P52+Q52+S52) -> 30.49 | CQ52: =(AC52*BC52*AW52) -> 57.93 | CR52: =(AD52*BB52*AV52) -> 0 | CS52: =(AE52*BS52*AV52) -> 0 | CT52: =(AF52*BA52*AV52) -> 0 | CU52: =AG52 -> 0 | CV52: =(AH52*AV52) -> 0 | CW52: =AI52 -> 0 | CX52: =AJ52 -> 0 | CY52: =S52*(BZ52/100) -> 0 | CZ52: =S52*(CA52/100) -> 0 | DN52: 156 | DO52: 84 | DP52: 1 | DQ52: 1 | DU52: 1009 | DV52: кг | DW52: кг | DX52: 1 | EE52: 44846802 | EF52: 30 | EG52: Строительные работы | EH52: 0 | EJ52: 1 | EK52: 295 | EL52: ТСН-2001.3-47. 47-23...47-33 | EM52: ТСН-2001.3-47-4 | EQ52: 0 | ER52: 57.93 | ES52: 57.93 | ET52: 0 | EU52: 0 | EV52: 0 | EW52: 0 | EX52: 0 | FQ52: 0 | FR52: =ROUND(IF(AND(BH52=3,BI52=3),P52,0),2) -> 0 | FS52: 0 | FX52: 156 | FY52: 84 | GD52: 0 | GF52: 735025367 | GG52: 2 | GH52: 1 | GI52: 3 | GJ52: 0 | GK52: =ROUND(R52*(R12)/100,2) -> 0 | GL52: =ROUND(IF(AND(BH52=3,BI52=3,FS52<>0),P52,0),2) -> 0 | GM52: =ROUND(O52+X52+Y52+GK52,2)+GX52 -> 30.49 | GN52: =IF(OR(BI52=0,BI52=1),ROUND(O52+X52+Y52+GK52,2),0) -> 30.49 | GO52: =IF(BI52=2,ROUND(O52+X52+Y52+GK52,2),0) -> 0 | GP52: =IF(BI52=4,ROUND(O52+X52+Y52+GK52,2)+GX52,0) -> 0 | GR52: 0 | GS52: 3 | GT52: 0 | GV52: =ROUND(GT52,6) -> 0 | GW52: 1 | GX52: =ROUND(GV52*GW52*I52,2) -> 0 | HA52: 0 | HB52: 0 | IK52: 0
A53: 18 | B53: 1 | C53: 60 | E53: 7,1 | F53: 1.4-6-6 | G53: Семена (смесь универсальная) газонных трав | H53: кг | I53: =I51*J53 -> 0.5264 | J53: 4 | O53: =ROUND(CP53,2) -> 73.19 | P53: =ROUND(CQ53*I53,2) -> 73.19 | Q53: =ROUND(CR53*I53,2) -> 0 | R53: =ROUND(CS53*I53,2) -> 0 | S53: =ROUND(CT53*I53,2) -> 0 | T53: =ROUND(CU53*I53,2) -> 0 | U53: =CV53*I53 -> 0 | V53: =CW53*I53 -> 0 | W53: =ROUND(CX53*I53,2) -> 0 | X53: =ROUND(CY53,2) -> 0 | Y53: =ROUND(CZ53,2) -> 0 | AA53: 45037307 | AB53: =ROUND((AC53+AD53+AF53),6) -> 57.93 | AC53: =ROUND((ES53),6) -> 57.93 | AD53: =ROUND((ET53),6) -> 0 | AE53: =ROUND((EU53),6) -> 0 | AF53: =ROUND((EV53),6) -> 0 | AG53: =ROUND((AP53),6) -> 0 | AH53: =(EW53) -> 0 | AI53: =(EX53) -> 0 | AJ53: =ROUND((AS53),6) -> 0 | AK53: 57.93 | AL53: 57.93 | AM53: 0 | AN53: 0 | AO53: 0 | AP53: 0 | AQ53: 0 | AR53: 0 | AS53: 0 | AT53: 0 | AU53: 0 | AV53: 1 | AW53: 1 | AZ53: 1 | BA53: 1 | BB53: 1 | BC53: 2.4 | BH53: 3 | BI53: 1 | BJ53: ТСН-2001.1. Доп. 1-42. Р. 4, о. 6, поз. 6 | BM53: 295 | BN53: 7156650 | BO53: 1.4-6-6 | BP53: 1 | BQ53: 30 | BR53: 0 | BS53: 1 | BT53: 1 | BU53: 1 | BV53: 1 | BW53: 1 | BX53: 1 | BZ53: 0 | CA53: 0 | CF53: 0 | CG53: 0 | CM53: 0 | CO53: 0 | CP53: =(P53+Q53+S53) -> 73.19 | CQ53: =(AC53*BC53*AW53) -> 139.032 | CR53: =(AD53*BB53*AV53) -> 0 | CS53: =(AE53*BS53*AV53) -> 0 | CT53: =(AF53*BA53*AV53) -> 0 | CU53: =AG53 -> 0 | CV53: =(AH53*AV53) -> 0 | CW53: =AI53 -> 0 | CX53: =AJ53 -> 0 | CY53: =S53*(BZ53/100) -> 0 | CZ53: =S53*(CA53/100) -> 0 | DN53: 156 | DO53: 84 | DP53: 1 | DQ53: 1 | DU53: 1009 | DV53: кг | DW53: кг | DX53: 1 | EE53: 44846802 | EF53: 30 | EG53: Строительные работы | EH53: 0 | EJ53: 1 | EK53: 295 | EL53: ТСН-2001.3-47. 47-23...47-33 | EM53: ТСН-2001.3-47-4 | EQ53: 0 | ER53: 57.93 | ES53: 57.93 | ET53: 0 | EU53: 0 | EV53: 0 | EW53: 0 | EX53: 0 | FQ53: 0 | FR53: =ROUND(IF(AND(BH53=3,BI53=3),P53,0),2) -> 0 | FS53: 0 | FX53: 156 | FY53: 84 | GD53: 0 | GF53: 735025367 | GG53: 2 | GH53: 1 | GI53: 3 | GJ53: 0 | GK53: =ROUND(R53*(S12)/100,2) -> 0 | GL53: =ROUND(IF(AND(BH53=3,BI53=3,FS53<>0),P53,0),2) -> 0 | GM53: =ROUND(O53+X53+Y53+GK53,2)+GX53 -> 73.19 | GN53: =IF(OR(BI53=0,BI53=1),ROUND(O53+X53+Y53+GK53,2),0) -> 73.19 | GO53: =IF(BI53=2,ROUND(O53+X53+Y53+GK53,2),0) -> 0 | GP53: =IF(BI53=4,ROUND(O53+X53+Y53+GK53,2)+GX53,0) -> 0 | GR53: 0 | GS53: 3 | GT53: 0 | GV53: =ROUND(GT53,6) -> 0 | GW53: 1 | GX53: =ROUND(GV53*GW53*I53,2) -> 0 | HA53: 0 | HB53: 0 | IK53: 0
A54: 17 | B54: 1 | C54: =ROW(SmtRes!A66) -> 66 | D54: =ROW(EtalonRes!A65) -> 65 | E54: 8 | F54: 6.68-73-2 | G54: Установка секций металлического ограждения газонов из профилированной трубы, масса секции до 10 кг | H54: 1 м2 | I54: 5.21 | J54: 0 | O54: =ROUND(CP54,2) -> 17.51 | P54: =ROUND(CQ54*I54,2) -> 1.15 | Q54: =ROUND(CR54*I54,2) -> 8.6 | R54: =ROUND(CS54*I54,2) -> 0.99 | S54: =ROUND(CT54*I54,2) -> 7.76 | T54: =ROUND(CU54*I54,2) -> 0 | U54: =CV54*I54 -> 0.6252 | V54: =CW54*I54 -> 0 | W54: =ROUND(CX54*I54,2) -> 0 | X54: =ROUND(CY54,2) -> 0 | Y54: =ROUND(CZ54,2) -> 0 | AA54: 45037306 | AB54: =ROUND((AC54+AD54+AF54),6) -> 3.36 | AC54: =ROUND((ES54),6) -> 0.22 | AD54: =ROUND((ET54),6) -> 1.65 | AE54: =ROUND((EU54),6) -> 0.19 | AF54: =ROUND((EV54),6) -> 1.49 | AG54: =ROUND((AP54),6) -> 0 | AH54: =(EW54) -> 0.12 | AI54: =(EX54) -> 0 | AJ54: =ROUND((AS54),6) -> 0 | AK54: 3.36 | AL54: 0.22 | AM54: 1.65 | AN54: 0.19 | AO54: 1.49 | AP54: 0 | AQ54: 0.12 | AR54: 0 | AS54: 0 | AT54: 0 | AU54: 0 | AV54: 1 | AW54: 1 | AZ54: 1 | BA54: 1 | BB54: 1 | BC54: 1 | BH54: 0 | BI54: 1 | BJ54: ТСН-2001.6 Доп. 47, Сб. 68, т. 73, поз. 2 | BM54: 1306 | BN54: 7156650 | BP54: 0 | BQ54: 60 | BR54: 0 | BS54: 1 | BT54: 1 | BU54: 1 | BV54: 1 | BW54: 1 | BX54: 1 | BZ54: 0 | CA54: 0 | CF54: 0 | CG54: 0 | CM54: 0 | CO54: 0 | CP54: =(P54+Q54+S54) -> 17.51 | CQ54: =(AC54*BC54*AW54) -> 0.22 | CR54: =(AD54*BB54*AV54) -> 1.65 | CS54: =(AE54*BS54*AV54) -> 0.19 | CT54: =(AF54*BA54*AV54) -> 1.49 | CU54: =AG54 -> 0 | CV54: =(AH54*AV54) -> 0.12 | CW54: =AI54 -> 0 | CX54: =AJ54 -> 0 | CY54: =S54*(BZ54/100) -> 0 | CZ54: =S54*(CA54/100) -> 0 | DN54: 156 | DO54: 84 | DP54: 1.047 | DQ54: 1.002 | DU54: 1013 | DV54: 1 м2 | DW54: 1 м2 | DX54: 1 | EE54: 44847813 | EF54: 60 | EG54: Ремонтно-строительные работы | EH54: 0 | EJ54: 1 | EK54: 1306 | EL54: ТСН-2001.6-68. 68-72, 68-73 (доп. 8) | EM54: ТСН-2001.6-68-31 | EQ54: 131072 | ER54: 3.36 | ES54: 0.22 | ET54: 1.65 | EU54: 0.19 | EV54: 1.49 | EW54: 0.12 | EX54: 0 | EY54: 0 | FQ54: 0 | FR54: =ROUND(IF(AND(BH54=3,BI54=3),P54,0),2) -> 0 | FS54: 0 | FX54: 156 | FY54: 84 | GD54: 0 | GF54: -57622826 | GG54: 2 | GH54: 1 | GI54: 3 | GJ54: 0 | GK54: =ROUND(R54*(R12)/100,2) -> 1.78 | GL54: =ROUND(IF(AND(BH54=3,BI54=3,FS54<>0),P54,0),2) -> 0 | GM54: =ROUND(O54+X54+Y54+GK54,2)+GX54 -> 19.29 | GN54: =IF(OR(BI54=0,BI54=1),ROUND(O54+X54+Y54+GK54,2),0) -> 19.29 | GO54: =IF(BI54=2,ROUND(O54+X54+Y54+GK54,2),0) -> 0 | GP54: =IF(BI54=4,ROUND(O54+X54+Y54+GK54,2)+GX54,0) -> 0 | GR54: 0 | GS54: 3 | GT54: 0 | GV54: =ROUND(GT54,6) -> 0 | GW54: 1 | GX54: =ROUND(GV54*GW54*I54,2) -> 0 | HA54: 0 | HB54: 0 | IK54: 0
A55: 17 | B55: 1 | C55: =ROW(SmtRes!A72) -> 72 | D55: =ROW(EtalonRes!A72) -> 72 | E55: 8 | F55: 6.68-73-2 | G55: Установка секций металлического ограждения газонов из профилированной трубы, масса секции до 10 кг | H55: 1 м2 | I55: 5.21 | J55: 0 | O55: =ROUND(CP55,2) -> 231.25 | P55: =ROUND(CQ55*I55,2) -> 13.49 | Q55: =ROUND(CR55*I55,2) -> 59.4 | R55: =ROUND(CS55*I55,2) -> 20.19 | S55: =ROUND(CT55*I55,2) -> 158.36 | T55: =ROUND(CU55*I55,2) -> 0 | U55: =CV55*I55 -> 0.6252 | V55: =CW55*I55 -> 0 | W55: =ROUND(CX55*I55,2) -> 0 | X55: =ROUND(CY55,2) -> 142.52 | Y55: =ROUND(CZ55,2) -> 64.93 | AA55: 45037307 | AB55: =ROUND((AC55+AD55+AF55),6) -> 3.36 | AC55: =ROUND((ES55),6) -> 0.22 | AD55: =ROUND((ET55),6) -> 1.65 | AE55: =ROUND((EU55),6) -> 0.19 | AF55: =ROUND((EV55),6) -> 1.49 | AG55: =ROUND((AP55),6) -> 0 | AH55: =(EW55) -> 0.12 | AI55: =(EX55) -> 0 | AJ55: =ROUND((AS55),6) -> 0 | AK55: 3.36 | AL55: 0.22 | AM55: 1.65 | AN55: 0.19 | AO55: 1.49 | AP55: 0 | AQ55: 0.12 | AR55: 0 | AS55: 0 | AT55: 90 | AU55: 41 | AV55: 1 | AW55: 1 | AZ55: 1 | BA55: 20.4 | BB55: 6.91 | BC55: 11.77 | BH55: 0 | BI55: 1 | BJ55: ТСН-2001.6 Доп. 47, Сб. 68, т. 73, поз. 2 | BM55: 1306 | BN55: 7156650 | BO55: 6.68-73-2 | BP55: 1 | BQ55: 60 | BR55: 0 | BS55: 20.4 | BT55: 1 | BU55: 1 | BV55: 1 | BW55: 1 | BX55: 1 | BZ55: 90 | CA55: 41 | CF55: 0 | CG55: 0 | CM55: 0 | CO55: 0 | CP55: =(P55+Q55+S55) -> 231.25 | CQ55: =(AC55*BC55*AW55) -> 2.5894 | CR55: =(AD55*BB55*AV55) -> 11.4015 | CS55: =(AE55*BS55*AV55) -> 3.876 | CT55: =(AF55*BA55*AV55) -> 30.396 | CU55: =AG55 -> 0 | CV55: =(AH55*AV55) -> 0.12 | CW55: =AI55 -> 0 | CX55: =AJ55 -> 0 | CY55: =S55*(BZ55/100) -> 142.524 | CZ55: =S55*(CA55/100) -> 64.9276 | DN55: 156 | DO55: 84 | DP55: 1.047 | DQ55: 1.002 | DU55: 1013 | DV55: 1 м2 | DW55: 1 м2 | DX55: 1 | EE55: 44847813 | EF55: 60 | EG55: Ремонтно-строительные работы | EH55: 0 | EJ55: 1 | EK55: 1306 | EL55: ТСН-2001.6-68. 68-72, 68-73 (доп. 8) | EM55: ТСН-2001.6-68-31 | EQ55: 131072 | ER55: 3.36 | ES55: 0.22 | ET55: 1.65 | EU55: 0.19 | EV55: 1.49 | EW55: 0.12 | EX55: 0 | EY55: 0 | FQ55: 0 | FR55: =ROUND(IF(AND(BH55=3,BI55=3),P55,0),2) -> 0 | FS55: 0 | FX55: 156 | FY55: 84 | GD55: 0 | GF55: -57622826 | GG55: 2 | GH55: 1 | GI55: 3 | GJ55: 0 | GK55: =ROUND(R55*(S12)/100,2) -> 33.92 | GL55: =ROUND(IF(AND(BH55=3,BI55=3,FS55<>0),P55,0),2) -> 0 | GM55: =ROUND(O55+X55+Y55+GK55,2)+GX55 -> 472.62 | GN55: =IF(OR(BI55=0,BI55=1),ROUND(O55+X55+Y55+GK55,2),0) -> 472.62 | GO55: =IF(BI55=2,ROUND(O55+X55+Y55+GK55,2),0) -> 0 | GP55: =IF(BI55=4,ROUND(O55+X55+Y55+GK55,2)+GX55,0) -> 0 | GR55: 0 | GS55: 3 | GT55: 0 | GV55: =ROUND(GT55,6) -> 0 | GW55: 1 | GX55: =ROUND(GV55*GW55*I55,2) -> 0 | HA55: 0 | HB55: 0 | IK55: 0
A56: 18 | B56: 1 | C56: 66 | E56: 8,1 | F56: 1.7-9-8 | G56: Ограждение газонное из металлической профильной трубы 20х20х1,5 мм | H56: м2 | I56: =I54*J56 -> 5.21 | J56: 1 | O56: =ROUND(CP56,2) -> 1867.99 | P56: =ROUND(CQ56*I56,2) -> 1867.99 | Q56: =ROUND(CR56*I56,2) -> 0 | R56: =ROUND(CS56*I56,2) -> 0 | S56: =ROUND(CT56*I56,2) -> 0 | T56: =ROUND(CU56*I56,2) -> 0 | U56: =CV56*I56 -> 0 | V56: =CW56*I56 -> 0 | W56: =ROUND(CX56*I56,2) -> 0 | X56: =ROUND(CY56,2) -> 0 | Y56: =ROUND(CZ56,2) -> 0 | AA56: 45037306 | AB56: =ROUND((AC56+AD56+AF56),6) -> 358.54 | AC56: =ROUND((ES56),6) -> 358.54 | AD56: =ROUND((ET56),6) -> 0 | AE56: =ROUND((EU56),6) -> 0 | AF56: =ROUND((EV56),6) -> 0 | AG56: =ROUND((AP56),6) -> 0 | AH56: =(EW56) -> 0 | AI56: =(EX56) -> 0 | AJ56: =ROUND((AS56),6) -> 0 | AK56: 358.54 | AL56: 358.54 | AM56: 0 | AN56: 0 | AO56: 0 | AP56: 0 | AQ56: 0 | AR56: 0 | AS56: 0 | AT56: 0 | AU56: 0 | AV56: 1 | AW56: 1 | AZ56: 1 | BA56: 1 | BB56: 1 | BC56: 1 | BH56: 3 | BI56: 1 | BJ56: ТСН-2001.1. Доп. 1-42. Р. 7, о. 9, поз. 8 | BM56: 1306 | BN56: 7156650 | BP56: 0 | BQ56: 60 | BR56: 0 | BS56: 1 | BT56: 1 | BU56: 1 | BV56: 1 | BW56: 1 | BX56: 1 | BZ56: 0 | CA56: 0 | CF56: 0 | CG56: 0 | CM56: 0 | CO56: 0 | CP56: =(P56+Q56+S56) -> 1867.99 | CQ56: =(AC56*BC56*AW56) -> 358.54 | CR56: =(AD56*BB56*AV56) -> 0 | CS56: =(AE56*BS56*AV56) -> 0 | CT56: =(AF56*BA56*AV56) -> 0 | CU56: =AG56 -> 0 | CV56: =(AH56*AV56) -> 0 | CW56: =AI56 -> 0 | CX56: =AJ56 -> 0 | CY56: =S56*(BZ56/100) -> 0 | CZ56: =S56*(CA56/100) -> 0 | DN56: 156 | DO56: 84 | DP56: 1.047 | DQ56: 1.002 | DU56: 1005 | DV56: м2 | DW56: м2 | DX56: 1 | EE56: 44847813 | EF56: 60 | EG56: Ремонтно-строительные работы | EH56: 0 | EJ56: 1 | EK56: 1306 | EL56: ТСН-2001.6-68. 68-72, 68-73 (доп. 8) | EM56: ТСН-2001.6-68-31 | EQ56: 0 | ER56: 358.54 | ES56: 358.54 | ET56: 0 | EU56: 0 | EV56: 0 | EW56: 0 | EX56: 0 | FQ56: 0 | FR56: =ROUND(IF(AND(BH56=3,BI56=3),P56,0),2) -> 0 | FS56: 0 | FX56: 156 | FY56: 84 | GD56: 0 | GF56: 1093334536 | GG56: 2 | GH56: 1 | GI56: 3 | GJ56: 0 | GK56: =ROUND(R56*(R12)/100,2) -> 0 | GL56: =ROUND(IF(AND(BH56=3,BI56=3,FS56<>0),P56,0),2) -> 0 | GM56: =ROUND(O56+X56+Y56+GK56,2)+GX56 -> 1867.99 | GN56: =IF(OR(BI56=0,BI56=1),ROUND(O56+X56+Y56+GK56,2),0) -> 1867.99 | GO56: =IF(BI56=2,ROUND(O56+X56+Y56+GK56,2),0) -> 0 | GP56: =IF(BI56=4,ROUND(O56+X56+Y56+GK56,2)+GX56,0) -> 0 | GR56: 0 | GS56: 3 | GT56: 0 | GV56: =ROUND(GT56,6) -> 0 | GW56: 1 | GX56: =ROUND(GV56*GW56*I56,2) -> 0 | HA56: 0 | HB56: 0 | IK56: 0
A57: 18 | B57: 1 | C57: 72 | E57: 8,1 | F57: 1.7-9-8 | G57: Ограждение газонное из металлической профильной трубы 20х20х1,5 мм | H57: м2 | I57: =I55*J57 -> 5.21 | J57: 1 | O57: =ROUND(CP57,2) -> 3306.35 | P57: =ROUND(CQ57*I57,2) -> 3306.35 | Q57: =ROUND(CR57*I57,2) -> 0 | R57: =ROUND(CS57*I57,2) -> 0 | S57: =ROUND(CT57*I57,2) -> 0 | T57: =ROUND(CU57*I57,2) -> 0 | U57: =CV57*I57 -> 0 | V57: =CW57*I57 -> 0 | W57: =ROUND(CX57*I57,2) -> 0 | X57: =ROUND(CY57,2) -> 0 | Y57: =ROUND(CZ57,2) -> 0 | AA57: 45037307 | AB57: =ROUND((AC57+AD57+AF57),6) -> 358.54 | AC57: =ROUND((ES57),6) -> 358.54 | AD57: =ROUND((ET57),6) -> 0 | AE57: =ROUND((EU57),6) -> 0 | AF57: =ROUND((EV57),6) -> 0 | AG57: =ROUND((AP57),6) -> 0 | AH57: =(EW57) -> 0 | AI57: =(EX57) -> 0 | AJ57: =ROUND((AS57),6) -> 0 | AK57: 358.54 | AL57: 358.54 | AM57: 0 | AN57: 0 | AO57: 0 | AP57: 0 | AQ57: 0 | AR57: 0 | AS57: 0 | AT57: 0 | AU57: 0 | AV57: 1 | AW57: 1 | AZ57: 1 | BA57: 1 | BB57: 1 | BC57: 1.77 | BH57: 3 | BI57: 1 | BJ57: ТСН-2001.1. Доп. 1-42. Р. 7, о. 9, поз. 8 | BM57: 1306 | BN57: 7156650 | BO57: 1.7-9-8 | BP57: 1 | BQ57: 60 | BR57: 0 | BS57: 1 | BT57: 1 | BU57: 1 | BV57: 1 | BW57: 1 | BX57: 1 | BZ57: 0 | CA57: 0 | CF57: 0 | CG57: 0 | CM57: 0 | CO57: 0 | CP57: =(P57+Q57+S57) -> 3306.35 | CQ57: =(AC57*BC57*AW57) -> 634.6158 | CR57: =(AD57*BB57*AV57) -> 0 | CS57: =(AE57*BS57*AV57) -> 0 | CT57: =(AF57*BA57*AV57) -> 0 | CU57: =AG57 -> 0 | CV57: =(AH57*AV57) -> 0 | CW57: =AI57 -> 0 | CX57: =AJ57 -> 0 | CY57: =S57*(BZ57/100) -> 0 | CZ57: =S57*(CA57/100) -> 0 | DN57: 156 | DO57: 84 | DP57: 1.047 | DQ57: 1.002 | DU57: 1005 | DV57: м2 | DW57: м2 | DX57: 1 | EE57: 44847813 | EF57: 60 | EG57: Ремонтно-строительные работы | EH57: 0 | EJ57: 1 | EK57: 1306 | EL57: ТСН-2001.6-68. 68-72, 68-73 (доп. 8) | EM57: ТСН-2001.6-68-31 | EQ57: 0 | ER57: 358.54 | ES57: 358.54 | ET57: 0 | EU57: 0 | EV57: 0 | EW57: 0 | EX57: 0 | FQ57: 0 | FR57: =ROUND(IF(AND(BH57=3,BI57=3),P57,0),2) -> 0 | FS57: 0 | FX57: 156 | FY57: 84 | GD57: 0 | GF57: 1093334536 | GG57: 2 | GH57: 1 | GI57: 3 | GJ57: 0 | GK57: =ROUND(R57*(S12)/100,2) -> 0 | GL57: =ROUND(IF(AND(BH57=3,BI57=3,FS57<>0),P57,0),2) -> 0 | GM57: =ROUND(O57+X57+Y57+GK57,2)+GX57 -> 3306.35 | GN57: =IF(OR(BI57=0,BI57=1),ROUND(O57+X57+Y57+GK57,2),0) -> 3306.35 | GO57: =IF(BI57=2,ROUND(O57+X57+Y57+GK57,2),0) -> 0 | GP57: =IF(BI57=4,ROUND(O57+X57+Y57+GK57,2)+GX57,0) -> 0 | GR57: 0 | GS57: 3 | GT57: 0 | GV57: =ROUND(GT57,6) -> 0 | GW57: 1 | GX57: =ROUND(GV57*GW57*I57,2) -> 0 | HA57: 0 | HB57: 0 | IK57: 0
